Workbook
Name B: 'Expense Tracker'!$B$5
Name B: 'Tracciatore delle operazioni'!$B$5

Sheet Istruzioni
B2: ISTRUZIONI D'USO
B8: PASSO 1. IMPOSTA I TUOI DRIVER FINANZIARI NELLA SCHEDA IMPOSTAZIONI.
B9: Inizia configurando l'Anno e la Valuta
B10: Procedi popolando le Fonti di Ricavo Aziendali
B11: Ripeti il passaggio precedente per il Budget delle Spese Aziendali
B32: PASSO 2. OPERAZIONI AZIENDALI
B33: Popola i tuoi obiettivi mensili di profitto
B34: Si prega di ripetere lo stesso passaggio per la sezione spese
B59: PASSO 3. ACCOUNT
B60: Popola i tuoi account attuali
B61: Usa le colonne Conto, Categoria e Saldo Corrente.
B62: Money In, Money Out e Actuals vengono popolati automaticamente.
... B199: IMPORTANTE: Si prega di non modificare cellule o formule nascoste perché potrebbero causare errori. Tutto è automatizzato sulla base del tracker delle transazioni

Sheet Impostazioni
B2: Impostazioni
B4: Anno | C4: 45292
B6: Valuta base | C6: EUR
B8: RICAVI AZIENDALI E OBIETTIVI DI PROFITTO
B10: REDDITI
R13: INCOMES | S13: EXPENSES
R14: =C15 -> Blu Banca Old | S14: =C52 -> Optima
B15: 1 | C15: Blu Banca Old | D15: 11 | H15: 21 | J15: 31 | N15: 41 | R15: =C16 -> Blu Banca Horeca | S15: =C53 -> Affitto
B16: 2 | C16: Blu Banca Horeca | D16: 12 | H16: 22 | J16: 32 | N16: 42 | R16: =C17 -> FINO A | S16: =C54 -> Carburante
B17: 3 | C17: FINO A | D17: 13 | H17: 23 | J17: 33 | N17: 43 | R17: =C18 -> POS | S17: =C55 -> Provvigioni Guido
B18: 4 | C18: POS | D18: 14 | H18: 24 | J18: 34 | N18: 44 | R18: =C19 -> Contanti | S18: =C56 -> Provvigioni Alex
B19: 5 | C19: Contanti | D19: 15 | H19: 25 | J19: 35 | N19: 45 | R19: =C20 -> Beat Eventi | S19: =C57 -> Paolo
B20: 6 | C20: Beat Eventi | D20: 16 | H20: 26 | J20: 36 | N20: 46 | R20: =C21 -> Guido | S20: =C58 -> Assicurazione
B21: 7 | C21: Guido | D21: 17 | H21: 27 | J21: 37 | N21: 47 | R21: =C22 -> Ristorcaffè | S21: =C59 -> Commercialista
B22: 8 | C22: Ristorcaffè | D22: 18 | H22: 28 | J22: 38 | N22: 48 | R22: =C23 -> 0 | S22: =C60 -> Manutenzione
B23: 9 | D23: 19 | H23: 29 | J23: 39 | N23: 49 | R23: =C24 -> 0 | S23: =C61 -> Spese bancarie
B24: 10 | D24: 20 | H24: 30 | J24: 40 | N24: 50 | R24: =E15 -> 0 | S24: =E52 -> Imprevisti
R25: =E16 -> 0 | S25: =E53 -> Tasse
R26: =E17 -> 0 | S26: =E54 -> Toso
R27: =E18 -> 0 | S27: =E55 -> Cantine Mucci
B28: =BackendSetting!$C$6 -> 45292 | D28: =BackendSetting!C7 -> 45658 | H28: =BackendSetting!C8 -> 46023 | J28: =BackendSetting!C9 -> 46388 | M28: =BackendSetting!C10 -> 46753 | R28: =E19 -> 0 | S28: =E56 -> Collis Heritage
B29: =SUM(C31:C42) -> 6200 | D29: =SUM(E31:E42) -> 0 | H29: =SUM(I31:I42) -> 0 | J29: =SUM(K31:K42) -> 0 | N29: =SUM(O31:O42) -> 0 | R29: =E20 -> 0 | S29: =E57 -> Neri
R30: =E21 -> 0 | S30: =E58 -> Borgo Stajnbech
B31: {=BackendSetting!$E$6:$E$17} -> 45322 | C31: 1200 | D31: {=BackendSetting!$G$6:$G$17} -> 45688 | E31: 0 | H31: {=BackendSetting!$I$6:$I$17} -> 46053 | I31: 0 | J31: {=BackendSetting!$K$6:$K$17} -> 46418 | K31: 0 | N31: {=BackendSetting!$M$6:$M$17} -> 46783 | O31: 0 | R31: =E22 -> 0 | S31: =E59 -> Tenuta Roletto
B32: 45351 | C32: 2000 | D32: 45716 | E32: 0 | H32: 46081 | I32: 0 | J32: 46446 | K32: 0 | N32: 46812 | O32: 0 | R32: =E23 -> 0 | S32: =E60 -> Kurtin
B33: 45382 | C33: 3000 | D33: 45747 | E33: 0 | H33: 46112 | I33: 0 | J33: 46477 | K33: 0 | N33: 46843 | O33: 0 | R33: =E24 -> 0 | S33: =E61 -> Dhyan Choan
B34: 45412 | C34: 0 | D34: 45900 | E34: 0 | H34: 46295 | I34: 0 | J34: 46691 | K34: 0 | N34: 47087 | O34: 0 | R34: =I15 -> 0 | S34: =I52 -> Soc. Agr. F.lli Masci
B35: 45443 | C35: 0 | D35: 45808 | E35: 0 | H35: 46173 | I35: 0 | J35: 46538 | K35: 0 | N35: 46904 | O35: 0 | R35: =I16 -> 0 | S35: =I53 -> Lorenzo Scotto
B36: 45473 | C36: 0 | D36: 45838 | E36: 0 | H36: 46203 | I36: 0 | J36: 46568 | K36: 0 | N36: 46934 | O36: 0 | R36: =I17 -> 0 | S36: =I54 -> D-One
B37: 45504 | C37: 0 | D37: 45869 | E37: 0 | H37: 46234 | I37: 0 | J37: 46599 | K37: 0 | N37: 46965 | O37: 0 | R37: =I18 -> 0 | S37: =I55 -> CCU
B38: 45535 | C38: 0 | D38: 45900 | E38: 0 | H38: 46295 | I38: 0 | J38: 46691 | K38: 0 | N38: 47087 | O38: 0 | R38: =I19 -> 0 | S38: =I56 -> Due Tigli
B39: 45565 | C39: 0 | D39: 45930 | E39: 0 | H39: 46295 | I39: 0 | J39: 46691 | K39: 0 | N39: 47087 | O39: 0 | R39: =I20 -> 0 | S39: =I57 -> Terre Cevico
B40: 45596 | C40: 0 | D40: 45961 | E40: 0 | H40: 46326 | I40: 0 | J40: 46691 | K40: 0 | N40: 47087 | O40: 0 | R40: =I21 -> 0 | S40: =I58 -> Roberta Ioculano
B41: 45626 | C41: 0 | D41: 45991 | E41: 0 | H41: 46356 | I41: 0 | J41: 46721 | K41: 0 | N41: 47087 | O41: 0 | R41: =I22 -> 0 | S41: =I59 -> Mad Bit
B42: 45657 | C42: 0 | D42: 46022 | E42: 0 | H42: 46387 | I42: 0 | J42: 46752 | K42: 0 | N42: 47118 | O42: 0 | R42: =I23 -> 0 | S42: =I60 -> Chinottissimo
R43: =I24 -> 0 | S43: =I61 -> Ristorante
R44: =K15 -> 0 | S44: =K52 -> Attrezzatura
B45: BUDGET PER LE SPESE AZIENDALI | R45: =K16 -> 0 | S45: =K53 -> Terre Cevico
R46: =K17 -> 0 | S46: =K54 -> 0
B47: SPESE | R47: =K18 -> 0 | S47: =K55 -> 0
R48: =K19 -> 0 | S48: =K56 -> 0
R49: =K20 -> 0 | S49: =K57 -> 0
R50: =K21 -> 0 | S50: =K58 -> 0
R51: =K22 -> 0 | S51: =K59 -> 0
B52: 1 | C52: Optima | D52: 11 | E52: Imprevisti | H52: 21 | I52: Soc. Agr. F.lli Masci | J52: 31 | K52: Attrezzatura | N52: 41 | R52: =K23 -> 0 | S52: =K60 -> 0
B53: 2 | C53: Affitto | D53: 12 | E53: Tasse | H53: 22 | I53: Lorenzo Scotto | J53: 32 | K53: Terre Cevico | N53: 42 | R53: =K24 -> 0 | S53: =K61 -> 0
B54: 3 | C54: Carburante | D54: 13 | E54: Toso | H54: 23 | I54: D-One | J54: 33 | N54: 43 | R54: =O15 -> 0 | S54: =O52 -> 0
B55: 4 | C55: Provvigioni Guido | D55: 14 | E55: Cantine Mucci | H55: 24 | I55: CCU | J55: 34 | N55: 44 | R55: =O16 -> 0 | S55: =O53 -> 0
B56: 5 | C56: Provvigioni Alex | D56: 15 | E56: Collis Heritage | H56: 25 | I56: Due Tigli | J56: 35 | N56: 45 | R56: =O17 -> 0 | S56: =O54 -> 0
B57: 6 | C57: Paolo | D57: 16 | E57: Neri | H57: 26 | I57: Terre Cevico | J57: 36 | N57: 46 | R57: =O18 -> 0 | S57: =O55 -> 0
B58: 7 | C58: Assicurazione | D58: 17 | E58: Borgo Stajnbech | H58: 27 | I58: Roberta Ioculano | J58: 37 | N58: 47 | R58: =O19 -> 0 | S58: =O56 -> 0
B59: 8 | C59: Commercialista | D59: 18 | E59: Tenuta Roletto | H59: 28 | I59: Mad Bit | J59: 38 | N59: 48 | R59: =O20 -> 0 | S59: =O57 -> 0
B60: 9 | C60: Manutenzione | D60: 19 | E60: Kurtin | H60: 29 | I60: Chinottissimo | J60: 39 | N60: 49 | R60: =O21 -> 0 | S60: =O58 -> 0
B61: 10 | C61: Spese bancarie | D61: 20 | E61: Dhyan Choan | H61: 30 | I61: Ristorante | J61: 40 | N61: 50 | R61: =O22 -> 0 | S61: =O59 -> 0
R62: =O23 -> 0 | S62: =O60 -> 0
R63: =O24 -> 0 | S63: =O61 -> 0
B65: =BackendSetting!$C$6 -> 45292 | D65: =BackendSetting!$C$7 -> 45658 | H65: =BackendSetting!$C$8 -> 46023 | J65: =BackendSetting!$C$9 -> 46388 | M65: =BackendSetting!$C$10 -> 46753
B66: =SUM(C68:C79) -> 3300 | D66: =SUM(E68:F79) -> 0 | H66: =SUM(I68:I79) -> 0 | J66: =SUM(K68:L79) -> 0 | N66: =SUM(O68:O79) -> 0
B68: {=BackendSetting!$E$6:$E$17} -> 45322 | C68: 100 | D68: {=BackendSetting!$G$6:$G$17} -> 45688 | E68: 0 | H68: {=BackendSetting!$I$6:$I$17} -> 46053 | I68: 0 | J68: {=BackendSetting!$K$6:$K$17} -> 46418 | K68: 0 | N68: {=BackendSetting!$M$6:$M$17} -> 46783 | O68: 0
B69: 45351 | C69: 2000 | D69: 45716 | E69: 0 | H69: 46081 | I69: 0 | J69: 46446 | K69: 0 | N69: 46812 | O69: 0
B70: 45382 | C70: 1200 | D70: 45747 | E70: 0 | H70: 46112 | I70: 0 | J70: 46477 | K70: 0 | N70: 46843 | O70: 0
B71: 45412 | C71: 0 | D71: 45900 | E71: 0 | H71: 46295 | I71: 0 | J71: 46691 | K71: 0 | N71: 47087 | O71: 0
B72: 45443 | C72: 0 | D72: 45808 | E72: 0 | H72: 46173 | I72: 0 | J72: 46538 | K72: 0 | N72: 46904 | O72: 0
B73: 45473 | C73: 0 | D73: 45838 | E73: 0 | H73: 46203 | I73: 0 | J73: 46568 | K73: 0 | N73: 46934 | O73: 0
B74: 45504 | C74: 0 | D74: 45869 | E74: 0 | H74: 46234 | I74: 0 | J74: 46599 | K74: 0 | N74: 46965 | O74: 0
B75: 45535 | C75: 0 | D75: 45900 | E75: 0 | H75: 46295 | I75: 0 | J75: 46691 | K75: 0 | N75: 47087 | O75: 0
B76: 45565 | C76: 0 | D76: 45930 | E76: 0 | H76: 46295 | I76: 0 | J76: 46691 | K76: 0 | N76: 47087 | O76: 0
B77: 45596 | C77: 0 | D77: 45961 | E77: 0 | H77: 46326 | I77: 0 | J77: 46691 | K77: 0 | N77: 47087 | O77: 0
B78: 45626 | C78: 0 | D78: 45991 | E78: 0 | H78: 46356 | I78: 0 | J78: 46721 | K78: 0 | N78: 47087 | O78: 0
B79: 45657 | C79: 0 | D79: 46022 | E79: 0 | H79: 46387 | I79: 0 | J79: 46752 | K79: 0 | N79: 47118 | O79: 0
N84: CURRENCY
N85: Fiat | O85: Exchange Rate
N86: USD | O86: 1
N87: GBP | O87: =IFERROR(__xludf.DUMMYFUNCTION("IF(N87="""","""", $O$86* GOOGLEFINANCE(""CURRENCY:USDGBP""))"),0.780005) -> 0.780005
N88: EUR | O88: =IFERROR(__xludf.DUMMYFUNCTION("IF(N88="""","""", $O$86* GOOGLEFINANCE(""CURRENCY:USDEUR""))"),0.91603) -> 0.91603
N89: UAH | O89: =IFERROR(__xludf.DUMMYFUNCTION("IF(N89="""","""", $O$86* GOOGLEFINANCE(""CURRENCY:USDUAH""))"),38.40144) -> 38.40144
N90: CAD | O90: =IFERROR(__xludf.DUMMYFUNCTION("IF(N90="""","""", $O$86* GOOGLEFINANCE(""CURRENCY:USDCAD""))"),1.35063999999999) -> 1.35064
N91: CHF | O91: =IFERROR(__xludf.DUMMYFUNCTION("IF(N91="""","""", $O$86* GOOGLEFINANCE(""CURRENCY:USDCHF""))"),0.879359999999999) -> 0.87936
N92: KYD | O92: =IFERROR(__xludf.DUMMYFUNCTION("IF(N92="""","""", $O$86* GOOGLEFINANCE(""CURRENCY:USDKYD""))"),0.8335085) -> 0.8335085
N93: JOD | O93: =IFERROR(__xludf.DUMMYFUNCTION("IF(N93="""","""", $O$86* GOOGLEFINANCE(""CURRENCY:USDJOD""))"),0.7089) -> 0.7089
N94: BHD | O94: =IFERROR(__xludf.DUMMYFUNCTION("IF(N94="""","""", $O$86* GOOGLEFINANCE(""CURRENCY:USDBHD""))"),0.376975) -> 0.376975
N95: KWD | O95: =IFERROR(__xludf.DUMMYFUNCTION("IF(N95="""","""", $O$86* GOOGLEFINANCE(""CURRENCY:USDKWD""))"),0.30706) -> 0.30706
N96: JPY | O96: =IFERROR(__xludf.DUMMYFUNCTION("IF(N96="""","""", $O$86* GOOGLEFINANCE(""CURRENCY:USDJPY""))"),147.0515) -> 147.0515
N97: AUD | O97: =IFERROR(__xludf.DUMMYFUNCTION("IF(N97="""","""", $O$86* GOOGLEFINANCE(""CURRENCY:USDAUD""))"),1.515275) -> 1.515275
N98: SGD | O98: =IFERROR(__xludf.DUMMYFUNCTION("IF(N98="""","""", $O$86* GOOGLEFINANCE(""CURRENCY:USDSGD""))"),1.331295) -> 1.331295
N99: BGN | O99: =IFERROR(__xludf.DUMMYFUNCTION("IF(N99="""","""", $O$86* GOOGLEFINANCE(""CURRENCY:USDBGN""))"),1.7887) -> 1.7887
N100: PLN | O100: =IFERROR(__xludf.DUMMYFUNCTION("IF(N100="""","""", $O$86* GOOGLEFINANCE(""CURRENCY:USDPLN""))"),3.91887999999999) -> 3.91888
N101: INR | O101: =IFERROR(__xludf.DUMMYFUNCTION("IF(N101="""","""", $O$86* GOOGLEFINANCE(""CURRENCY:USDINR""))"),82.76215) -> 82.76215
N102: PKR | O102: =IFERROR(__xludf.DUMMYFUNCTION("IF(N102="""","""", $O$86* GOOGLEFINANCE(""CURRENCY:USDPKR""))"),279.15) -> 279.15
O103: =IFERROR(__xludf.DUMMYFUNCTION("IF(N103="""","""", #REF!* GOOGLEFINANCE(""CURRENCY:USDGBP""))"),"")
O104: =IFERROR(__xludf.DUMMYFUNCTION("IF(N104="""","""", #REF!* GOOGLEFINANCE(""CURRENCY:USDGBP""))"),"")
O105: =IFERROR(__xludf.DUMMYFUNCTION("IF(N105="""","""", #REF!* GOOGLEFINANCE(""CURRENCY:USDGBP""))"),"")
O106: =IFERROR(__xludf.DUMMYFUNCTION("IF(N106="""","""", #REF!* GOOGLEFINANCE(""CURRENCY:USDGBP""))"),"")
O107: =IFERROR(__xludf.DUMMYFUNCTION("IF(N107="""","""", #REF!* GOOGLEFINANCE(""CURRENCY:USDGBP""))"),"")
O108: =IFERROR(__xludf.DUMMYFUNCTION("IF(N108="""","""", #REF!* GOOGLEFINANCE(""CURRENCY:USDGBP""))"),"")
O109: =IFERROR(__xludf.DUMMYFUNCTION("IF(N109="""","""", #REF!* GOOGLEFINANCE(""CURRENCY:USDGBP""))"),"")
O110: =IFERROR(__xludf.DUMMYFUNCTION("IF(N110="""","""", #REF!* GOOGLEFINANCE(""CURRENCY:USDGBP""))"),"")
O111: =IFERROR(__xludf.DUMMYFUNCTION("IF(N111="""","""", #REF!* GOOGLEFINANCE(""CURRENCY:USDGBP""))"),"")
O112: =IFERROR(__xludf.DUMMYFUNCTION("IF(N112="""","""", #REF!* GOOGLEFINANCE(""CURRENCY:USDGBP""))"),"")
O113: =IFERROR(__xludf.DUMMYFUNCTION("IF(N113="""","""", #REF!* GOOGLEFINANCE(""CURRENCY:USDGBP""))"),"")
...

Sheet Conti
B2: ACCOUNT
B20: CONTO | C20: CATEGORIA | E20: BILANCIO ATTUALE | G20: SOLDI ENTRATI | I20: SOLDI FUORI | K20: CORRENTE | L20: NOTE
B21: BBVA | D21: =IF(E21="","",Impostazioni!$C$6) -> EUR | E21: 0 | F21: =IF(G21="","",Impostazioni!$C$6) -> EUR | G21: ='Backend dell''account'!F48 -> 0 | H21: =IF(I21="","",Impostazioni!$C$6) -> EUR | I21: ='Backend dell''account'!H48 -> 0 | J21: =IF(K21="","",Impostazioni!$C$6) -> EUR | K21: ='Backend dell''account'!J48 -> 0
B22: Ai Vecchi Tempi Di Tudini Antonio E C .- S.N.C. | D22: =IF(E22="","",Impostazioni!$C$6) -> EUR | E22: 0 | F22: =IF(G22="","",Impostazioni!$C$6) -> EUR | G22: ='Backend dell''account'!F49 -> 0 | H22: =IF(I22="","",Impostazioni!$C$6) -> EUR | I22: ='Backend dell''account'!H49 -> 0 | J22: =IF(K22="","",Impostazioni!$C$6) -> EUR | K22: ='Backend dell''account'!J49 -> 0
B23: Alemma S.R.L.S. Societa' A Responsabilita' Limitata Semplificata | D23: =IF(E23="","",Impostazioni!$C$6) -> EUR | E23: 0 | F23: =IF(G23="","",Impostazioni!$C$6) -> EUR | G23: ='Backend dell''account'!F50 -> 0 | H23: =IF(I23="","",Impostazioni!$C$6) -> EUR | I23: ='Backend dell''account'!H50 -> 0 | J23: =IF(K23="","",Impostazioni!$C$6) -> EUR | K23: ='Backend dell''account'!J50 -> 0
B24: Amar Caffe' Srls | D24: =IF(E24="","",Impostazioni!$C$6) -> EUR | E24: 0 | F24: =IF(G24="","",Impostazioni!$C$6) -> EUR | G24: ='Backend dell''account'!F51 -> 0 | H24: =IF(I24="","",Impostazioni!$C$6) -> EUR | I24: ='Backend dell''account'!H51 -> 0 | J24: =IF(K24="","",Impostazioni!$C$6) -> EUR | K24: ='Backend dell''account'!J51 -> 0
B25: Ancora Cose Belle S.R.L.S. Unipersonale | D25: =IF(E25="","",Impostazioni!$C$6) -> EUR | E25: 0 | F25: =IF(G25="","",Impostazioni!$C$6) -> EUR | G25: ='Backend dell''account'!F52 -> 0 | H25: =IF(I25="","",Impostazioni!$C$6) -> EUR | I25: ='Backend dell''account'!H52 -> 0 | J25: =IF(K25="","",Impostazioni!$C$6) -> EUR | K25: ='Backend dell''account'!J52 -> 0
B26: Ape Fish 2.0 Di Salvatore Di Grazia | D26: =IF(E26="","",Impostazioni!$C$6) -> EUR | E26: 0 | F26: =IF(G26="","",Impostazioni!$C$6) -> EUR | G26: ='Backend dell''account'!F53 -> 0 | H26: =IF(I26="","",Impostazioni!$C$6) -> EUR | I26: ='Backend dell''account'!H53 -> 0 | J26: =IF(K26="","",Impostazioni!$C$6) -> EUR | K26: ='Backend dell''account'!J53 -> 0
B27: Associazione Culturale "Sud" Dalla Terra A Tavola | D27: =IF(E27="","",Impostazioni!$C$6) -> EUR | E27: 0 | F27: =IF(G27="","",Impostazioni!$C$6) -> EUR | G27: ='Backend dell''account'!F54 -> 0 | H27: =IF(I27="","",Impostazioni!$C$6) -> EUR | I27: ='Backend dell''account'!H54 -> 0 | J27: =IF(K27="","",Impostazioni!$C$6) -> EUR | K27: ='Backend dell''account'!J54 -> 0
B28: Associazione Sportiva Dilettantistica Fidelis | D28: =IF(E28="","",Impostazioni!$C$6) -> EUR | E28: 0 | F28: =IF(G28="","",Impostazioni!$C$6) -> EUR | G28: ='Backend dell''account'!F55 -> 0 | H28: =IF(I28="","",Impostazioni!$C$6) -> EUR | I28: ='Backend dell''account'!H55 -> 0 | J28: =IF(K28="","",Impostazioni!$C$6) -> EUR | K28: ='Backend dell''account'!J55 -> 0
B29: Bando Societa' A Responsabilita' Limitata Semplificata | D29: =IF(E29="","",Impostazioni!$C$6) -> EUR | E29: 0 | F29: =IF(G29="","",Impostazioni!$C$6) -> EUR | G29: ='Backend dell''account'!F56 -> 0 | H29: =IF(I29="","",Impostazioni!$C$6) -> EUR | I29: ='Backend dell''account'!H56 -> 0 | J29: =IF(K29="","",Impostazioni!$C$6) -> EUR | K29: ='Backend dell''account'!J56 -> 0
B30: Bar Gastronomia G Di P. Srl | D30: =IF(E30="","",Impostazioni!$C$6) -> EUR | E30: 0 | F30: =IF(G30="","",Impostazioni!$C$6) -> EUR | G30: ='Backend dell''account'!F57 -> 574.62 | H30: =IF(I30="","",Impostazioni!$C$6) -> EUR | I30: ='Backend dell''account'!H57 -> 0 | J30: =IF(K30="","",Impostazioni!$C$6) -> EUR | K30: ='Backend dell''account'!J57 -> 574.62
B31: Barbier Giovanni Ditta Individuale | D31: =IF(E31="","",Impostazioni!$C$6) -> EUR | E31: 0 | F31: =IF(G31="","",Impostazioni!$C$6) -> EUR | G31: ='Backend dell''account'!F58 -> 0 | H31: =IF(I31="","",Impostazioni!$C$6) -> EUR | I31: ='Backend dell''account'!H58 -> 0 | J31: =IF(K31="","",Impostazioni!$C$6) -> EUR | K31: ='Backend dell''account'!J58 -> 0
B32: Beat Eventi | D32: =IF(E32="","",Impostazioni!$C$6) -> EUR | E32: 0 | F32: =IF(G32="","",Impostazioni!$C$6) -> EUR | G32: ='Backend dell''account'!F59 -> 0 | H32: =IF(I32="","",Impostazioni!$C$6) -> EUR | I32: ='Backend dell''account'!H20 -> 0 | J32: =IF(K32="","",Impostazioni!$C$6) -> EUR | K32: ='Backend dell''account'!J20 -> 0
B33: Beats Eventi Srl | D33: =IF(E33="","",Impostazioni!$C$6) -> EUR | E33: 0 | F33: =IF(G33="","",Impostazioni!$C$6) -> EUR | G33: ='Backend dell''account'!F60 -> 0 | H33: =IF(I33="","",Impostazioni!$C$6) -> EUR | I33: ='Backend dell''account'!H59 -> 0 | J33: =IF(K33="","",Impostazioni!$C$6) -> EUR | K33: ='Backend dell''account'!J59 -> 0
B34: Beer Style S.R.L. | D34: =IF(E34="","",Impostazioni!$C$6) -> EUR | E34: 0 | F34: =IF(G34="","",Impostazioni!$C$6) -> EUR | G34: ='Backend dell''account'!F61 -> 0 | H34: =IF(I34="","",Impostazioni!$C$6) -> EUR | I34: ='Backend dell''account'!H60 -> 0 | J34: =IF(K34="","",Impostazioni!$C$6) -> EUR | K34: ='Backend dell''account'!J60 -> 0
B35: Belei Societa' In Accomandita Semplice Di Belei Sauro E Belei Sar A | D35: =IF(E35="","",Impostazioni!$C$6) -> EUR | E35: 0 | F35: =IF(G35="","",Impostazioni!$C$6) -> EUR | G35: ='Backend dell''account'!F62 -> 0 | H35: =IF(I35="","",Impostazioni!$C$6) -> EUR | I35: ='Backend dell''account'!H61 -> 0 | J35: =IF(K35="","",Impostazioni!$C$6) -> EUR | K35: ='Backend dell''account'!J61 -> 0
B36: Bistrot Blank Di Eleonora Di Carlo | D36: =IF(E36="","",Impostazioni!$C$6) -> EUR | E36: 0 | F36: =IF(G36="","",Impostazioni!$C$6) -> EUR | G36: ='Backend dell''account'!F63 -> 0 | H36: =IF(I36="","",Impostazioni!$C$6) -> EUR | I36: ='Backend dell''account'!H62 -> 0 | J36: =IF(K36="","",Impostazioni!$C$6) -> EUR | K36: ='Backend dell''account'!J62 -> 0
B37: Borgo Stajnbech S.S.Agr. | D37: =IF(E37="","",Impostazioni!$C$6) -> EUR | E37: 0 | F37: =IF(G37="","",Impostazioni!$C$6) -> EUR | G37: ='Backend dell''account'!F64 -> 0 | H37: =IF(I37="","",Impostazioni!$C$6) -> EUR | I37: ='Backend dell''account'!H23 -> 0 | J37: =IF(K37="","",Impostazioni!$C$6) -> EUR | K37: ='Backend dell''account'!J23 -> 0
B38: Buona Forchetta S.R.L.S. Societa' A Responsabilita' Limitata Semplificata | D38: =IF(E38="","",Impostazioni!$C$6) -> EUR | E38: 0 | F38: =IF(G38="","",Impostazioni!$C$6) -> EUR | G38: ='Backend dell''account'!F65 -> 0 | H38: =IF(I38="","",Impostazioni!$C$6) -> EUR | I38: ='Backend dell''account'!H63 -> 0 | J38: =IF(K38="","",Impostazioni!$C$6) -> EUR | K38: ='Backend dell''account'!J63 -> 0
B39: Ca.Mel. Service S.R.L. | D39: =IF(E39="","",Impostazioni!$C$6) -> EUR | E39: 0 | F39: =IF(G39="","",Impostazioni!$C$6) -> EUR | G39: ='Backend dell''account'!F66 -> 0 | H39: =IF(I39="","",Impostazioni!$C$6) -> EUR | I39: ='Backend dell''account'!H64 -> 0 | J39: =IF(K39="","",Impostazioni!$C$6) -> EUR | K39: ='Backend dell''account'!J64 -> 0
B40: Ca.Po. Societa' A Responsabilita' Limitata Semplificata | D40: =IF(E40="","",Impostazioni!$C$6) -> EUR | E40: 0 | F40: =IF(G40="","",Impostazioni!$C$6) -> EUR | G40: ='Backend dell''account'!F67 -> 0 | H40: =IF(I40="","",Impostazioni!$C$6) -> EUR | I40: ='Backend dell''account'!H65 -> 0 | J40: =IF(K40="","",Impostazioni!$C$6) -> EUR | K40: ='Backend dell''account'!J65 -> 0
B41: Caffetteria Gallia S.R.L. | D41: =IF(E41="","",Impostazioni!$C$6) -> EUR | E41: 0 | F41: =IF(G41="","",Impostazioni!$C$6) -> EUR | G41: ='Backend dell''account'!F68 -> 0 | H41: =IF(I41="","",Impostazioni!$C$6) -> EUR | I41: ='Backend dell''account'!H66 -> 0 | J41: =IF(K41="","",Impostazioni!$C$6) -> EUR | K41: ='Backend dell''account'!J66 -> 0
B42: Caffetteria Vendetta Di Vendetta Edoardo | D42: =IF(E42="","",Impostazioni!$C$6) -> EUR | E42: 0 | F42: =IF(G42="","",Impostazioni!$C$6) -> EUR | G42: ='Backend dell''account'!F69 -> 0 | H42: =IF(I42="","",Impostazioni!$C$6) -> EUR | I42: ='Backend dell''account'!H67 -> 0 | J42: =IF(K42="","",Impostazioni!$C$6) -> EUR | K42: ='Backend dell''account'!J67 -> 0
B43: Canassa S.A.S. Di Peres Canassa Rudnei & C. | D43: =IF(E43="","",Impostazioni!$C$6) -> EUR | E43: 0 | F43: =IF(G43="","",Impostazioni!$C$6) -> EUR | G43: ='Backend dell''account'!F70 -> 0 | H43: =IF(I43="","",Impostazioni!$C$6) -> EUR | I43: ='Backend dell''account'!H68 -> 0 | J43: =IF(K43="","",Impostazioni!$C$6) -> EUR | K43: ='Backend dell''account'!J68 -> 0
B44: Cantine Mucci | D44: =IF(E44="","",Impostazioni!$C$6) -> EUR | E44: 0 | F44: =IF(G44="","",Impostazioni!$C$6) -> EUR | G44: ='Backend dell''account'!F71 -> 0 | H44: =IF(I44="","",Impostazioni!$C$6) -> EUR | I44: ='Backend dell''account'!H24 -> 0 | J44: =IF(K44="","",Impostazioni!$C$6) -> EUR | K44: ='Backend dell''account'!J24 -> 0
B45: Capita S.R.L. | D45: =IF(E45="","",Impostazioni!$C$6) -> EUR | E45: 0 | F45: =IF(G45="","",Impostazioni!$C$6) -> EUR | G45: ='Backend dell''account'!F72 -> 0 | H45: =IF(I45="","",Impostazioni!$C$6) -> EUR | I45: ='Backend dell''account'!H69 -> 0 | J45: =IF(K45="","",Impostazioni!$C$6) -> EUR | K45: ='Backend dell''account'!J69 -> 0
B46: Ccu S.R.L.S. | D46: =IF(E46="","",Impostazioni!$C$6) -> EUR | E46: 0 | F46: =IF(G46="","",Impostazioni!$C$6) -> EUR | G46: ='Backend dell''account'!F73 -> 0 | H46: =IF(I46="","",Impostazioni!$C$6) -> EUR | I46: ='Backend dell''account'!H25 -> 0 | J46: =IF(K46="","",Impostazioni!$C$6) -> EUR | K46: ='Backend dell''account'!J25 -> 0
B47: Chinottissimo Pneri Srl | D47: =IF(E47="","",Impostazioni!$C$6) -> EUR | E47: 0 | F47: =IF(G47="","",Impostazioni!$C$6) -> EUR | G47: ='Backend dell''account'!F74 -> 0 | H47: =IF(I47="","",Impostazioni!$C$6) -> EUR | I47: ='Backend dell''account'!H26 -> 0 | J47: =IF(K47="","",Impostazioni!$C$6) -> EUR | K47: ='Backend dell''account'!J26 -> 1882.5
B48: Ciampini Marco | D48: =IF(E48="","",Impostazioni!$C$6) -> EUR | E48: 0 | F48: =IF(G48="","",Impostazioni!$C$6) -> EUR | G48: ='Backend dell''account'!F75 -> 0 | H48: =IF(I48="","",Impostazioni!$C$6) -> EUR | I48: ='Backend dell''account'!H70 -> 0 | J48: =IF(K48="","",Impostazioni!$C$6) -> EUR | K48: ='Backend dell''account'!J70 -> 0
B49: Civico 36 S.R.L.S. | D49: =IF(E49="","",Impostazioni!$C$6) -> EUR | E49: 0 | F49: =IF(G49="","",Impostazioni!$C$6) -> EUR | G49: ='Backend dell''account'!F76 -> 0 | H49: =IF(I49="","",Impostazioni!$C$6) -> EUR | I49: ='Backend dell''account'!H71 -> 0 | J49: =IF(K49="","",Impostazioni!$C$6) -> EUR | K49: ='Backend dell''account'!J71 -> 0
B50: Coffee Bread S.R.L. | D50: =IF(E50="","",Impostazioni!$C$6) -> EUR | E50: 0 | F50: =IF(G50="","",Impostazioni!$C$6) -> EUR | G50: ='Backend dell''account'!F77 -> 0 | H50: =IF(I50="","",Impostazioni!$C$6) -> EUR | I50: ='Backend dell''account'!H72 -> 0 | J50: =IF(K50="","",Impostazioni!$C$6) -> EUR | K50: ='Backend dell''account'!J72 -> 0
B51: Collis Heritage S.P.A. | D51: =IF(E51="","",Impostazioni!$C$6) -> EUR | E51: 0 | F51: =IF(G51="","",Impostazioni!$C$6) -> EUR | G51: ='Backend dell''account'!F78 -> 0 | H51: =IF(I51="","",Impostazioni!$C$6) -> EUR | I51: ='Backend dell''account'!H27 -> 0 | J51: =IF(K51="","",Impostazioni!$C$6) -> EUR | K51: ='Backend dell''account'!J27 -> 0
B52: Deve' S.R.L. | D52: =IF(E52="","",Impostazioni!$C$6) -> EUR | E52: 0 | F52: =IF(G52="","",Impostazioni!$C$6) -> #REF! | G52: ='Backend dell''account'!F79 -> #REF! | H52: =IF(I52="","",Impostazioni!$C$6) -> EUR | I52: ='Backend dell''account'!H73 -> 0 | J52: =IF(K52="","",Impostazioni!$C$6) -> EUR | K52: ='Backend dell''account'!J73 -> 0
B53: Dhyan Choan | D53: =IF(E53="","",Impostazioni!$C$6) -> EUR | E53: 0 | F53: =IF(G53="","",Impostazioni!$C$6) -> EUR | G53: ='Backend dell''account'!F80 -> 0 | H53: =IF(I53="","",Impostazioni!$C$6) -> EUR | I53: ='Backend dell''account'!H15 -> 0 | J53: =IF(K53="","",Impostazioni!$C$6) -> EUR | K53: ='Backend dell''account'!J15 -> 0
B54: Dhyan Chohan S.R.L. | D54: =IF(E54="","",Impostazioni!$C$6) -> EUR | E54: 0 | F54: =IF(G54="","",Impostazioni!$C$6) -> EUR | G54: ='Backend dell''account'!F81 -> 0 | H54: =IF(I54="","",Impostazioni!$C$6) -> EUR | I54: ='Backend dell''account'!H29 -> 0 | J54: =IF(K54="","",Impostazioni!$C$6) -> EUR | K54: ='Backend dell''account'!J29 -> 0
B55: Dil Srl | D55: =IF(E55="","",Impostazioni!$C$6) -> EUR | E55: 0 | F55: =IF(G55="","",Impostazioni!$C$6) -> EUR | G55: ='Backend dell''account'!F82 -> 0 | H55: =IF(I55="","",Impostazioni!$C$6) -> EUR | I55: ='Backend dell''account'!H74 -> 0 | J55: =IF(K55="","",Impostazioni!$C$6) -> EUR | K55: ='Backend dell''account'!J74 -> 0
B56: Domus Societa' In Nome Collettivo Di Massimo Magnanimi E Figli | D56: =IF(E56="","",Impostazioni!$C$6) -> EUR | E56: 0 | F56: =IF(G56="","",Impostazioni!$C$6) -> EUR | G56: ='Backend dell''account'!F83 -> 0 | H56: =IF(I56="","",Impostazioni!$C$6) -> EUR | I56: ='Backend dell''account'!H75 -> 0 | J56: =IF(K56="","",Impostazioni!$C$6) -> EUR | K56: ='Backend dell''account'!J75 -> 0
B57: D-One Di Sbreviglieri Davide | D57: =IF(E57="","",Impostazioni!$C$6) -> EUR | E57: 0 | F57: =IF(G57="","",Impostazioni!$C$6) -> EUR | G57: ='Backend dell''account'!F84 -> 0 | H57: =IF(I57="","",Impostazioni!$C$6) -> EUR | I57: ='Backend dell''account'!H28 -> 0 | J57: =IF(K57="","",Impostazioni!$C$6) -> EUR | K57: ='Backend dell''account'!J28 -> 0
B58: Drink It Srls | D58: =IF(E58="","",Impostazioni!$C$6) -> EUR | E58: 0 | F58: =IF(G58="","",Impostazioni!$C$6) -> EUR | G58: ='Backend dell''account'!F85 -> 0 | H58: =IF(I58="","",Impostazioni!$C$6) -> EUR | I58: ='Backend dell''account'!H30 -> 0 | J58: =IF(K58="","",Impostazioni!$C$6) -> EUR | K58: ='Backend dell''account'!J30 -> 0
B59: Due Tigli S.P.A. | D59: =IF(E59="","",Impostazioni!$C$6) -> EUR | E59: 0 | F59: =IF(G59="","",Impostazioni!$C$6) -> EUR | G59: ='Backend dell''account'!F86 -> 0 | H59: =IF(I59="","",Impostazioni!$C$6) -> EUR | I59: ='Backend dell''account'!H31 -> 0 | J59: =IF(K59="","",Impostazioni!$C$6) -> EUR | K59: ='Backend dell''account'!J31 -> 0
B60: Eredi Di Sergio De Santis E C. S.N.C. | D60: =IF(E60="","",Impostazioni!$C$6) -> EUR | E60: 0 | F60: =IF(G60="","",Impostazioni!$C$6) -> EUR | G60: ='Backend dell''account'!F87 -> 0 | H60: =IF(I60="","",Impostazioni!$C$6) -> EUR | I60: ='Backend dell''account'!H76 -> 0 | J60: =IF(K60="","",Impostazioni!$C$6) -> EUR | K60: ='Backend dell''account'!J76 -> 0
B61: Fer.Vis. Srl | D61: =IF(E61="","",Impostazioni!$C$6) -> EUR | E61: 0 | F61: =IF(G61="","",Impostazioni!$C$6) -> EUR | G61: ='Backend dell''account'!F88 -> 0 | H61: =IF(I61="","",Impostazioni!$C$6) -> EUR | I61: ='Backend dell''account'!H77 -> 0 | J61: =IF(K61="","",Impostazioni!$C$6) -> EUR | K61: ='Backend dell''account'!J77 -> 0
B62: G.M. 1991 S.R.L. | D62: =IF(E62="","",Impostazioni!$C$6) -> EUR | E62: 0 | F62: =IF(G62="","",Impostazioni!$C$6) -> EUR | G62: ='Backend dell''account'!F89 -> 0 | H62: =IF(I62="","",Impostazioni!$C$6) -> EUR | I62: ='Backend dell''account'!H78 -> 0 | J62: =IF(K62="","",Impostazioni!$C$6) -> EUR | K62: ='Backend dell''account'!J78 -> 0
B63: G.V. - S.R.L.S. | D63: =IF(E63="","",Impostazioni!$C$6) -> EUR | E63: 0 | F63: =IF(G63="","",Impostazioni!$C$6) -> EUR | G63: ='Backend dell''account'!F90 -> 0 | H63: =IF(I63="","",Impostazioni!$C$6) -> #REF! | I63: ='Backend dell''account'!H79 -> #REF! | J63: =IF(K63="","",Impostazioni!$C$6) -> #REF! | K63: ='Backend dell''account'!J79 -> #REF!
B64: Garofolo Rag. Candido | D64: =IF(E64="","",Impostazioni!$C$6) -> EUR | E64: 0 | F64: =IF(G64="","",Impostazioni!$C$6) -> EUR | G64: ='Backend dell''account'!F91 -> 0 | H64: =IF(I64="","",Impostazioni!$C$6) -> EUR | I64: ='Backend dell''account'!H32 -> 0 | J64: =IF(K64="","",Impostazioni!$C$6) -> EUR | K64: ='Backend dell''account'!J32 -> 0
B65: Gazzola Spa | D65: =IF(E65="","",Impostazioni!$C$6) -> EUR | E65: 0 | F65: =IF(G65="","",Impostazioni!$C$6) -> EUR | G65: ='Backend dell''account'!F92 -> 0 | H65: =IF(I65="","",Impostazioni!$C$6) -> EUR | I65: ='Backend dell''account'!H33 -> 0 | J65: =IF(K65="","",Impostazioni!$C$6) -> EUR | K65: ='Backend dell''account'!J33 -> 0
B66: Gestione G.A.N.A. Snc Di Pes & C. | D66: =IF(E66="","",Impostazioni!$C$6) -> EUR | E66: 0 | F66: =IF(G66="","",Impostazioni!$C$6) -> EUR | G66: ='Backend dell''account'!F93 -> 0 | H66: =IF(I66="","",Impostazioni!$C$6) -> EUR | I66: ='Backend dell''account'!H80 -> 0 | J66: =IF(K66="","",Impostazioni!$C$6) -> EUR | K66: ='Backend dell''account'!J80 -> 0
B67: Grey Caffe' Di Eliwa Elsayed Eliwa Mohamed Elmobarak | D67: =IF(E67="","",Impostazioni!$C$6) -> EUR | E67: 0 | F67: =IF(G67="","",Impostazioni!$C$6) -> EUR | G67: ='Backend dell''account'!F94 -> 0 | H67: =IF(I67="","",Impostazioni!$C$6) -> EUR | I67: ='Backend dell''account'!H81 -> 0 | J67: =IF(K67="","",Impostazioni!$C$6) -> EUR | K67: ='Backend dell''account'!J81 -> 0
B68: Guidi | D68: =IF(E68="","",Impostazioni!$C$6) -> EUR | E68: 0 | F68: =IF(G68="","",Impostazioni!$C$6) -> EUR | G68: ='Backend dell''account'!F95 -> 0 | H68: =IF(I68="","",Impostazioni!$C$6) -> EUR | I68: ='Backend dell''account'!H21 -> 0 | J68: =IF(K68="","",Impostazioni!$C$6) -> EUR | K68: ='Backend dell''account'!J21 -> 0
B69: Guidi Societa' A Responsabilita' Limitata Semplificata | D69: =IF(E69="","",Impostazioni!$C$6) -> EUR | E69: 0 | F69: =IF(G69="","",Impostazioni!$C$6) -> EUR | G69: ='Backend dell''account'!F96 -> 0 | H69: =IF(I69="","",Impostazioni!$C$6) -> EUR | I69: ='Backend dell''account'!H82 -> 0 | J69: =IF(K69="","",Impostazioni!$C$6) -> EUR | K69: ='Backend dell''account'!J82 -> 0
B70: Guido Magnanensi | D70: =IF(E70="","",Impostazioni!$C$6) -> EUR | E70: 0 | F70: =IF(G70="","",Impostazioni!$C$6) -> EUR | G70: ='Backend dell''account'!F97 -> 0 | H70: =IF(I70="","",Impostazioni!$C$6) -> EUR | I70: ='Backend dell''account'!H16 -> 0 | J70: =IF(K70="","",Impostazioni!$C$6) -> EUR | K70: ='Backend dell''account'!J16 -> 0
B71: Honky Tonk -Calabroni Srls | D71: =IF(E71="","",Impostazioni!$C$6) -> EUR | E71: 0 | F71: =IF(G71="","",Impostazioni!$C$6) -> EUR | G71: ='Backend dell''account'!F98 -> 0 | H71: =IF(I71="","",Impostazioni!$C$6) -> EUR | I71: ='Backend dell''account'!H83 -> 0 | J71: =IF(K71="","",Impostazioni!$C$6) -> EUR | K71: ='Backend dell''account'!J83 -> 0
B72: Hostaria 100celle Societa' A Responsabilita' Limitata Semplificata | D72: =IF(E72="","",Impostazioni!$C$6) -> EUR | E72: 0 | F72: =IF(G72="","",Impostazioni!$C$6) -> EUR | G72: ='Backend dell''account'!F99 -> 0 | H72: =IF(I72="","",Impostazioni!$C$6) -> EUR | I72: ='Backend dell''account'!H84 -> 0 | J72: =IF(K72="","",Impostazioni!$C$6) -> EUR | K72: ='Backend dell''account'!J84 -> 0
B73: I Consulenti S.R.L. | D73: =IF(E73="","",Impostazioni!$C$6) -> EUR | E73: 0 | F73: =IF(G73="","",Impostazioni!$C$6) -> EUR | G73: ='Backend dell''account'!F100 -> 0 | H73: =IF(I73="","",Impostazioni!$C$6) -> EUR | I73: ='Backend dell''account'!H34 -> 0 | J73: =IF(K73="","",Impostazioni!$C$6) -> EUR | K73: ='Backend dell''account'!J34 -> 0
B74: I Mara Caffe' Di Guazzaroni Marzia | D74: =IF(E74="","",Impostazioni!$C$6) -> EUR | E74: 0 | F74: =IF(G74="","",Impostazioni!$C$6) -> EUR | G74: ='Backend dell''account'!F101 -> 0 | H74: =IF(I74="","",Impostazioni!$C$6) -> EUR | I74: ='Backend dell''account'!H85 -> 0 | J74: =IF(K74="","",Impostazioni!$C$6) -> EUR | K74: ='Backend dell''account'!J85 -> 0
B75: Il Marchese Milano Srl | D75: =IF(E75="","",Impostazioni!$C$6) -> EUR | E75: 0 | F75: =IF(G75="","",Impostazioni!$C$6) -> EUR | G75: ='Backend dell''account'!F102 -> 0 | H75: =IF(I75="","",Impostazioni!$C$6) -> EUR | I75: ='Backend dell''account'!H86 -> 0 | J75: =IF(K75="","",Impostazioni!$C$6) -> EUR | K75: ='Backend dell''account'!J86 -> 0
B76: J S.R.L. | D76: =IF(E76="","",Impostazioni!$C$6) -> EUR | E76: 0 | F76: =IF(G76="","",Impostazioni!$C$6) -> EUR | G76: ='Backend dell''account'!F103 -> 0 | H76: =IF(I76="","",Impostazioni!$C$6) -> EUR | I76: ='Backend dell''account'!H87 -> 0 | J76: =IF(K76="","",Impostazioni!$C$6) -> EUR | K76: ='Backend dell''account'!J87 -> 0
B77: Jemolo Caffe' Srl | D77: =IF(E77="","",Impostazioni!$C$6) -> EUR | E77: 0 | F77: =IF(G77="","",Impostazioni!$C$6) -> EUR | G77: ='Backend dell''account'!F104 -> 0 | H77: =IF(I77="","",Impostazioni!$C$6) -> EUR | I77: ='Backend dell''account'!H88 -> 0 | J77: =IF(K77="","",Impostazioni!$C$6) -> EUR | K77: ='Backend dell''account'!J88 -> 0
B78: Komos - Societa' A Responsabilita' Limitata Semplificata | D78: =IF(E78="","",Impostazioni!$C$6) -> EUR | E78: 0 | F78: =IF(G78="","",Impostazioni!$C$6) -> EUR | G78: ='Backend dell''account'!F105 -> 0 | H78: =IF(I78="","",Impostazioni!$C$6) -> EUR | I78: ='Backend dell''account'!H89 -> 0 | J78: =IF(K78="","",Impostazioni!$C$6) -> EUR | K78: ='Backend dell''account'!J89 -> 0
B79: L.E.M. Srl | D79: =IF(E79="","",Impostazioni!$C$6) -> EUR | E79: 0 | F79: =IF(G79="","",Impostazioni!$C$6) -> EUR | G79: ='Backend dell''account'!F106 -> 0 | H79: =IF(I79="","",Impostazioni!$C$6) -> EUR | I79: ='Backend dell''account'!H90 -> 0 | J79: =IF(K79="","",Impostazioni!$C$6) -> EUR | K79: ='Backend dell''account'!J90 -> 0
B80: La Bettola Del Buttero S.R.L. | D80: =IF(E80="","",Impostazioni!$C$6) -> EUR | E80: 0 | F80: =IF(G80="","",Impostazioni!$C$6) -> EUR | G80: ='Backend dell''account'!F107 -> 0 | H80: =IF(I80="","",Impostazioni!$C$6) -> EUR | I80: ='Backend dell''account'!H35 -> 0 | J80: =IF(K80="","",Impostazioni!$C$6) -> EUR | K80: ='Backend dell''account'!J160 -> 0
B81: La Caletta Napoletana Flamy Srls | D81: =IF(E81="","",Impostazioni!$C$6) -> EUR | E81: 0 | F81: =IF(G81="","",Impostazioni!$C$6) -> EUR | G81: ='Backend dell''account'!F108 -> 0 | H81: =IF(I81="","",Impostazioni!$C$6) -> EUR | I81: ='Backend dell''account'!H91 -> 0 | J81: =IF(K81="","",Impostazioni!$C$6) -> EUR | K81: ='Backend dell''account'!J91 -> 0
B82: La Torre Sporting Club Societa' Sportiva Dilettantistica Rl | D82: =IF(E82="","",Impostazioni!$C$6) -> EUR | E82: 0 | F82: =IF(G82="","",Impostazioni!$C$6) -> EUR | G82: ='Backend dell''account'!F109 -> 0 | H82: =IF(I82="","",Impostazioni!$C$6) -> EUR | I82: ='Backend dell''account'!H36 -> 0 | J82: =IF(K82="","",Impostazioni!$C$6) -> EUR | K82: ='Backend dell''account'!J36 -> 0
B83: L'angoletto Snc Di Pistelli Margherita & C. | D83: =IF(E83="","",Impostazioni!$C$6) -> EUR | E83: 0 | F83: =IF(G83="","",Impostazioni!$C$6) -> EUR | G83: ='Backend dell''account'!F110 -> 0 | H83: =IF(I83="","",Impostazioni!$C$6) -> EUR | I83: ='Backend dell''account'!H92 -> 0 | J83: =IF(K83="","",Impostazioni!$C$6) -> EUR | K83: ='Backend dell''account'!J92 -> 0
B84: Lenti Lorenzo | D84: =IF(E84="","",Impostazioni!$C$6) -> EUR | E84: 0 | F84: =IF(G84="","",Impostazioni!$C$6) -> EUR | G84: ='Backend dell''account'!F111 -> 0 | H84: =IF(I84="","",Impostazioni!$C$6) -> EUR | I84: ='Backend dell''account'!H37 -> 0 | J84: =IF(K84="","",Impostazioni!$C$6) -> EUR | K84: ='Backend dell''account'!J37 -> 0
B85: Liberati Marco | D85: =IF(E85="","",Impostazioni!$C$6) -> EUR | E85: 0 | F85: =IF(G85="","",Impostazioni!$C$6) -> EUR | G85: ='Backend dell''account'!F112 -> 0 | H85: =IF(I85="","",Impostazioni!$C$6) -> EUR | I85: ='Backend dell''account'!H93 -> 0 | J85: =IF(K85="","",Impostazioni!$C$6) -> EUR | K85: ='Backend dell''account'!J93 -> 0
B86: Llf 100 Societa' A Responsabilita' Limitata Semplificata | D86: =IF(E86="","",Impostazioni!$C$6) -> EUR | E86: 0 | F86: =IF(G86="","",Impostazioni!$C$6) -> EUR | G86: ='Backend dell''account'!F113 -> 0 | H86: =IF(I86="","",Impostazioni!$C$6) -> EUR | I86: ='Backend dell''account'!H94 -> 0 | J86: =IF(K86="","",Impostazioni!$C$6) -> EUR | K86: ='Backend dell''account'!J94 -> 0
B87: Lo.Ma Societa' A Responsabilita' Limitata Semplificata | D87: =IF(E87="","",Impostazioni!$C$6) -> EUR | E87: 0 | F87: =IF(G87="","",Impostazioni!$C$6) -> EUR | G87: ='Backend dell''account'!F114 -> 0 | H87: =IF(I87="","",Impostazioni!$C$6) -> EUR | I87: ='Backend dell''account'!H95 -> 0 | J87: =IF(K87="","",Impostazioni!$C$6) -> EUR | K87: ='Backend dell''account'!J95 -> 0
B88: Lorenzo Scotto | D88: =IF(E88="","",Impostazioni!$C$6) -> EUR | E88: 0 | F88: =IF(G88="","",Impostazioni!$C$6) -> EUR | G88: ='Backend dell''account'!F115 -> 0 | H88: =IF(I88="","",Impostazioni!$C$6) -> EUR | I88: ='Backend dell''account'!H38 -> 0 | J88: =IF(K88="","",Impostazioni!$C$6) -> EUR | K88: ='Backend dell''account'!J38 -> 0
B89: Lumi' S.R.L. | D89: =IF(E89="","",Impostazioni!$C$6) -> EUR | E89: 0 | F89: =IF(G89="","",Impostazioni!$C$6) -> #REF! | G89: ='Backend dell''account'!F116 -> #REF! | H89: =IF(I89="","",Impostazioni!$C$6) -> EUR | I89: ='Backend dell''account'!H96 -> 0 | J89: =IF(K89="","",Impostazioni!$C$6) -> EUR | K89: ='Backend dell''account'!J96 -> 0
B90: Madbit Entertainment S.R.L. | D90: =IF(E90="","",Impostazioni!$C$6) -> EUR | E90: 0 | F90: =IF(G90="","",Impostazioni!$C$6) -> #REF! | G90: ='Backend dell''account'!F118 -> #REF! | H90: =IF(I90="","",Impostazioni!$C$6) -> EUR | I90: ='Backend dell''account'!H39 -> 0 | J90: =IF(K90="","",Impostazioni!$C$6) -> EUR | K90: ='Backend dell''account'!J39 -> 0
B91: Masci Caffe Di Masci Marco | D91: =IF(E91="","",Impostazioni!$C$6) -> EUR | E91: 0 | F91: =IF(G91="","",Impostazioni!$C$6) -> #REF! | G91: ='Backend dell''account'!F119 -> #REF! | H91: =IF(I91="","",Impostazioni!$C$6) -> EUR | I91: ='Backend dell''account'!H97 -> 0 | J91: =IF(K91="","",Impostazioni!$C$6) -> EUR | K91: ='Backend dell''account'!J97 -> 0
B92: Medley Srls | D92: =IF(E92="","",Impostazioni!$C$6) -> EUR | E92: 0 | F92: =IF(G92="","",Impostazioni!$C$6) -> #REF! | G92: ='Backend dell''account'!F120 -> #REF! | H92: =IF(I92="","",Impostazioni!$C$6) -> EUR | I92: ='Backend dell''account'!H98 -> 0 | J92: =IF(K92="","",Impostazioni!$C$6) -> EUR | K92: ='Backend dell''account'!J98 -> 0
B93: Melchiorre Tiziano | D93: =IF(E93="","",Impostazioni!$C$6) -> EUR | E93: 0 | F93: =IF(G93="","",Impostazioni!$C$6) | G93: ='Backend dell''account'!F121 | H93: =IF(I93="","",Impostazioni!$C$6) -> EUR | I93: ='Backend dell''account'!H99 -> 0 | J93: =IF(K93="","",Impostazioni!$C$6) -> EUR | K93: ='Backend dell''account'!J99 -> 0
B94: 'N Goccetto Di Callara' Federica | D94: =IF(E94="","",Impostazioni!$C$6) -> EUR | E94: 0 | F94: =IF(G94="","",Impostazioni!$C$6) | G94: ='Backend dell''account'!F122 | H94: =IF(I94="","",Impostazioni!$C$6) -> EUR | I94: ='Backend dell''account'!H100 -> 0 | J94: =IF(K94="","",Impostazioni!$C$6) -> EUR | K94: ='Backend dell''account'!J100 -> 0
B95: Nasone Srl | D95: =IF(E95="","",Impostazioni!$C$6) -> EUR | E95: 0 | F95: =IF(G95="","",Impostazioni!$C$6) | G95: ='Backend dell''account'!F123 | H95: =IF(I95="","",Impostazioni!$C$6) -> EUR | I95: ='Backend dell''account'!H101 -> 0 | J95: =IF(K95="","",Impostazioni!$C$6) -> EUR | K95: ='Backend dell''account'!J101 -> 0
B96: No Name Roma Societa' A Responsabilita' Limitata Semplificata | D96: =IF(E96="","",Impostazioni!$C$6) -> EUR | E96: 0 | F96: =IF(G96="","",Impostazioni!$C$6) | G96: ='Backend dell''account'!F124 | H96: =IF(I96="","",Impostazioni!$C$6) -> EUR | I96: ='Backend dell''account'!H102 -> 0 | J96: =IF(K96="","",Impostazioni!$C$6) -> EUR | K96: ='Backend dell''account'!J102 -> 0
B97: Optima Italia S.P.A. | D97: =IF(E97="","",Impostazioni!$C$6) -> EUR | E97: 0 | F97: =IF(G97="","",Impostazioni!$C$6) | G97: ='Backend dell''account'!F125 | H97: =IF(I97="","",Impostazioni!$C$6) -> EUR | I97: ='Backend dell''account'!H40 -> 0 | J97: =IF(K97="","",Impostazioni!$C$6) -> EUR | K97: ='Backend dell''account'!J40 -> 0
B98: Pane E Companatico S.R.L. | D98: =IF(E98="","",Impostazioni!$C$6) -> EUR | E98: 0 | F98: =IF(G98="","",Impostazioni!$C$6) | G98: ='Backend dell''account'!F126 | H98: =IF(I98="","",Impostazioni!$C$6) -> EUR | I98: ='Backend dell''account'!H103 -> 0 | J98: =IF(K98="","",Impostazioni!$C$6) -> EUR | K98: ='Backend dell''account'!J103 -> 0
B99: Pastrami S.R.L. Semplificata | D99: =IF(E99="","",Impostazioni!$C$6) -> EUR | E99: 0 | F99: =IF(G99="","",Impostazioni!$C$6) | G99: ='Backend dell''account'!F127 | H99: =IF(I99="","",Impostazioni!$C$6) -> EUR | I99: ='Backend dell''account'!H104 -> 0 | J99: =IF(K99="","",Impostazioni!$C$6) -> EUR | K99: ='Backend dell''account'!J104 -> 0
B100: Pethi S.R.L. | D100: =IF(E100="","",Impostazioni!$C$6) -> EUR | E100: 0 | F100: =IF(G100="","",Impostazioni!$C$6) | G100: ='Backend dell''account'!F128 | H100: =IF(I100="","",Impostazioni!$C$6) -> EUR | I100: ='Backend dell''account'!H105 -> 0 | J100: =IF(K100="","",Impostazioni!$C$6) -> EUR | K100: ='Backend dell''account'!J105 -> 0
B101: Pmcc Di Paolo Morselli | D101: =IF(E101="","",Impostazioni!$C$6) -> EUR | E101: 0 | F101: =IF(G101="","",Impostazioni!$C$6) | G101: ='Backend dell''account'!F129 | H101: =IF(I101="","",Impostazioni!$C$6) -> EUR | I101: ='Backend dell''account'!H41 -> 0 | J101: =IF(K101="","",Impostazioni!$C$6) -> EUR | K101: ='Backend dell''account'!J41 -> 0
B102: Raging Bull S.R.L. | D102: =IF(E102="","",Impostazioni!$C$6) -> EUR | E102: 0 | F102: =IF(G102="","",Impostazioni!$C$6) | G102: ='Backend dell''account'!F130 | H102: =IF(I102="","",Impostazioni!$C$6) -> EUR | I102: ='Backend dell''account'!H106 -> 0 | J102: =IF(K102="","",Impostazioni!$C$6) -> EUR | K102: ='Backend dell''account'!J106 -> 0
B103: Rinascita S. A R.L.S. | D103: =IF(E103="","",Impostazioni!$C$6) -> EUR | E103: 0 | F103: =IF(G103="","",Impostazioni!$C$6) | G103: ='Backend dell''account'!F131 | H103: =IF(I103="","",Impostazioni!$C$6) -> EUR | I103: ='Backend dell''account'!H107 -> 0 | J103: =IF(K103="","",Impostazioni!$C$6) -> EUR | K103: ='Backend dell''account'!J107 -> 0
B104: Ripasso S.R.L.S. | D104: =IF(E104="","",Impostazioni!$C$6) -> EUR | E104: 0 | F104: =IF(G104="","",Impostazioni!$C$6) | G104: ='Backend dell''account'!F132 | H104: =IF(I104="","",Impostazioni!$C$6) -> EUR | I104: ='Backend dell''account'!H108 -> 0 | J104: =IF(K104="","",Impostazioni!$C$6) -> EUR | K104: ='Backend dell''account'!J108 -> 0
B105: Risto Caffe' Sas | D105: =IF(E105="","",Impostazioni!$C$6) -> EUR | E105: 0 | F105: =IF(G105="","",Impostazioni!$C$6) | G105: ='Backend dell''account'!F133 | H105: =IF(I105="","",Impostazioni!$C$6) -> EUR | I105: ='Backend dell''account'!H22 -> 0 | J105: =IF(K105="","",Impostazioni!$C$6) -> EUR | K105: ='Backend dell''account'!J22 -> 0
B106: Roberta Ioculano | D106: =IF(E106="","",Impostazioni!$C$6) -> EUR | E106: 0 | F106: =IF(G106="","",Impostazioni!$C$6) | G106: ='Backend dell''account'!F134 | H106: =IF(I106="","",Impostazioni!$C$6) -> EUR | I106: ='Backend dell''account'!H17 -> 0 | J106: =IF(K106="","",Impostazioni!$C$6) -> EUR | K106: ='Backend dell''account'!J17 -> 0
B107: Rossi Valentina | D107: =IF(E107="","",Impostazioni!$C$6) -> EUR | E107: 0 | F107: =IF(G107="","",Impostazioni!$C$6) | G107: ='Backend dell''account'!F135 | H107: =IF(I107="","",Impostazioni!$C$6) -> EUR | I107: ='Backend dell''account'!H109 -> 0 | J107: =IF(K107="","",Impostazioni!$C$6) -> EUR | K107: ='Backend dell''account'!J109 -> 0
B108: San Donni Societa' A Responsabilita' Limitata Semplificata | D108: =IF(E108="","",Impostazioni!$C$6) -> EUR | E108: 0 | F108: =IF(G108="","",Impostazioni!$C$6) | G108: ='Backend dell''account'!F136 | H108: =IF(I108="","",Impostazioni!$C$6) -> EUR | I108: ='Backend dell''account'!H110 -> 0 | J108: =IF(K108="","",Impostazioni!$C$6) -> EUR | K108: ='Backend dell''account'!J110 -> 0
B109: Sanlollo Srl | D109: =IF(E109="","",Impostazioni!$C$6) -> EUR | E109: 0 | F109: =IF(G109="","",Impostazioni!$C$6) | G109: ='Backend dell''account'!F137 | H109: =IF(I109="","",Impostazioni!$C$6) -> EUR | I109: ='Backend dell''account'!H111 -> 0 | J109: =IF(K109="","",Impostazioni!$C$6) -> EUR | K109: ='Backend dell''account'!J111 -> 0
B110: Sapi S.N.C. Di Pirrello Roberto E Giulia | D110: =IF(E110="","",Impostazioni!$C$6) -> EUR | E110: 0 | F110: =IF(G110="","",Impostazioni!$C$6) | G110: ='Backend dell''account'!F138 | H110: =IF(I110="","",Impostazioni!$C$6) -> EUR | I110: ='Backend dell''account'!H112 -> 0 | J110: =IF(K110="","",Impostazioni!$C$6) -> EUR | K110: ='Backend dell''account'!J112 -> 0
B111: Scuderie San Carlo S.R.L. | D111: =IF(E111="","",Impostazioni!$C$6) -> EUR | E111: 0 | F111: =IF(G111="","",Impostazioni!$C$6) | G111: ='Backend dell''account'!F139 | H111: =IF(I111="","",Impostazioni!$C$6) -> EUR | I111: ='Backend dell''account'!H113 -> 0 | J111: =IF(K111="","",Impostazioni!$C$6) -> EUR | K111: ='Backend dell''account'!J113 -> 0
B112: Simpri Societa' A Responsabilita' Limitata Semplificata | D112: =IF(E112="","",Impostazioni!$C$6) -> EUR | E112: 0 | F112: =IF(G112="","",Impostazioni!$C$6) | G112: ='Backend dell''account'!F140 | H112: =IF(I112="","",Impostazioni!$C$6) -> EUR | I112: ='Backend dell''account'!H114 -> 0 | J112: =IF(K112="","",Impostazioni!$C$6) -> EUR | K112: ='Backend dell''account'!J114 -> 0
B113: Soc. Agr. Kurtin Srl | D113: =IF(E113="","",Impostazioni!$C$6) -> EUR | E113: 0 | F113: =IF(G113="","",Impostazioni!$C$6) | G113: ='Backend dell''account'!F141 | H113: =IF(I113="","",Impostazioni!$C$6) -> EUR | I113: ='Backend dell''account'!H42 -> 0 | J113: =IF(K113="","",Impostazioni!$C$6) -> EUR | K113: ='Backend dell''account'!J42 -> 0
B114: Societa' Agricola F.Lli Masci | D114: =IF(E114="","",Impostazioni!$C$6) -> EUR | E114: 0 | F114: =IF(G114="","",Impostazioni!$C$6) | G114: ='Backend dell''account'!F142 | H114: =IF(I114="","",Impostazioni!$C$6) -> EUR | I114: ='Backend dell''account'!H43 -> 0 | J114: =IF(K114="","",Impostazioni!$C$6) -> EUR | K114: ='Backend dell''account'!J43 -> 0
B115: Societa' Cooperativa L'angolo Del Buon Gusto | D115: =IF(E115="","",Impostazioni!$C$6) -> EUR | E115: 0 | F115: =IF(G115="","",Impostazioni!$C$6) | G115: ='Backend dell''account'!F143 | H115: =IF(I115="","",Impostazioni!$C$6) -> EUR | I115: ='Backend dell''account'!H115 -> 0 | J115: =IF(K115="","",Impostazioni!$C$6) -> EUR | K115: ='Backend dell''account'!J115 -> 0
B116: Surya Mahal Snc Di Fedeli Romina & Cf. | D116: =IF(E116="","",Impostazioni!$C$6) -> EUR | E116: 0 | F116: =IF(G116="","",Impostazioni!$C$6) | G116: ='Backend dell''account'!F144 | H116: =IF(I116="","",Impostazioni!$C$6) -> EUR | I116: ='Backend dell''account'!H116 -> 0 | J116: =IF(K116="","",Impostazioni!$C$6) -> #REF! | K116: ='Backend dell''account'!J116 -> #REF!
B117: Tenuta ROLETTO | D117: =IF(E117="","",Impostazioni!$C$6) -> EUR | E117: 0 | F117: =IF(G117="","",Impostazioni!$C$6) | G117: ='Backend dell''account'!F145 | H117: =IF(I117="","",Impostazioni!$C$6) -> EUR | I117: ='Backend dell''account'!H44 -> 0 | J117: =IF(K117="","",Impostazioni!$C$6) -> EUR | K117: ='Backend dell''account'!J44 -> 0
B118: Terre Cevico Soc. Coop. Agricola | D118: =IF(E118="","",Impostazioni!$C$6) -> EUR | E118: 0 | F118: =IF(G118="","",Impostazioni!$C$6) | G118: ='Backend dell''account'!F146 | H118: =IF(I118="","",Impostazioni!$C$6) -> EUR | I118: ='Backend dell''account'!H45 -> 0 | J118: =IF(K118="","",Impostazioni!$C$6) -> EUR | K118: ='Backend dell''account'!J45 -> 0
...

Sheet Backend dell'account
B2: TRACCIATORE DELLE TRANSAZIONI
B14: =IF(Conti!B20="","",Conti!B20) -> CONTO | C14: =IF(Conti!C20="","",Conti!C20) -> CATEGORIA | D14: BILANCIO ATTUALE | F14: SOLDI ENTRATI | H14: SOLDI FUORI | J14: CORRENTE | K14: NOTE | AA14: MONEY IN
B15: =IF(Conti!B21="","",Conti!B21) -> BBVA | C15: =IF(Conti!C21="","",Conti!C21) | D15: =IF(Conti!E21="","",Conti!E21) -> 0 | F15: =IF( B15="","",SUMIFS('Tracciatore delle operazioni'!$J$5:$J1000,'Tracciatore delle operazioni'!$C$5:$C1000,Impostazioni!$R$13,'Tracciatore delle operazioni'!$K$5:$K1000,$B15)) -> 0 | H15: =IF( D15="","",SUMIFS('Tracciatore delle operazioni'!$F$5:$F1000,'Tracciatore delle operazioni'!$C$5:$C1000,Impostazioni!$S$13,'Tracciatore delle operazioni'!$K$5:$K1000,$B15)) -> 0 | J15: =IF( B15="","",D15+F15-H15) -> 0 | X15: {=Conti!B21:B160} -> BBVA | Y15: =IF( X15="","",SUMIFS($T$15:$T1000,$U$15:$U1000,$X15)) -> 0 | AA15: =IFERROR(__xludf.DUMMYFUNCTION("FILTER(M15:Q1000,P15:P1000<>""Income"")"),"") | AF15: {=Conti!B21:B160} -> BBVA | AG15: =IF( AF15="","",SUMIFS($AB$15:$AB1000,$AC$15:$AC1000,$AF15)) -> 0
B16: =IF(Conti!B22="","",Conti!B22) -> Ai Vecchi Tempi Di Tudini Antonio E C .- S.N.C. | C16: =IF(Conti!C22="","",Conti!C22) | D16: =IF(Conti!E22="","",Conti!E22) -> 0 | F16: =IF( B16="","",SUMIFS('Tracciatore delle operazioni'!$J$5:$J1000,'Tracciatore delle operazioni'!$C$5:$C1000,Impostazioni!$R$13,'Tracciatore delle operazioni'!$K$5:$K1000,$B16)) -> 0 | H16: =IF( D16="","",SUMIFS('Tracciatore delle operazioni'!$F$5:$F1001,'Tracciatore delle operazioni'!$C$5:$C1001,Impostazioni!$S$13,'Tracciatore delle operazioni'!$K$5:$K1001,$B16)) -> 0 | J16: =IF( B16="","",D16+F16-H16) -> 0 | X16: Ai Vecchi Tempi Di Tudini Antonio E C .- S.N.C. | Y16: =IF( X16="","",SUMIFS($T$15:$T1001,$U$15:$U1001,$X16)) -> 0 | AF16: Ai Vecchi Tempi Di Tudini Antonio E C .- S.N.C. | AG16: =IF( AF16="","",SUMIFS($AB$15:$AB1001,$AC$15:$AC1001,$AF16)) -> 0
B17: =IF(Conti!B23="","",Conti!B23) -> Alemma S.R.L.S. Societa' A Responsabilita' Limitata Semplificata | C17: =IF(Conti!C23="","",Conti!C23) | D17: =IF(Conti!E23="","",Conti!E23) -> 0 | F17: =IF( B17="","",SUMIFS('Tracciatore delle operazioni'!$J$5:$J1000,'Tracciatore delle operazioni'!$C$5:$C1000,Impostazioni!$R$13,'Tracciatore delle operazioni'!$K$5:$K1000,$B17)) -> 0 | H17: =IF( D17="","",SUMIFS('Tracciatore delle operazioni'!$F$5:$F1002,'Tracciatore delle operazioni'!$C$5:$C1002,Impostazioni!$S$13,'Tracciatore delle operazioni'!$K$5:$K1002,$B17)) -> 0 | J17: =IF( B17="","",D17+F17-H17) -> 0 | X17: Alemma S.R.L.S. Societa' A Responsabilita' Limitata Semplificata | Y17: =IF( X17="","",SUMIFS($T$15:$T1002,$U$15:$U1002,$X17)) -> 0 | AF17: Alemma S.R.L.S. Societa' A Responsabilita' Limitata Semplificata | AG17: =IF( AF17="","",SUMIFS($AB$15:$AB1002,$AC$15:$AC1002,$AF17)) -> 0
B18: =IF(Conti!B24="","",Conti!B24) -> Amar Caffe' Srls | C18: =IF(Conti!C24="","",Conti!C24) | D18: =IF(Conti!E24="","",Conti!E24) -> 0 | F18: =IF( B18="","",SUMIFS('Tracciatore delle operazioni'!$J$5:$J1000,'Tracciatore delle operazioni'!$C$5:$C1000,Impostazioni!$R$13,'Tracciatore delle operazioni'!$K$5:$K1000,$B18)) -> 0 | H18: =IF( D18="","",SUMIFS('Tracciatore delle operazioni'!$F$5:$F1003,'Tracciatore delle operazioni'!$C$5:$C1003,Impostazioni!$S$13,'Tracciatore delle operazioni'!$K$5:$K1003,$B18)) -> 0 | J18: =IF( B18="","",D18+F18-H18) -> 0 | X18: Amar Caffe' Srls | Y18: =IF( X18="","",SUMIFS($T$15:$T1003,$U$15:$U1003,$X18)) -> 0 | AF18: Amar Caffe' Srls | AG18: =IF( AF18="","",SUMIFS($AB$15:$AB1003,$AC$15:$AC1003,$AF18)) -> 0
B19: =IF(Conti!B25="","",Conti!B25) -> Ancora Cose Belle S.R.L.S. Unipersonale | C19: =IF(Conti!C25="","",Conti!C25) | D19: =IF(Conti!E25="","",Conti!E25) -> 0 | F19: =IF( B19="","",SUMIFS('Tracciatore delle operazioni'!$J$5:$J1000,'Tracciatore delle operazioni'!$C$5:$C1000,Impostazioni!$R$13,'Tracciatore delle operazioni'!$K$5:$K1000,$B19)) -> 0 | H19: =IF( D19="","",SUMIFS('Tracciatore delle operazioni'!$F$5:$F1004,'Tracciatore delle operazioni'!$C$5:$C1004,Impostazioni!$S$13,'Tracciatore delle operazioni'!$K$5:$K1004,$B19)) -> 0 | J19: =IF( B19="","",D19+F19-H19) -> 0 | X19: Ancora Cose Belle S.R.L.S. Unipersonale | Y19: =IF( X19="","",SUMIFS($T$15:$T1004,$U$15:$U1004,$X19)) -> 0 | AF19: Ancora Cose Belle S.R.L.S. Unipersonale | AG19: =IF( AF19="","",SUMIFS($AB$15:$AB1004,$AC$15:$AC1004,$AF19)) -> 0
B20: =IF(Conti!B26="","",Conti!B26) -> Ape Fish 2.0 Di Salvatore Di Grazia | C20: =IF(Conti!C26="","",Conti!C26) | D20: =IF(Conti!E26="","",Conti!E26) -> 0 | F20: =IF( B20="","",SUMIFS('Tracciatore delle operazioni'!$J$5:$J1000,'Tracciatore delle operazioni'!$C$5:$C1000,Impostazioni!$R$13,'Tracciatore delle operazioni'!$K$5:$K1000,$B20)) -> 0 | H20: =IF( D20="","",SUMIFS('Tracciatore delle operazioni'!$F$5:$F1005,'Tracciatore delle operazioni'!$C$5:$C1005,Impostazioni!$S$13,'Tracciatore delle operazioni'!$K$5:$K1005,$B20)) -> 0 | J20: =IF( B20="","",D20+F20-H20) -> 0 | X20: Ape Fish 2.0 Di Salvatore Di Grazia | Y20: =IF( X20="","",SUMIFS($T$15:$T1005,$U$15:$U1005,$X20)) -> 0 | AF20: Ape Fish 2.0 Di Salvatore Di Grazia | AG20: =IF( AF20="","",SUMIFS($AB$15:$AB1005,$AC$15:$AC1005,$AF20)) -> 0
B21: =IF(Conti!B27="","",Conti!B27) -> Associazione Culturale "Sud" Dalla Terra A Tavola | C21: =IF(Conti!C27="","",Conti!C27) | D21: =IF(Conti!E27="","",Conti!E27) -> 0 | F21: =IF( B21="","",SUMIFS('Tracciatore delle operazioni'!$J$5:$J1000,'Tracciatore delle operazioni'!$C$5:$C1000,Impostazioni!$R$13,'Tracciatore delle operazioni'!$K$5:$K1000,$B21)) -> 0 | H21: =IF( D21="","",SUMIFS('Tracciatore delle operazioni'!$F$5:$F1006,'Tracciatore delle operazioni'!$C$5:$C1006,Impostazioni!$S$13,'Tracciatore delle operazioni'!$K$5:$K1006,$B21)) -> 0 | J21: =IF( B21="","",D21+F21-H21) -> 0 | X21: Associazione Culturale "Sud" Dalla Terra A Tavola | Y21: =IF( X21="","",SUMIFS($T$15:$T1006,$U$15:$U1006,$X21)) -> 0 | AF21: Associazione Culturale "Sud" Dalla Terra A Tavola | AG21: =IF( AF21="","",SUMIFS($AB$15:$AB1006,$AC$15:$AC1006,$AF21)) -> 0
B22: =IF(Conti!B28="","",Conti!B28) -> Associazione Sportiva Dilettantistica Fidelis | C22: =IF(Conti!C28="","",Conti!C28) | D22: =IF(Conti!E28="","",Conti!E28) -> 0 | F22: =IF( B22="","",SUMIFS('Tracciatore delle operazioni'!$J$5:$J1000,'Tracciatore delle operazioni'!$C$5:$C1000,Impostazioni!$R$13,'Tracciatore delle operazioni'!$K$5:$K1000,$B22)) -> 0 | H22: =IF( D22="","",SUMIFS('Tracciatore delle operazioni'!$F$5:$F1007,'Tracciatore delle operazioni'!$C$5:$C1007,Impostazioni!$S$13,'Tracciatore delle operazioni'!$K$5:$K1007,$B22)) -> 0 | J22: =IF( B22="","",D22+F22-H22) -> 0 | X22: Associazione Sportiva Dilettantistica Fidelis | Y22: =IF( X22="","",SUMIFS($T$15:$T1007,$U$15:$U1007,$X22)) -> 0 | AF22: Associazione Sportiva Dilettantistica Fidelis | AG22: =IF( AF22="","",SUMIFS($AB$15:$AB1007,$AC$15:$AC1007,$AF22)) -> 0
B23: =IF(Conti!B29="","",Conti!B29) -> Bando Societa' A Responsabilita' Limitata Semplificata | C23: =IF(Conti!C29="","",Conti!C29) | D23: =IF(Conti!E29="","",Conti!E29) -> 0 | F23: =IF( B23="","",SUMIFS('Tracciatore delle operazioni'!$J$5:$J1001,'Tracciatore delle operazioni'!$C$5:$C1001,Impostazioni!$R$13,'Tracciatore delle operazioni'!$K$5:$K1001,$B23)) -> 0 | H23: =IF( D23="","",SUMIFS('Tracciatore delle operazioni'!$F$5:$F1008,'Tracciatore delle operazioni'!$C$5:$C1008,Impostazioni!$S$13,'Tracciatore delle operazioni'!$K$5:$K1008,$B23)) -> 0 | J23: =IF( B23="","",D23+F23-H23) -> 0 | X23: Bando Societa' A Responsabilita' Limitata Semplificata | Y23: =IF( X23="","",SUMIFS($T$15:$T1008,$U$15:$U1008,$X23)) -> 0 | AF23: Bando Societa' A Responsabilita' Limitata Semplificata | AG23: =IF( AF23="","",SUMIFS($AB$15:$AB1008,$AC$15:$AC1008,$AF23)) -> 0
B24: =IF(Conti!B30="","",Conti!B30) -> Bar Gastronomia G Di P. Srl | C24: =IF(Conti!C30="","",Conti!C30) | D24: =IF(Conti!E30="","",Conti!E30) -> 0 | F24: =IF( B24="","",SUMIFS('Tracciatore delle operazioni'!$J$5:$J1002,'Tracciatore delle operazioni'!$C$5:$C1002,Impostazioni!$R$13,'Tracciatore delle operazioni'!$K$5:$K1002,$B24)) -> 0 | H24: =IF( D24="","",SUMIFS('Tracciatore delle operazioni'!$F$5:$F1009,'Tracciatore delle operazioni'!$C$5:$C1009,Impostazioni!$S$13,'Tracciatore delle operazioni'!$K$5:$K1009,$B24)) -> 0 | J24: =IF( B24="","",D24+F24-H24) -> 0 | X24: Bar Gastronomia G Di P. Srl | Y24: =IF( X24="","",SUMIFS($T$15:$T1009,$U$15:$U1009,$X24)) -> 0 | AF24: Bar Gastronomia G Di P. Srl | AG24: =IF( AF24="","",SUMIFS($AB$15:$AB1009,$AC$15:$AC1009,$AF24)) -> 0
B25: =IF(Conti!B31="","",Conti!B31) -> Barbier Giovanni Ditta Individuale | C25: =IF(Conti!C31="","",Conti!C31) | D25: =IF(Conti!E31="","",Conti!E31) -> 0 | F25: =IF( B25="","",SUMIFS('Tracciatore delle operazioni'!$J$5:$J1003,'Tracciatore delle operazioni'!$C$5:$C1003,Impostazioni!$R$13,'Tracciatore delle operazioni'!$K$5:$K1003,$B25)) -> 0 | H25: =IF( D25="","",SUMIFS('Tracciatore delle operazioni'!$F$5:$F1010,'Tracciatore delle operazioni'!$C$5:$C1010,Impostazioni!$S$13,'Tracciatore delle operazioni'!$K$5:$K1010,$B25)) -> 0 | J25: =IF( B25="","",D25+F25-H25) -> 0 | X25: Barbier Giovanni Ditta Individuale | Y25: =IF( X25="","",SUMIFS($T$15:$T1010,$U$15:$U1010,$X25)) -> 0 | AF25: Barbier Giovanni Ditta Individuale | AG25: =IF( AF25="","",SUMIFS($AB$15:$AB1010,$AC$15:$AC1010,$AF25)) -> 0
B26: =IF(Conti!B32="","",Conti!B32) -> Beat Eventi | C26: =IF(Conti!C32="","",Conti!C32) | D26: =IF(Conti!E32="","",Conti!E32) -> 0 | F26: =IF( B26="","",SUMIFS('Tracciatore delle operazioni'!$J$5:$J1004,'Tracciatore delle operazioni'!$C$5:$C1004,Impostazioni!$R$13,'Tracciatore delle operazioni'!$K$5:$K1004,$B26)) -> 1882.5 | H26: =IF( D26="","",SUMIFS('Tracciatore delle operazioni'!$F$5:$F1011,'Tracciatore delle operazioni'!$C$5:$C1011,Impostazioni!$S$13,'Tracciatore delle operazioni'!$K$5:$K1011,$B26)) -> 0 | J26: =IF( B26="","",D26+F26-H26) -> 1882.5 | X26: Beat Eventi | Y26: =IF( X26="","",SUMIFS($T$15:$T1011,$U$15:$U1011,$X26)) -> 0 | AF26: Beat Eventi | AG26: =IF( AF26="","",SUMIFS($AB$15:$AB1011,$AC$15:$AC1011,$AF26)) -> 0
B27: =IF(Conti!B33="","",Conti!B33) -> Beats Eventi Srl | C27: =IF(Conti!C33="","",Conti!C33) | D27: =IF(Conti!E33="","",Conti!E33) -> 0 | F27: =IF( B27="","",SUMIFS('Tracciatore delle operazioni'!$J$5:$J1005,'Tracciatore delle operazioni'!$C$5:$C1005,Impostazioni!$R$13,'Tracciatore delle operazioni'!$K$5:$K1005,$B27)) -> 0 | H27: =IF( D27="","",SUMIFS('Tracciatore delle operazioni'!$F$5:$F1012,'Tracciatore delle operazioni'!$C$5:$C1012,Impostazioni!$S$13,'Tracciatore delle operazioni'!$K$5:$K1012,$B27)) -> 0 | J27: =IF( B27="","",D27+F27-H27) -> 0 | X27: Beats Eventi Srl | Y27: =IF( X27="","",SUMIFS($T$15:$T1012,$U$15:$U1012,$X27)) -> 0 | AF27: Beats Eventi Srl | AG27: =IF( AF27="","",SUMIFS($AB$15:$AB1012,$AC$15:$AC1012,$AF27)) -> 0
B28: =IF(Conti!B34="","",Conti!B34) -> Beer Style S.R.L. | C28: =IF(Conti!C34="","",Conti!C34) | D28: =IF(Conti!E34="","",Conti!E34) -> 0 | F28: =IF( B28="","",SUMIFS('Tracciatore delle operazioni'!$J$5:$J1006,'Tracciatore delle operazioni'!$C$5:$C1006,Impostazioni!$R$13,'Tracciatore delle operazioni'!$K$5:$K1006,$B28)) -> 0 | H28: =IF( D28="","",SUMIFS('Tracciatore delle operazioni'!$F$5:$F1013,'Tracciatore delle operazioni'!$C$5:$C1013,Impostazioni!$S$13,'Tracciatore delle operazioni'!$K$5:$K1013,$B28)) -> 0 | J28: =IF( B28="","",D28+F28-H28) -> 0 | X28: Beer Style S.R.L. | Y28: =IF( X28="","",SUMIFS($T$15:$T1013,$U$15:$U1013,$X28)) -> 0 | AF28: Beer Style S.R.L. | AG28: =IF( AF28="","",SUMIFS($AB$15:$AB1013,$AC$15:$AC1013,$AF28)) -> 0
B29: =IF(Conti!B35="","",Conti!B35) -> Belei Societa' In Accomandita Semplice Di Belei Sauro E Belei Sar A | C29: =IF(Conti!C35="","",Conti!C35) | D29: =IF(Conti!E35="","",Conti!E35) -> 0 | F29: =IF( B29="","",SUMIFS('Tracciatore delle operazioni'!$J$5:$J1007,'Tracciatore delle operazioni'!$C$5:$C1007,Impostazioni!$R$13,'Tracciatore delle operazioni'!$K$5:$K1007,$B29)) -> 0 | H29: =IF( D29="","",SUMIFS('Tracciatore delle operazioni'!$F$5:$F1014,'Tracciatore delle operazioni'!$C$5:$C1014,Impostazioni!$S$13,'Tracciatore delle operazioni'!$K$5:$K1014,$B29)) -> 0 | J29: =IF( B29="","",D29+F29-H29) -> 0 | X29: Belei Societa' In Accomandita Semplice Di Belei Sauro E Belei Sar A | Y29: =IF( X29="","",SUMIFS($T$15:$T1014,$U$15:$U1014,$X29)) -> 0 | AF29: Belei Societa' In Accomandita Semplice Di Belei Sauro E Belei Sar A | AG29: =IF( AF29="","",SUMIFS($AB$15:$AB1014,$AC$15:$AC1014,$AF29)) -> 0
B30: =IF(Conti!B36="","",Conti!B36) -> Bistrot Blank Di Eleonora Di Carlo | C30: =IF(Conti!C36="","",Conti!C36) | D30: =IF(Conti!E36="","",Conti!E36) -> 0 | F30: =IF( B30="","",SUMIFS('Tracciatore delle operazioni'!$J$5:$J1008,'Tracciatore delle operazioni'!$C$5:$C1008,Impostazioni!$R$13,'Tracciatore delle operazioni'!$K$5:$K1008,$B30)) -> 0 | H30: =IF( D30="","",SUMIFS('Tracciatore delle operazioni'!$F$5:$F1015,'Tracciatore delle operazioni'!$C$5:$C1015,Impostazioni!$S$13,'Tracciatore delle operazioni'!$K$5:$K1015,$B30)) -> 0 | J30: =IF( B30="","",D30+F30-H30) -> 0 | X30: Bistrot Blank Di Eleonora Di Carlo | Y30: =IF( X30="","",SUMIFS($T$15:$T1015,$U$15:$U1015,$X30)) -> 0 | AF30: Bistrot Blank Di Eleonora Di Carlo | AG30: =IF( AF30="","",SUMIFS($AB$15:$AB1015,$AC$15:$AC1015,$AF30)) -> 0
B31: =IF(Conti!B37="","",Conti!B37) -> Borgo Stajnbech S.S.Agr. | C31: =IF(Conti!C37="","",Conti!C37) | D31: =IF(Conti!E37="","",Conti!E37) -> 0 | F31: =IF( B31="","",SUMIFS('Tracciatore delle operazioni'!$J$5:$J1009,'Tracciatore delle operazioni'!$C$5:$C1009,Impostazioni!$R$13,'Tracciatore delle operazioni'!$K$5:$K1009,$B31)) -> 0 | H31: =IF( D31="","",SUMIFS('Tracciatore delle operazioni'!$F$5:$F1016,'Tracciatore delle operazioni'!$C$5:$C1016,Impostazioni!$S$13,'Tracciatore delle operazioni'!$K$5:$K1016,$B31)) -> 0 | J31: =IF( B31="","",D31+F31-H31) -> 0 | X31: Borgo Stajnbech S.S.Agr. | Y31: =IF( X31="","",SUMIFS($T$15:$T1016,$U$15:$U1016,$X31)) -> 0 | AF31: Borgo Stajnbech S.S.Agr. | AG31: =IF( AF31="","",SUMIFS($AB$15:$AB1016,$AC$15:$AC1016,$AF31)) -> 0
B32: =IF(Conti!B38="","",Conti!B38) -> Buona Forchetta S.R.L.S. Societa' A Responsabilita' Limitata Semplificata | C32: =IF(Conti!C38="","",Conti!C38) | D32: =IF(Conti!E38="","",Conti!E38) -> 0 | F32: =IF( B32="","",SUMIFS('Tracciatore delle operazioni'!$J$5:$J1010,'Tracciatore delle operazioni'!$C$5:$C1010,Impostazioni!$R$13,'Tracciatore delle operazioni'!$K$5:$K1010,$B32)) -> 0 | H32: =IF( D32="","",SUMIFS('Tracciatore delle operazioni'!$F$5:$F1017,'Tracciatore delle operazioni'!$C$5:$C1017,Impostazioni!$S$13,'Tracciatore delle operazioni'!$K$5:$K1017,$B32)) -> 0 | J32: =IF( B32="","",D32+F32-H32) -> 0 | X32: Buona Forchetta S.R.L.S. Societa' A Responsabilita' Limitata Semplificata | Y32: =IF( X32="","",SUMIFS($T$15:$T1017,$U$15:$U1017,$X32)) -> 0 | AF32: Buona Forchetta S.R.L.S. Societa' A Responsabilita' Limitata Semplificata | AG32: =IF( AF32="","",SUMIFS($AB$15:$AB1017,$AC$15:$AC1017,$AF32)) -> 0
B33: =IF(Conti!B39="","",Conti!B39) -> Ca.Mel. Service S.R.L. | C33: =IF(Conti!C40="","",Conti!C40) | D33: =IF(Conti!E40="","",Conti!E40) -> 0 | F33: =IF( B33="","",SUMIFS('Tracciatore delle operazioni'!$J$5:$J1012,'Tracciatore delle operazioni'!$C$5:$C1012,Impostazioni!$R$13,'Tracciatore delle operazioni'!$K$5:$K1012,$B33)) -> 0 | H33: =IF( D33="","",SUMIFS('Tracciatore delle operazioni'!$F$5:$F1019,'Tracciatore delle operazioni'!$C$5:$C1019,Impostazioni!$S$13,'Tracciatore delle operazioni'!$K$5:$K1019,$B33)) -> 0 | J33: =IF( B33="","",D33+F33-H33) -> 0 | X33: Ca.Mel. Service S.R.L. | Y33: =IF( X33="","",SUMIFS($T$15:$T1018,$U$15:$U1018,$X33)) -> 0 | AF33: Ca.Mel. Service S.R.L. | AG33: =IF( AF33="","",SUMIFS($AB$15:$AB1018,$AC$15:$AC1018,$AF33)) -> 0
B34: =IF(Conti!B40="","",Conti!B40) -> Ca.Po. Societa' A Responsabilita' Limitata Semplificata | C34: =IF(Conti!C41="","",Conti!C41) | D34: =IF(Conti!E41="","",Conti!E41) -> 0 | F34: =IF( B34="","",SUMIFS('Tracciatore delle operazioni'!$J$5:$J1013,'Tracciatore delle operazioni'!$C$5:$C1013,Impostazioni!$R$13,'Tracciatore delle operazioni'!$K$5:$K1013,$B34)) -> 0 | H34: =IF( D34="","",SUMIFS('Tracciatore delle operazioni'!$F$5:$F1020,'Tracciatore delle operazioni'!$C$5:$C1020,Impostazioni!$S$13,'Tracciatore delle operazioni'!$K$5:$K1020,$B34)) -> 0 | J34: =IF( B34="","",D34+F34-H34) -> 0 | X34: Ca.Po. Societa' A Responsabilita' Limitata Semplificata | Y34: =IF( X34="","",SUMIFS($T$15:$T1019,$U$15:$U1019,$X34)) -> 0 | AF34: Ca.Po. Societa' A Responsabilita' Limitata Semplificata | AG34: =IF( AF34="","",SUMIFS($AB$15:$AB1019,$AC$15:$AC1019,$AF34)) -> 0
B35: =IF(Conti!B41="","",Conti!B41) -> Caffetteria Gallia S.R.L. | C35: =IF(Conti!C42="","",Conti!C42) | D35: =IF(Conti!E42="","",Conti!E42) -> 0 | F35: =IF( B35="","",SUMIFS('Tracciatore delle operazioni'!$J$5:$J1014,'Tracciatore delle operazioni'!$C$5:$C1014,Impostazioni!$R$13,'Tracciatore delle operazioni'!$K$5:$K1014,$B35)) -> 0 | H35: =IF( D35="","",SUMIFS('Tracciatore delle operazioni'!$F$5:$F1021,'Tracciatore delle operazioni'!$C$5:$C1021,Impostazioni!$S$13,'Tracciatore delle operazioni'!$K$5:$K1021,$B35)) -> 0 | J35: =IF( B35="","",D35+F35-H35) -> 0 | X35: Caffetteria Gallia S.R.L. | Y35: =SUM(Y15:Y34) -> 0 | AF35: Caffetteria Gallia S.R.L. | AG35: =SUM(AG15:AG34) -> 0
B36: =IF(Conti!B42="","",Conti!B42) -> Caffetteria Vendetta Di Vendetta Edoardo | C36: =IF(Conti!C43="","",Conti!C43) | D36: =IF(Conti!E43="","",Conti!E43) -> 0 | F36: =IF( B36="","",SUMIFS('Tracciatore delle operazioni'!$J$5:$J1015,'Tracciatore delle operazioni'!$C$5:$C1015,Impostazioni!$R$13,'Tracciatore delle operazioni'!$K$5:$K1015,$B36)) -> 0 | H36: =IF( D36="","",SUMIFS('Tracciatore delle operazioni'!$F$5:$F1022,'Tracciatore delle operazioni'!$C$5:$C1022,Impostazioni!$S$13,'Tracciatore delle operazioni'!$K$5:$K1022,$B36)) -> 0 | J36: =IF( B36="","",D36+F36-H36) -> 0
B37: =IF(Conti!B43="","",Conti!B43) -> Canassa S.A.S. Di Peres Canassa Rudnei & C. | C37: =IF(Conti!C44="","",Conti!C44) | D37: =IF(Conti!E44="","",Conti!E44) -> 0 | F37: =IF( B37="","",SUMIFS('Tracciatore delle operazioni'!$J$5:$J1016,'Tracciatore delle operazioni'!$C$5:$C1016,Impostazioni!$R$13,'Tracciatore delle operazioni'!$K$5:$K1016,$B37)) -> 0 | H37: =IF( D37="","",SUMIFS('Tracciatore delle operazioni'!$F$5:$F1023,'Tracciatore delle operazioni'!$C$5:$C1023,Impostazioni!$S$13,'Tracciatore delle operazioni'!$K$5:$K1023,$B37)) -> 0 | J37: =IF( B37="","",D37+F37-H37) -> 0
B38: =IF(Conti!B44="","",Conti!B44) -> Cantine Mucci | C38: =IF(Conti!C45="","",Conti!C45) | D38: =IF(Conti!E45="","",Conti!E45) -> 0 | F38: =IF( B38="","",SUMIFS('Tracciatore delle operazioni'!$J$5:$J1017,'Tracciatore delle operazioni'!$C$5:$C1017,Impostazioni!$R$13,'Tracciatore delle operazioni'!$K$5:$K1017,$B38)) -> 0 | H38: =IF( D38="","",SUMIFS('Tracciatore delle operazioni'!$F$5:$F1024,'Tracciatore delle operazioni'!$C$5:$C1024,Impostazioni!$S$13,'Tracciatore delle operazioni'!$K$5:$K1024,$B38)) -> 0 | J38: =IF( B38="","",D38+F38-H38) -> 0
B39: =IF(Conti!B45="","",Conti!B45) -> Capita S.R.L. | C39: =IF(Conti!C46="","",Conti!C46) | D39: =IF(Conti!E46="","",Conti!E46) -> 0 | F39: =IF( B39="","",SUMIFS('Tracciatore delle operazioni'!$J$5:$J1018,'Tracciatore delle operazioni'!$C$5:$C1018,Impostazioni!$R$13,'Tracciatore delle operazioni'!$K$5:$K1018,$B39)) -> 0 | H39: =IF( D39="","",SUMIFS('Tracciatore delle operazioni'!$F$5:$F1025,'Tracciatore delle operazioni'!$C$5:$C1025,Impostazioni!$S$13,'Tracciatore delle operazioni'!$K$5:$K1025,$B39)) -> 0 | J39: =IF( B39="","",D39+F39-H39) -> 0
B40: =IF(Conti!B46="","",Conti!B46) -> Ccu S.R.L.S. | C40: =IF(Conti!C49="","",Conti!C49) | D40: =IF(Conti!E49="","",Conti!E49) -> 0 | F40: =IF( B40="","",SUMIFS('Tracciatore delle operazioni'!$J$5:$J1021,'Tracciatore delle operazioni'!$C$5:$C1021,Impostazioni!$R$13,'Tracciatore delle operazioni'!$K$5:$K1021,$B40)) -> 0 | H40: =IF( D40="","",SUMIFS('Tracciatore delle operazioni'!$F$5:$F1028,'Tracciatore delle operazioni'!$C$5:$C1028,Impostazioni!$S$13,'Tracciatore delle operazioni'!$K$5:$K1028,$B40)) -> 0 | J40: =IF( B40="","",D40+F40-H40) -> 0
B41: =IF(Conti!B47="","",Conti!B47) -> Chinottissimo Pneri Srl | C41: =IF(Conti!C51="","",Conti!C51) | D41: =IF(Conti!E51="","",Conti!E51) -> 0 | F41: =IF( B41="","",SUMIFS('Tracciatore delle operazioni'!$J$5:$J1023,'Tracciatore delle operazioni'!$C$5:$C1023,Impostazioni!$R$13,'Tracciatore delle operazioni'!$K$5:$K1023,$B41)) -> 0 | H41: =IF( D41="","",SUMIFS('Tracciatore delle operazioni'!$F$5:$F1030,'Tracciatore delle operazioni'!$C$5:$C1030,Impostazioni!$S$13,'Tracciatore delle operazioni'!$K$5:$K1030,$B41)) -> 0 | J41: =IF( B41="","",D41+F41-H41) -> 0
B42: =IF(Conti!B48="","",Conti!B48) -> Ciampini Marco | C42: =IF(Conti!C53="","",Conti!C53) | D42: =IF(Conti!E53="","",Conti!E53) -> 0 | F42: =IF( B42="","",SUMIFS('Tracciatore delle operazioni'!$J$5:$J1025,'Tracciatore delle operazioni'!$C$5:$C1025,Impostazioni!$R$13,'Tracciatore delle operazioni'!$K$5:$K1025,$B42)) -> 0 | H42: =IF( D42="","",SUMIFS('Tracciatore delle operazioni'!$F$5:$F1032,'Tracciatore delle operazioni'!$C$5:$C1032,Impostazioni!$S$13,'Tracciatore delle operazioni'!$K$5:$K1032,$B42)) -> 0 | J42: =IF( B42="","",D42+F42-H42) -> 0
B43: =IF(Conti!B49="","",Conti!B49) -> Civico 36 S.R.L.S. | C43: =IF(Conti!C54="","",Conti!C54) | D43: =IF(Conti!E54="","",Conti!E54) -> 0 | F43: =IF( B43="","",SUMIFS('Tracciatore delle operazioni'!$J$5:$J1026,'Tracciatore delle operazioni'!$C$5:$C1026,Impostazioni!$R$13,'Tracciatore delle operazioni'!$K$5:$K1026,$B43)) -> 0 | H43: =IF( D43="","",SUMIFS('Tracciatore delle operazioni'!$F$5:$F1033,'Tracciatore delle operazioni'!$C$5:$C1033,Impostazioni!$S$13,'Tracciatore delle operazioni'!$K$5:$K1033,$B43)) -> 0 | J43: =IF( B43="","",D43+F43-H43) -> 0
B44: =IF(Conti!B50="","",Conti!B50) -> Coffee Bread S.R.L. | C44: =IF(Conti!C56="","",Conti!C56) | D44: =IF(Conti!E56="","",Conti!E56) -> 0 | F44: =IF( B44="","",SUMIFS('Tracciatore delle operazioni'!$J$5:$J1028,'Tracciatore delle operazioni'!$C$5:$C1028,Impostazioni!$R$13,'Tracciatore delle operazioni'!$K$5:$K1028,$B44)) -> 0 | H44: =IF( D44="","",SUMIFS('Tracciatore delle operazioni'!$F$5:$F1035,'Tracciatore delle operazioni'!$C$5:$C1035,Impostazioni!$S$13,'Tracciatore delle operazioni'!$K$5:$K1035,$B44)) -> 0 | J44: =IF( B44="","",D44+F44-H44) -> 0
B45: =IF(Conti!B51="","",Conti!B51) -> Collis Heritage S.P.A. | C45: =IF(Conti!C57="","",Conti!C57) | D45: =IF(Conti!E57="","",Conti!E57) -> 0 | F45: =IF( B45="","",SUMIFS('Tracciatore delle operazioni'!$J$5:$J1029,'Tracciatore delle operazioni'!$C$5:$C1029,Impostazioni!$R$13,'Tracciatore delle operazioni'!$K$5:$K1029,$B45)) -> 0 | H45: =IF( D45="","",SUMIFS('Tracciatore delle operazioni'!$F$5:$F1036,'Tracciatore delle operazioni'!$C$5:$C1036,Impostazioni!$S$13,'Tracciatore delle operazioni'!$K$5:$K1036,$B45)) -> 0 | J45: =IF( B45="","",D45+F45-H45) -> 0
B46: =IF(Conti!B52="","",Conti!B52) -> Deve' S.R.L. | C46: =IF(Conti!C58="","",Conti!C58) | D46: =IF(Conti!E58="","",Conti!E58) -> 0 | F46: =IF( B46="","",SUMIFS('Tracciatore delle operazioni'!$J$5:$J1030,'Tracciatore delle operazioni'!$C$5:$C1030,Impostazioni!$R$13,'Tracciatore delle operazioni'!$K$5:$K1030,$B46)) -> 0 | H46: =IF( D46="","",SUMIFS('Tracciatore delle operazioni'!$F$5:$F1037,'Tracciatore delle operazioni'!$C$5:$C1037,Impostazioni!$S$13,'Tracciatore delle operazioni'!$K$5:$K1037,$B46)) -> 0 | J46: =IF( B46="","",D46+F46-H46) -> 0
B47: =IF(Conti!B53="","",Conti!B53) -> Dhyan Choan | C47: =IF(Conti!C59="","",Conti!C59) | D47: =IF(Conti!E59="","",Conti!E59) -> 0 | F47: =IF( B47="","",SUMIFS('Tracciatore delle operazioni'!$J$5:$J1031,'Tracciatore delle operazioni'!$C$5:$C1031,Impostazioni!$R$13,'Tracciatore delle operazioni'!$K$5:$K1031,$B47)) -> 0 | H47: =IF( D47="","",SUMIFS('Tracciatore delle operazioni'!$F$5:$F1038,'Tracciatore delle operazioni'!$C$5:$C1038,Impostazioni!$S$13,'Tracciatore delle operazioni'!$K$5:$K1038,$B47)) -> 1867.34 | J47: =IF( B47="","",D47+F47-H47) -> -1867.34
B48: =IF(Conti!B55="","",Conti!B55) -> Dil Srl | C48: =IF(Conti!C55="","",Conti!C55) | D48: =IF(Conti!E55="","",Conti!E55) -> 0 | F48: =IF( B48="","",SUMIFS('Tracciatore delle operazioni'!$J$5:$J1027,'Tracciatore delle operazioni'!$C$5:$C1027,Impostazioni!$R$13,'Tracciatore delle operazioni'!$K$5:$K1027,$B48)) -> 0 | H48: =IF( D48="","",SUMIFS('Tracciatore delle operazioni'!$F$5:$F1034,'Tracciatore delle operazioni'!$C$5:$C1034,Impostazioni!$S$13,'Tracciatore delle operazioni'!$K$5:$K1034,$B48)) -> 0 | J48: =IF( B48="","",D48+F48-H48) -> 0
B49: =IF(Conti!B60="","",Conti!B60) -> Eredi Di Sergio De Santis E C. S.N.C. | C49: =IF(Conti!C60="","",Conti!C60) | D49: =IF(Conti!E60="","",Conti!E60) -> 0 | F49: =IF( B49="","",SUMIFS('Tracciatore delle operazioni'!$J$5:$J1032,'Tracciatore delle operazioni'!$C$5:$C1032,Impostazioni!$R$13,'Tracciatore delle operazioni'!$K$5:$K1032,$B49)) -> 0 | H49: =IF( D49="","",SUMIFS('Tracciatore delle operazioni'!$F$5:$F1039,'Tracciatore delle operazioni'!$C$5:$C1039,Impostazioni!$S$13,'Tracciatore delle operazioni'!$K$5:$K1039,$B49)) -> 0 | J49: =IF( B49="","",D49+F49-H49) -> 0
B50: =IF(Conti!B61="","",Conti!B61) -> Fer.Vis. Srl | C50: =IF(Conti!C61="","",Conti!C61) | D50: =IF(Conti!E61="","",Conti!E61) -> 0 | F50: =IF( B50="","",SUMIFS('Tracciatore delle operazioni'!$J$5:$J1033,'Tracciatore delle operazioni'!$C$5:$C1033,Impostazioni!$R$13,'Tracciatore delle operazioni'!$K$5:$K1033,$B50)) -> 0 | H50: =IF( D50="","",SUMIFS('Tracciatore delle operazioni'!$F$5:$F1040,'Tracciatore delle operazioni'!$C$5:$C1040,Impostazioni!$S$13,'Tracciatore delle operazioni'!$K$5:$K1040,$B50)) -> 0 | J50: =IF( B50="","",D50+F50-H50) -> 0
B51: =IF(Conti!B62="","",Conti!B62) -> G.M. 1991 S.R.L. | C51: =IF(Conti!C62="","",Conti!C62) | D51: =IF(Conti!E62="","",Conti!E62) -> 0 | F51: =IF( B51="","",SUMIFS('Tracciatore delle operazioni'!$J$5:$J1034,'Tracciatore delle operazioni'!$C$5:$C1034,Impostazioni!$R$13,'Tracciatore delle operazioni'!$K$5:$K1034,$B51)) -> 0 | H51: =IF( D51="","",SUMIFS('Tracciatore delle operazioni'!$F$5:$F1041,'Tracciatore delle operazioni'!$C$5:$C1041,Impostazioni!$S$13,'Tracciatore delle operazioni'!$K$5:$K1041,$B51)) -> 0 | J51: =IF( B51="","",D51+F51-H51) -> 0
B52: =IF(Conti!B63="","",Conti!B63) -> G.V. - S.R.L.S. | C52: =IF(Conti!C63="","",Conti!C63) | D52: =IF(Conti!E63="","",Conti!E63) -> 0 | F52: =IF( B52="","",SUMIFS('Tracciatore delle operazioni'!$J$5:$J1035,'Tracciatore delle operazioni'!$C$5:$C1035,Impostazioni!$R$13,'Tracciatore delle operazioni'!$K$5:$K1035,$B52)) -> 0 | H52: =IF( D52="","",SUMIFS('Tracciatore delle operazioni'!$F$5:$F1042,'Tracciatore delle operazioni'!$C$5:$C1042,Impostazioni!$S$13,'Tracciatore delle operazioni'!$K$5:$K1042,$B52)) -> 0 | J52: =IF( B52="","",D52+F52-H52) -> 0
B53: =IF(Conti!B64="","",Conti!B64) -> Garofolo Rag. Candido | C53: =IF(Conti!C64="","",Conti!C64) | D53: =IF(Conti!E64="","",Conti!E64) -> 0 | F53: =IF( B53="","",SUMIFS('Tracciatore delle operazioni'!$J$5:$J1036,'Tracciatore delle operazioni'!$C$5:$C1036,Impostazioni!$R$13,'Tracciatore delle operazioni'!$K$5:$K1036,$B53)) -> 0 | H53: =IF( D53="","",SUMIFS('Tracciatore delle operazioni'!$F$5:$F1043,'Tracciatore delle operazioni'!$C$5:$C1043,Impostazioni!$S$13,'Tracciatore delle operazioni'!$K$5:$K1043,$B53)) -> 0 | J53: =IF( B53="","",D53+F53-H53) -> 0
B54: =IF(Conti!B65="","",Conti!B65) -> Gazzola Spa | C54: =IF(Conti!C65="","",Conti!C65) | D54: =IF(Conti!E65="","",Conti!E65) -> 0 | F54: =IF( B54="","",SUMIFS('Tracciatore delle operazioni'!$J$5:$J1037,'Tracciatore delle operazioni'!$C$5:$C1037,Impostazioni!$R$13,'Tracciatore delle operazioni'!$K$5:$K1037,$B54)) -> 0 | H54: =IF( D54="","",SUMIFS('Tracciatore delle operazioni'!$F$5:$F1044,'Tracciatore delle operazioni'!$C$5:$C1044,Impostazioni!$S$13,'Tracciatore delle operazioni'!$K$5:$K1044,$B54)) -> 0 | J54: =IF( B54="","",D54+F54-H54) -> 0
B55: =IF(Conti!B66="","",Conti!B66) -> Gestione G.A.N.A. Snc Di Pes & C. | C55: =IF(Conti!C66="","",Conti!C66) | D55: =IF(Conti!E66="","",Conti!E66) -> 0 | F55: =IF( B55="","",SUMIFS('Tracciatore delle operazioni'!$J$5:$J1038,'Tracciatore delle operazioni'!$C$5:$C1038,Impostazioni!$R$13,'Tracciatore delle operazioni'!$K$5:$K1038,$B55)) -> 0 | H55: =IF( D55="","",SUMIFS('Tracciatore delle operazioni'!$F$5:$F1045,'Tracciatore delle operazioni'!$C$5:$C1045,Impostazioni!$S$13,'Tracciatore delle operazioni'!$K$5:$K1045,$B55)) -> 0 | J55: =IF( B55="","",D55+F55-H55) -> 0
B56: =IF(Conti!B67="","",Conti!B67) -> Grey Caffe' Di Eliwa Elsayed Eliwa Mohamed Elmobarak | C56: =IF(Conti!C67="","",Conti!C67) | D56: =IF(Conti!E67="","",Conti!E67) -> 0 | F56: =IF( B56="","",SUMIFS('Tracciatore delle operazioni'!$J$5:$J1039,'Tracciatore delle operazioni'!$C$5:$C1039,Impostazioni!$R$13,'Tracciatore delle operazioni'!$K$5:$K1039,$B56)) -> 0 | H56: =IF( D56="","",SUMIFS('Tracciatore delle operazioni'!$F$5:$F1046,'Tracciatore delle operazioni'!$C$5:$C1046,Impostazioni!$S$13,'Tracciatore delle operazioni'!$K$5:$K1046,$B56)) -> 0 | J56: =IF( B56="","",D56+F56-H56) -> 0
B57: =IF(Conti!B68="","",Conti!B68) -> Guidi | C57: =IF(Conti!C68="","",Conti!C68) | D57: =IF(Conti!E68="","",Conti!E68) -> 0 | F57: =IF( B57="","",SUMIFS('Tracciatore delle operazioni'!$J$5:$J1040,'Tracciatore delle operazioni'!$C$5:$C1040,Impostazioni!$R$13,'Tracciatore delle operazioni'!$K$5:$K1040,$B57)) -> 574.62 | H57: =IF( D57="","",SUMIFS('Tracciatore delle operazioni'!$F$5:$F1047,'Tracciatore delle operazioni'!$C$5:$C1047,Impostazioni!$S$13,'Tracciatore delle operazioni'!$K$5:$K1047,$B57)) -> 0 | J57: =IF( B57="","",D57+F57-H57) -> 574.62
B58: =IF(Conti!B69="","",Conti!B69) -> Guidi Societa' A Responsabilita' Limitata Semplificata | C58: =IF(Conti!C69="","",Conti!C69) | D58: =IF(Conti!E69="","",Conti!E69) -> 0 | F58: =IF( B58="","",SUMIFS('Tracciatore delle operazioni'!$J$5:$J1041,'Tracciatore delle operazioni'!$C$5:$C1041,Impostazioni!$R$13,'Tracciatore delle operazioni'!$K$5:$K1041,$B58)) -> 0 | H58: =IF( D58="","",SUMIFS('Tracciatore delle operazioni'!$F$5:$F1048,'Tracciatore delle operazioni'!$C$5:$C1048,Impostazioni!$S$13,'Tracciatore delle operazioni'!$K$5:$K1048,$B58)) -> 0 | J58: =IF( B58="","",D58+F58-H58) -> 0
B59: =IF(Conti!B70="","",Conti!B70) -> Guido Magnanensi | C59: =IF(Conti!C70="","",Conti!C70) | D59: =IF(Conti!E70="","",Conti!E70) -> 0 | F59: =IF( B59="","",SUMIFS('Tracciatore delle operazioni'!$J$5:$J1042,'Tracciatore delle operazioni'!$C$5:$C1042,Impostazioni!$R$13,'Tracciatore delle operazioni'!$K$5:$K1042,$B59)) -> 0 | H59: =IF( D59="","",SUMIFS('Tracciatore delle operazioni'!$F$5:$F1049,'Tracciatore delle operazioni'!$C$5:$C1049,Impostazioni!$S$13,'Tracciatore delle operazioni'!$K$5:$K1049,$B59)) -> 0 | J59: =IF( B59="","",D59+F59-H59) -> 0
B60: =IF(Conti!B71="","",Conti!B71) -> Honky Tonk -Calabroni Srls | C60: =IF(Conti!C71="","",Conti!C71) | D60: =IF(Conti!E71="","",Conti!E71) -> 0 | F60: =IF( B60="","",SUMIFS('Tracciatore delle operazioni'!$J$5:$J1043,'Tracciatore delle operazioni'!$C$5:$C1043,Impostazioni!$R$13,'Tracciatore delle operazioni'!$K$5:$K1043,$B60)) -> 0 | H60: =IF( D60="","",SUMIFS('Tracciatore delle operazioni'!$F$5:$F1050,'Tracciatore delle operazioni'!$C$5:$C1050,Impostazioni!$S$13,'Tracciatore delle operazioni'!$K$5:$K1050,$B60)) -> 0 | J60: =IF( B60="","",D60+F60-H60) -> 0
... B78: =IF(Conti!B89="","",Conti!B89) -> Lumi' S.R.L. | C78: =IF(Conti!C89="","",Conti!C89) | D78: =IF(Conti!E89="","",Conti!E89) -> 0 | F78: =IF( B78="","",SUMIFS('Tracciatore delle operazioni'!$J$5:$J1061,'Tracciatore delle operazioni'!$C$5:$C1061,Impostazioni!$R$13,'Tracciatore delle operazioni'!$K$5:$K1061,$B78)) -> 0 | H78: =IF( D78="","",SUMIFS('Tracciatore delle operazioni'!$F$5:$F1068,'Tracciatore delle operazioni'!$C$5:$C1068,Impostazioni!$S$13,'Tracciatore delle operazioni'!$K$5:$K1068,$B78)) -> 0 | J78: =IF( B78="","",D78+F78-H78) -> 0
B79: =IF(Conti!#REF!="","",Conti!#REF!) -> #REF! | C79: =IF(Conti!#REF!="","",Conti!#REF!) -> #REF! | D79: =IF(Conti!#REF!="","",Conti!#REF!) -> #REF! | F79: =IF( B79="","",SUMIFS('Tracciatore delle operazioni'!$J$5:$J1062,'Tracciatore delle operazioni'!$C$5:$C1062,Impostazioni!$R$13,'Tracciatore delle operazioni'!$K$5:$K1062,$B79)) -> #REF! | H79: =IF( D79="","",SUMIFS('Tracciatore delle operazioni'!$F$5:$F1069,'Tracciatore delle operazioni'!$C$5:$C1069,Impostazioni!$S$13,'Tracciatore delle operazioni'!$K$5:$K1069,$B79)) -> #REF! | J79: =IF( B79="","",D79+F79-H79) -> #REF!
B80: =IF(Conti!B90="","",Conti!B90) -> Madbit Entertainment S.R.L. | C80: =IF(Conti!C90="","",Conti!C90) | D80: =IF(Conti!E90="","",Conti!E90) -> 0 | F80: =IF( B80="","",SUMIFS('Tracciatore delle operazioni'!$J$5:$J1063,'Tracciatore delle operazioni'!$C$5:$C1063,Impostazioni!$R$13,'Tracciatore delle operazioni'!$K$5:$K1063,$B80)) -> 0 | H80: =IF( D80="","",SUMIFS('Tracciatore delle operazioni'!$F$5:$F1070,'Tracciatore delle operazioni'!$C$5:$C1070,Impostazioni!$S$13,'Tracciatore delle operazioni'!$K$5:$K1070,$B80)) -> 0 | J80: =IF( B80="","",D80+F80-H80) -> 0
B81: =IF(Conti!B91="","",Conti!B91) -> Masci Caffe Di Masci Marco | C81: =IF(Conti!C91="","",Conti!C91) | D81: =IF(Conti!E91="","",Conti!E91) -> 0 | F81: =IF( B81="","",SUMIFS('Tracciatore delle operazioni'!$J$5:$J1064,'Tracciatore delle operazioni'!$C$5:$C1064,Impostazioni!$R$13,'Tracciatore delle operazioni'!$K$5:$K1064,$B81)) -> 0 | H81: =IF( D81="","",SUMIFS('Tracciatore delle operazioni'!$F$5:$F1071,'Tracciatore delle operazioni'!$C$5:$C1071,Impostazioni!$S$13,'Tracciatore delle operazioni'!$K$5:$K1071,$B81)) -> 0 | J81: =IF( B81="","",D81+F81-H81) -> 0
B82: =IF(Conti!B92="","",Conti!B92) -> Medley Srls | C82: =IF(Conti!C92="","",Conti!C92) | D82: =IF(Conti!E92="","",Conti!E92) -> 0 | F82: =IF( B82="","",SUMIFS('Tracciatore delle operazioni'!$J$5:$J1065,'Tracciatore delle operazioni'!$C$5:$C1065,Impostazioni!$R$13,'Tracciatore delle operazioni'!$K$5:$K1065,$B82)) -> 0 | H82: =IF( D82="","",SUMIFS('Tracciatore delle operazioni'!$F$5:$F1072,'Tracciatore delle operazioni'!$C$5:$C1072,Impostazioni!$S$13,'Tracciatore delle operazioni'!$K$5:$K1072,$B82)) -> 0 | J82: =IF( B82="","",D82+F82-H82) -> 0
B83: =IF(Conti!B93="","",Conti!B93) -> Melchiorre Tiziano | C83: =IF(Conti!C93="","",Conti!C93) | D83: =IF(Conti!E93="","",Conti!E93) -> 0 | F83: =IF( B83="","",SUMIFS('Tracciatore delle operazioni'!$J$5:$J1066,'Tracciatore delle operazioni'!$C$5:$C1066,Impostazioni!$R$13,'Tracciatore delle operazioni'!$K$5:$K1066,$B83)) -> 0 | H83: =IF( D83="","",SUMIFS('Tracciatore delle operazioni'!$F$5:$F1073,'Tracciatore delle operazioni'!$C$5:$C1073,Impostazioni!$S$13,'Tracciatore delle operazioni'!$K$5:$K1073,$B83)) -> 0 | J83: =IF( B83="","",D83+F83-H83) -> 0
B84: =IF(Conti!B94="","",Conti!B94) -> 'N Goccetto Di Callara' Federica | C84: =IF(Conti!C94="","",Conti!C94) | D84: =IF(Conti!E94="","",Conti!E94) -> 0 | F84: =IF( B84="","",SUMIFS('Tracciatore delle operazioni'!$J$5:$J1067,'Tracciatore delle operazioni'!$C$5:$C1067,Impostazioni!$R$13,'Tracciatore delle operazioni'!$K$5:$K1067,$B84)) -> 0 | H84: =IF( D84="","",SUMIFS('Tracciatore delle operazioni'!$F$5:$F1074,'Tracciatore delle operazioni'!$C$5:$C1074,Impostazioni!$S$13,'Tracciatore delle operazioni'!$K$5:$K1074,$B84)) -> 0 | J84: =IF( B84="","",D84+F84-H84) -> 0
B85: =IF(Conti!B95="","",Conti!B95) -> Nasone Srl | C85: =IF(Conti!C95="","",Conti!C95) | D85: =IF(Conti!E95="","",Conti!E95) -> 0 | F85: =IF( B85="","",SUMIFS('Tracciatore delle operazioni'!$J$5:$J1068,'Tracciatore delle operazioni'!$C$5:$C1068,Impostazioni!$R$13,'Tracciatore delle operazioni'!$K$5:$K1068,$B85)) -> 0 | H85: =IF( D85="","",SUMIFS('Tracciatore delle operazioni'!$F$5:$F1075,'Tracciatore delle operazioni'!$C$5:$C1075,Impostazioni!$S$13,'Tracciatore delle operazioni'!$K$5:$K1075,$B85)) -> 0 | J85: =IF( B85="","",D85+F85-H85) -> 0
B86: =IF(Conti!B96="","",Conti!B96) -> No Name Roma Societa' A Responsabilita' Limitata Semplificata | C86: =IF(Conti!C96="","",Conti!C96) | D86: =IF(Conti!E96="","",Conti!E96) -> 0 | F86: =IF( B86="","",SUMIFS('Tracciatore delle operazioni'!$J$5:$J1069,'Tracciatore delle operazioni'!$C$5:$C1069,Impostazioni!$R$13,'Tracciatore delle operazioni'!$K$5:$K1069,$B86)) -> 0 | H86: =IF( D86="","",SUMIFS('Tracciatore delle operazioni'!$F$5:$F1076,'Tracciatore delle operazioni'!$C$5:$C1076,Impostazioni!$S$13,'Tracciatore delle operazioni'!$K$5:$K1076,$B86)) -> 0 | J86: =IF( B86="","",D86+F86-H86) -> 0
B87: =IF(Conti!B97="","",Conti!B97) -> Optima Italia S.P.A. | C87: =IF(Conti!C97="","",Conti!C97) | D87: =IF(Conti!E97="","",Conti!E97) -> 0 | F87: =IF( B87="","",SUMIFS('Tracciatore delle operazioni'!$J$5:$J1070,'Tracciatore delle operazioni'!$C$5:$C1070,Impostazioni!$R$13,'Tracciatore delle operazioni'!$K$5:$K1070,$B87)) -> 0 | H87: =IF( D87="","",SUMIFS('Tracciatore delle operazioni'!$F$5:$F1077,'Tracciatore delle operazioni'!$C$5:$C1077,Impostazioni!$S$13,'Tracciatore delle operazioni'!$K$5:$K1077,$B87)) -> 0 | J87: =IF( B87="","",D87+F87-H87) -> 0
B88: =IF(Conti!B98="","",Conti!B98) -> Pane E Companatico S.R.L. | C88: =IF(Conti!C98="","",Conti!C98) | D88: =IF(Conti!E98="","",Conti!E98) -> 0 | F88: =IF( B88="","",SUMIFS('Tracciatore delle operazioni'!$J$5:$J1071,'Tracciatore delle operazioni'!$C$5:$C1071,Impostazioni!$R$13,'Tracciatore delle operazioni'!$K$5:$K1071,$B88)) -> 0 | H88: =IF( D88="","",SUMIFS('Tracciatore delle operazioni'!$F$5:$F1078,'Tracciatore delle operazioni'!$C$5:$C1078,Impostazioni!$S$13,'Tracciatore delle operazioni'!$K$5:$K1078,$B88)) -> 0 | J88: =IF( B88="","",D88+F88-H88) -> 0
B89: =IF(Conti!B99="","",Conti!B99) -> Pastrami S.R.L. Semplificata | C89: =IF(Conti!C99="","",Conti!C99) | D89: =IF(Conti!E99="","",Conti!E99) -> 0 | F89: =IF( B89="","",SUMIFS('Tracciatore delle operazioni'!$J$5:$J1072,'Tracciatore delle operazioni'!$C$5:$C1072,Impostazioni!$R$13,'Tracciatore delle operazioni'!$K$5:$K1072,$B89)) -> 0 | H89: =IF( D89="","",SUMIFS('Tracciatore delle operazioni'!$F$5:$F1079,'Tracciatore delle operazioni'!$C$5:$C1079,Impostazioni!$S$13,'Tracciatore delle operazioni'!$K$5:$K1079,$B89)) -> 0 | J89: =IF( B89="","",D89+F89-H89) -> 0
B90: =IF(Conti!B100="","",Conti!B100) -> Pethi S.R.L. | C90: =IF(Conti!C100="","",Conti!C100) | D90: =IF(Conti!E100="","",Conti!E100) -> 0 | F90: =IF( B90="","",SUMIFS('Tracciatore delle operazioni'!$J$5:$J1073,'Tracciatore delle operazioni'!$C$5:$C1073,Impostazioni!$R$13,'Tracciatore delle operazioni'!$K$5:$K1073,$B90)) -> 0 | H90: =IF( D90="","",SUMIFS('Tracciatore delle operazioni'!$F$5:$F1080,'Tracciatore delle operazioni'!$C$5:$C1080,Impostazioni!$S$13,'Tracciatore delle operazioni'!$K$5:$K1080,$B90)) -> 0 | J90: =IF( B90="","",D90+F90-H90) -> 0
B91: =IF(Conti!B101="","",Conti!B101) -> Pmcc Di Paolo Morselli | C91: =IF(Conti!C101="","",Conti!C101) | D91: =IF(Conti!E101="","",Conti!E101) -> 0 | F91: =IF( B91="","",SUMIFS('Tracciatore delle operazioni'!$J$5:$J1074,'Tracciatore delle operazioni'!$C$5:$C1074,Impostazioni!$R$13,'Tracciatore delle operazioni'!$K$5:$K1074,$B91)) -> 0 | H91: =IF( D91="","",SUMIFS('Tracciatore delle operazioni'!$F$5:$F1081,'Tracciatore delle operazioni'!$C$5:$C1081,Impostazioni!$S$13,'Tracciatore delle operazioni'!$K$5:$K1081,$B91)) -> 0 | J91: =IF( B91="","",D91+F91-H91) -> 0
... B115: =IF(Conti!B125="","",Conti!B125) -> Vivo S.R.L.S. | C115: =IF(Conti!C125="","",Conti!C125) | D115: =IF(Conti!E125="","",Conti!E125) -> 0 | F115: =IF( B115="","",SUMIFS('Tracciatore delle operazioni'!$J$5:$J1098,'Tracciatore delle operazioni'!$C$5:$C1098,Impostazioni!$R$13,'Tracciatore delle operazioni'!$K$5:$K1098,$B115)) -> 0 | H115: =IF( D115="","",SUMIFS('Tracciatore delle operazioni'!$F$5:$F1105,'Tracciatore delle operazioni'!$C$5:$C1105,Impostazioni!$S$13,'Tracciatore delle operazioni'!$K$5:$K1105,$B115)) -> 0 | J115: =IF( B115="","",D115+F115-H115) -> 0
B116: =IF(Conti!#REF!="","",Conti!#REF!) -> #REF! | C116: =IF(Conti!C39="","",Conti!C39) | D116: =IF(Conti!E39="","",Conti!E39) -> 0 | F116: =IF( B116="","",SUMIFS('Tracciatore delle operazioni'!$J$5:$J1011,'Tracciatore delle operazioni'!$C$5:$C1011,Impostazioni!$R$13,'Tracciatore delle operazioni'!$K$5:$K1011,$B116)) -> #REF! | H116: =IF( D116="","",SUMIFS('Tracciatore delle operazioni'!$F$5:$F1018,'Tracciatore delle operazioni'!$C$5:$C1018,Impostazioni!$S$13,'Tracciatore delle operazioni'!$K$5:$K1018,$B116)) -> 0 | J116: =IF( B116="","",D116+F116-H116) -> #REF!
B117: =IF(Conti!#REF!="","",Conti!#REF!) -> #REF! | C117: =IF(Conti!C47="","",Conti!C47) | D117: =IF(Conti!E47="","",Conti!E47) -> 0 | F117: =IF( B117="","",SUMIFS('Tracciatore delle operazioni'!$J$5:$J1019,'Tracciatore delle operazioni'!$C$5:$C1019,Impostazioni!$R$13,'Tracciatore delle operazioni'!$K$5:$K1019,$B117)) -> #REF! | H117: =IF( D117="","",SUMIFS('Tracciatore delle operazioni'!$F$5:$F1026,'Tracciatore delle operazioni'!$C$5:$C1026,Impostazioni!$S$13,'Tracciatore delle operazioni'!$K$5:$K1026,$B117)) -> 0 | J117: =IF( B117="","",D117+F117-H117) -> #REF!
B118: =IF(Conti!#REF!="","",Conti!#REF!) -> #REF! | C118: =IF(Conti!C48="","",Conti!C48) | D118: =IF(Conti!E48="","",Conti!E48) -> 0 | F118: =IF( B118="","",SUMIFS('Tracciatore delle operazioni'!$J$5:$J1020,'Tracciatore delle operazioni'!$C$5:$C1020,Impostazioni!$R$13,'Tracciatore delle operazioni'!$K$5:$K1020,$B118)) -> #REF! | H118: =IF( D118="","",SUMIFS('Tracciatore delle operazioni'!$F$5:$F1027,'Tracciatore delle operazioni'!$C$5:$C1027,Impostazioni!$S$13,'Tracciatore delle operazioni'!$K$5:$K1027,$B118)) -> 0 | J118: =IF( B118="","",D118+F118-H118) -> #REF!
B119: =IF(Conti!#REF!="","",Conti!#REF!) -> #REF! | C119: =IF(Conti!C50="","",Conti!C50) | D119: =IF(Conti!E50="","",Conti!E50) -> 0 | F119: =IF( B119="","",SUMIFS('Tracciatore delle operazioni'!$J$5:$J1022,'Tracciatore delle operazioni'!$C$5:$C1022,Impostazioni!$R$13,'Tracciatore delle operazioni'!$K$5:$K1022,$B119)) -> #REF! | H119: =IF( D119="","",SUMIFS('Tracciatore delle operazioni'!$F$5:$F1029,'Tracciatore delle operazioni'!$C$5:$C1029,Impostazioni!$S$13,'Tracciatore delle operazioni'!$K$5:$K1029,$B119)) -> 0 | J119: =IF( B119="","",D119+F119-H119) -> #REF!
B120: =IF(Conti!#REF!="","",Conti!#REF!) -> #REF! | C120: =IF(Conti!C52="","",Conti!C52) | D120: =IF(Conti!E52="","",Conti!E52) -> 0 | F120: =IF( B120="","",SUMIFS('Tracciatore delle operazioni'!$J$5:$J1024,'Tracciatore delle operazioni'!$C$5:$C1024,Impostazioni!$R$13,'Tracciatore delle operazioni'!$K$5:$K1024,$B120)) -> #REF! | H120: =IF( D120="","",SUMIFS('Tracciatore delle operazioni'!$F$5:$F1031,'Tracciatore delle operazioni'!$C$5:$C1031,Impostazioni!$S$13,'Tracciatore delle operazioni'!$K$5:$K1031,$B120)) -> 0 | J120: =IF( B120="","",D120+F120-H120) -> #REF!
B121: =IF(Conti!B126="","",Conti!B126) | C121: =IF(Conti!C126="","",Conti!C126) | D121: =IF(Conti!E126="","",Conti!E126) -> 0 | F121: =IF( B121="","",SUMIFS('Tracciatore delle operazioni'!$J$5:$J1099,'Tracciatore delle operazioni'!$C$5:$C1099,Impostazioni!$R$13,'Tracciatore delle operazioni'!$K$5:$K1099,$B121)) | H121: =IF( D121="","",SUMIFS('Tracciatore delle operazioni'!$F$5:$F1106,'Tracciatore delle operazioni'!$C$5:$C1106,Impostazioni!$S$13,'Tracciatore delle operazioni'!$K$5:$K1106,$B121)) -> 0 | J121: =IF( B121="","",D121+F121-H121)
B122: =IF(Conti!B127="","",Conti!B127) | C122: =IF(Conti!C127="","",Conti!C127) | D122: =IF(Conti!E127="","",Conti!E127) -> 0 | F122: =IF( B122="","",SUMIFS('Tracciatore delle operazioni'!$J$5:$J1100,'Tracciatore delle operazioni'!$C$5:$C1100,Impostazioni!$R$13,'Tracciatore delle operazioni'!$K$5:$K1100,$B122)) | H122: =IF( D122="","",SUMIFS('Tracciatore delle operazioni'!$F$5:$F1107,'Tracciatore delle operazioni'!$C$5:$C1107,Impostazioni!$S$13,'Tracciatore delle operazioni'!$K$5:$K1107,$B122)) -> 0 | J122: =IF( B122="","",D122+F122-H122)
B123: =IF(Conti!B128="","",Conti!B128) | C123: =IF(Conti!C128="","",Conti!C128) | D123: =IF(Conti!E128="","",Conti!E128) -> 0 | F123: =IF( B123="","",SUMIFS('Tracciatore delle operazioni'!$J$5:$J1101,'Tracciatore delle operazioni'!$C$5:$C1101,Impostazioni!$R$13,'Tracciatore delle operazioni'!$K$5:$K1101,$B123)) | H123: =IF( D123="","",SUMIFS('Tracciatore delle operazioni'!$F$5:$F1108,'Tracciatore delle operazioni'!$C$5:$C1108,Impostazioni!$S$13,'Tracciatore delle operazioni'!$K$5:$K1108,$B123)) -> 0 | J123: =IF( B123="","",D123+F123-H123)
B124: =IF(Conti!B129="","",Conti!B129) | C124: =IF(Conti!C129="","",Conti!C129) | D124: =IF(Conti!E129="","",Conti!E129) -> 0 | F124: =IF( B124="","",SUMIFS('Tracciatore delle operazioni'!$J$5:$J1102,'Tracciatore delle operazioni'!$C$5:$C1102,Impostazioni!$R$13,'Tracciatore delle operazioni'!$K$5:$K1102,$B124)) | H124: =IF( D124="","",SUMIFS('Tracciatore delle operazioni'!$F$5:$F1109,'Tracciatore delle operazioni'!$C$5:$C1109,Impostazioni!$S$13,'Tracciatore delle operazioni'!$K$5:$K1109,$B124)) -> 0 | J124: =IF( B124="","",D124+F124-H124)
B125: =IF(Conti!B130="","",Conti!B130) | C125: =IF(Conti!C130="","",Conti!C130) | D125: =IF(Conti!E130="","",Conti!E130) -> 0 | F125: =IF( B125="","",SUMIFS('Tracciatore delle operazioni'!$J$5:$J1103,'Tracciatore delle operazioni'!$C$5:$C1103,Impostazioni!$R$13,'Tracciatore delle operazioni'!$K$5:$K1103,$B125)) | H125: =IF( D125="","",SUMIFS('Tracciatore delle operazioni'!$F$5:$F1110,'Tracciatore delle operazioni'!$C$5:$C1110,Impostazioni!$S$13,'Tracciatore delle operazioni'!$K$5:$K1110,$B125)) -> 0 | J125: =IF( B125="","",D125+F125-H125)
B126: =IF(Conti!B131="","",Conti!B131) | C126: =IF(Conti!C131="","",Conti!C131) | D126: =IF(Conti!E131="","",Conti!E131) -> 0 | F126: =IF( B126="","",SUMIFS('Tracciatore delle operazioni'!$J$5:$J1104,'Tracciatore delle operazioni'!$C$5:$C1104,Impostazioni!$R$13,'Tracciatore delle operazioni'!$K$5:$K1104,$B126)) | H126: =IF( D126="","",SUMIFS('Tracciatore delle operazioni'!$F$5:$F1111,'Tracciatore delle operazioni'!$C$5:$C1111,Impostazioni!$S$13,'Tracciatore delle operazioni'!$K$5:$K1111,$B126)) -> 0 | J126: =IF( B126="","",D126+F126-H126)
B127: =IF(Conti!B132="","",Conti!B132) | C127: =IF(Conti!C132="","",Conti!C132) | D127: =IF(Conti!E132="","",Conti!E132) -> 0 | F127: =IF( B127="","",SUMIFS('Tracciatore delle operazioni'!$J$5:$J1105,'Tracciatore delle operazioni'!$C$5:$C1105,Impostazioni!$R$13,'Tracciatore delle operazioni'!$K$5:$K1105,$B127)) | H127: =IF( D127="","",SUMIFS('Tracciatore delle operazioni'!$F$5:$F1112,'Tracciatore delle operazioni'!$C$5:$C1112,Impostazioni!$S$13,'Tracciatore delle operazioni'!$K$5:$K1112,$B127)) -> 0 | J127: =IF( B127="","",D127+F127-H127)
B128: =IF(Conti!B133="","",Conti!B133) | C128: =IF(Conti!C133="","",Conti!C133) | D128: =IF(Conti!E133="","",Conti!E133) -> 0 | F128: =IF( B128="","",SUMIFS('Tracciatore delle operazioni'!$J$5:$J1106,'Tracciatore delle operazioni'!$C$5:$C1106,Impostazioni!$R$13,'Tracciatore delle operazioni'!$K$5:$K1106,$B128)) | H128: =IF( D128="","",SUMIFS('Tracciatore delle operazioni'!$F$5:$F1113,'Tracciatore delle operazioni'!$C$5:$C1113,Impostazioni!$S$13,'Tracciatore delle operazioni'!$K$5:$K1113,$B128)) -> 0 | J128: =IF( B128="","",D128+F128-H128)
B129: =IF(Conti!B134="","",Conti!B134) | C129: =IF(Conti!C134="","",Conti!C134) | D129: =IF(Conti!E134="","",Conti!E134) -> 0 | F129: =IF( B129="","",SUMIFS('Tracciatore delle operazioni'!$J$5:$J1107,'Tracciatore delle operazioni'!$C$5:$C1107,Impostazioni!$R$13,'Tracciatore delle operazioni'!$K$5:$K1107,$B129)) | H129: =IF( D129="","",SUMIFS('Tracciatore delle operazioni'!$F$5:$F1114,'Tracciatore delle operazioni'!$C$5:$C1114,Impostazioni!$S$13,'Tracciatore delle operazioni'!$K$5:$K1114,$B129)) -> 0 | J129: =IF( B129="","",D129+F129-H129)
B130: =IF(Conti!B135="","",Conti!B135) | C130: =IF(Conti!C135="","",Conti!C135) | D130: =IF(Conti!E135="","",Conti!E135) -> 0 | F130: =IF( B130="","",SUMIFS('Tracciatore delle operazioni'!$J$5:$J1108,'Tracciatore delle operazioni'!$C$5:$C1108,Impostazioni!$R$13,'Tracciatore delle operazioni'!$K$5:$K1108,$B130)) | H130: =IF( D130="","",SUMIFS('Tracciatore delle operazioni'!$F$5:$F1115,'Tracciatore delle operazioni'!$C$5:$C1115,Impostazioni!$S$13,'Tracciatore delle operazioni'!$K$5:$K1115,$B130)) -> 0 | J130: =IF( B130="","",D130+F130-H130)
B131: =IF(Conti!B136="","",Conti!B136) | C131: =IF(Conti!C136="","",Conti!C136) | D131: =IF(Conti!E136="","",Conti!E136) -> 0 | F131: =IF( B131="","",SUMIFS('Tracciatore delle operazioni'!$J$5:$J1109,'Tracciatore delle operazioni'!$C$5:$C1109,Impostazioni!$R$13,'Tracciatore delle operazioni'!$K$5:$K1109,$B131)) | H131: =IF( D131="","",SUMIFS('Tracciatore delle operazioni'!$F$5:$F1116,'Tracciatore delle operazioni'!$C$5:$C1116,Impostazioni!$S$13,'Tracciatore delle operazioni'!$K$5:$K1116,$B131)) -> 0 | J131: =IF( B131="","",D131+F131-H131)
B132: =IF(Conti!B137="","",Conti!B137) | C132: =IF(Conti!C137="","",Conti!C137) | D132: =IF(Conti!E137="","",Conti!E137) -> 0 | F132: =IF( B132="","",SUMIFS('Tracciatore delle operazioni'!$J$5:$J1110,'Tracciatore delle operazioni'!$C$5:$C1110,Impostazioni!$R$13,'Tracciatore delle operazioni'!$K$5:$K1110,$B132)) | H132: =IF( D132="","",SUMIFS('Tracciatore delle operazioni'!$F$5:$F1117,'Tracciatore delle operazioni'!$C$5:$C1117,Impostazioni!$S$13,'Tracciatore delle operazioni'!$K$5:$K1117,$B132)) -> 0 | J132: =IF( B132="","",D132+F132-H132)
... B154: =IF(Conti!B159="","",Conti!B159) | C154: =IF(Conti!C159="","",Conti!C159) | D154: =IF(Conti!E159="","",Conti!E159) -> 0 | F154: =IF( B154="","",SUMIFS('Tracciatore delle operazioni'!$J$5:$J1132,'Tracciatore delle operazioni'!$C$5:$C1132,Impostazioni!$R$13,'Tracciatore delle operazioni'!$K$5:$K1132,$B154)) | H154: =IF( D154="","",SUMIFS('Tracciatore delle operazioni'!$F$5:$F1139,'Tracciatore delle operazioni'!$C$5:$C1139,Impostazioni!$S$13,'Tracciatore delle operazioni'!$K$5:$K1139,$B154)) -> 0 | J154: =IF( B154="","",D154+F154-H154)
B155: TOTALE | C155: =IF(Conti!C160="","",Conti!C160) | D155: =IF(Conti!E160="","",Conti!E160) -> 0 | F155: =IF( B155="","",SUMIFS('Tracciatore delle operazioni'!$J$5:$J1133,'Tracciatore delle operazioni'!$C$5:$C1133,Impostazioni!$R$13,'Tracciatore delle operazioni'!$K$5:$K1133,$B155)) -> 0 | H155: =IF( D155="","",SUMIFS('Tracciatore delle operazioni'!$F$5:$F1140,'Tracciatore delle operazioni'!$C$5:$C1140,Impostazioni!$S$13,'Tracciatore delle operazioni'!$K$5:$K1140,$B155)) -> 0 | J155: =IF( B155="","",D155+F155-H155) -> 0
B156: =IF(Conti!B161="","",Conti!B161) | C156: =IF(Conti!C161="","",Conti!C161) | D156: =IF(Conti!E161="","",Conti!E161) | F156: =IF( B156="","",SUMIFS('Tracciatore delle operazioni'!$J$5:$J1134,'Tracciatore delle operazioni'!$C$5:$C1134,Impostazioni!$R$13,'Tracciatore delle operazioni'!$K$5:$K1134,$B156)) | H156: =IF( D156="","",SUMIFS('Tracciatore delle operazioni'!$F$5:$F1141,'Tracciatore delle operazioni'!$C$5:$C1141,Impostazioni!$S$13,'Tracciatore delle operazioni'!$K$5:$K1141,$B156)) | J156: =IF( B156="","",D156+F156-H156)
B157: =IF(Conti!B162="","",Conti!B162) | C157: =IF(Conti!C162="","",Conti!C162) | D157: =IF(Conti!E162="","",Conti!E162) | F157: =IF( B157="","",SUMIFS('Tracciatore delle operazioni'!$J$5:$J1135,'Tracciatore delle operazioni'!$C$5:$C1135,Impostazioni!$R$13,'Tracciatore delle operazioni'!$K$5:$K1135,$B157)) | H157: =IF( D157="","",SUMIFS('Tracciatore delle operazioni'!$F$5:$F1142,'Tracciatore delle operazioni'!$C$5:$C1142,Impostazioni!$S$13,'Tracciatore delle operazioni'!$K$5:$K1142,$B157)) | J157: =IF( B157="","",D157+F157-H157)
B158: =IF(Conti!B163="","",Conti!B163) | C158: =IF(Conti!C163="","",Conti!C163) | D158: =IF(Conti!E163="","",Conti!E163) | F158: =IF( B158="","",SUMIFS('Tracciatore delle operazioni'!$J$5:$J1136,'Tracciatore delle operazioni'!$C$5:$C1136,Impostazioni!$R$13,'Tracciatore delle operazioni'!$K$5:$K1136,$B158)) | H158: =IF( D158="","",SUMIFS('Tracciatore delle operazioni'!$F$5:$F1143,'Tracciatore delle operazioni'!$C$5:$C1143,Impostazioni!$S$13,'Tracciatore delle operazioni'!$K$5:$K1143,$B158)) | J158: =IF( B158="","",D158+F158-H158)
B159: =IF(Conti!B164="","",Conti!B164) | C159: =IF(Conti!C164="","",Conti!C164) | D159: =IF(Conti!E164="","",Conti!E164) | F159: =IF( B159="","",SUMIFS('Tracciatore delle operazioni'!$J$5:$J1137,'Tracciatore delle operazioni'!$C$5:$C1137,Impostazioni!$R$13,'Tracciatore delle operazioni'!$K$5:$K1137,$B159)) | H159: =IF( D159="","",SUMIFS('Tracciatore delle operazioni'!$F$5:$F1144,'Tracciatore delle operazioni'!$C$5:$C1144,Impostazioni!$S$13,'Tracciatore delle operazioni'!$K$5:$K1144,$B159)) | J159: =IF( B159="","",D159+F159-H159)
B160: TOTALE

Sheet ExpenseTracker Backend
C2: =Impostazioni!C6 -> EUR
C3: =#REF! -> #REF!
C4: Date | D4: ID | E4: Product/Service | F4: Category | G4: Quantity | H4: Currency | I4: Total Expense | J4: Tax | K4: Net Expense | M4: Revenue | N4: Sales Tax | O4: Net Revenue
A5: =IF(B5="","",YEAR(B5)) -> 2023 | B5: =IF(C5="","",EOMONTH(C5,0)) -> 44957 | C5: 44931 | D5: #N/A | E5: Expense 2 | F5: Material Cost | G5: 10 | H5: EUR | I5: {=_xludf.ifna(G5*INDEX(Impostazioni!$C$86:$L$105,MATCH($E5,Impostazioni!$J$86:$J$105,0),5),"")} -> #NAME? | J5: =IF(I5*$C$3=0,"",I5*$C$3) -> #NAME? | K5: =IF(I5="","", I5-J5) -> #NAME? | M5: {=_xludf.ifna(IF(H5=Impostazioni!$C$6,I5*1,I5/INDEX(Impostazioni!$N$86:$O$105,MATCH($H5,Impostazioni!$N$86:$N$105,0),2)),"")} -> #NAME? | N5: {=_xludf.ifna(IF(I5=Impostazioni!$C$6,J5*1,J5/INDEX(Impostazioni!$N$86:$O$105,MATCH($H5,Impostazioni!$N$86:$N$105,0),2)),"")} -> #NAME? | O5: {=_xludf.ifna(IF(J5=Impostazioni!$C$6,K5*1,K5/INDEX(Impostazioni!$N$86:$O$105,MATCH($H5,Impostazioni!$N$86:$N$105,0),2)),"")} -> #NAME?
A6: =IF(B6="","",YEAR(B6)) -> 2023 | B6: =IF(C6="","",EOMONTH(C6,0)) -> 45046 | C6: 45037 | D6: #N/A | E6: Expense 2 | F6: Labor Cost | G6: 10 | H6: USD | I6: {=_xludf.ifna(G6*INDEX(Impostazioni!$C$86:$L$105,MATCH($E6,Impostazioni!$J$86:$J$105,0),5),"")} -> #NAME? | J6: =IF(I6*$C$3=0,"",I6*$C$3) -> #NAME? | K6: =IF(I6="","", I6-J6) -> #NAME? | M6: {=_xludf.ifna(IF(H6=Impostazioni!$C$6,I6*1,I6/INDEX(Impostazioni!$N$86:$O$105,MATCH($H6,Impostazioni!$N$86:$N$105,0),2)),"")} -> #NAME? | N6: {=_xludf.ifna(IF(I6=Impostazioni!$C$6,J6*1,J6/INDEX(Impostazioni!$N$86:$O$105,MATCH($H6,Impostazioni!$N$86:$N$105,0),2)),"")} -> #NAME? | O6: {=_xludf.ifna(IF(J6=Impostazioni!$C$6,K6*1,K6/INDEX(Impostazioni!$N$86:$O$105,MATCH($H6,Impostazioni!$N$86:$N$105,0),2)),"")} -> #NAME?
A7: =IF(B7="","",YEAR(B7)) -> 2023 | B7: =IF(C7="","",EOMONTH(C7,0)) -> 45077 | C7: 45047 | D7: #N/A | E7: Expense 1 | F7: Packaging Cost | G7: 10 | H7: USD | I7: {=_xludf.ifna(G7*INDEX(Impostazioni!$C$86:$L$105,MATCH($E7,Impostazioni!$J$86:$J$105,0),5),"")} -> #NAME? | J7: =IF(I7*$C$3=0,"",I7*$C$3) -> #NAME? | K7: =IF(I7="","", I7-J7) -> #NAME? | M7: {=_xludf.ifna(IF(H7=Impostazioni!$C$6,I7*1,I7/INDEX(Impostazioni!$N$86:$O$105,MATCH($H7,Impostazioni!$N$86:$N$105,0),2)),"")} -> #NAME? | N7: {=_xludf.ifna(IF(I7=Impostazioni!$C$6,J7*1,J7/INDEX(Impostazioni!$N$86:$O$105,MATCH($H7,Impostazioni!$N$86:$N$105,0),2)),"")} -> #NAME? | O7: {=_xludf.ifna(IF(J7=Impostazioni!$C$6,K7*1,K7/INDEX(Impostazioni!$N$86:$O$105,MATCH($H7,Impostazioni!$N$86:$N$105,0),2)),"")} -> #NAME?
A8: =IF(B8="","",YEAR(B8)) -> 2023 | B8: =IF(C8="","",EOMONTH(C8,0)) -> 45077 | C8: 45056 | D8: #N/A | E8: Expense 3 | F8: Material Cost | G8: 10 | H8: USD | I8: {=_xludf.ifna(G8*INDEX(Impostazioni!$C$86:$L$105,MATCH($E8,Impostazioni!$J$86:$J$105,0),5),"")} -> #NAME? | J8: =IF(I8*$C$3=0,"",I8*$C$3) -> #NAME? | K8: =IF(I8="","", I8-J8) -> #NAME? | M8: {=_xludf.ifna(IF(H8=Impostazioni!$C$6,I8*1,I8/INDEX(Impostazioni!$N$86:$O$105,MATCH($H8,Impostazioni!$N$86:$N$105,0),2)),"")} -> #NAME? | N8: {=_xludf.ifna(IF(I8=Impostazioni!$C$6,J8*1,J8/INDEX(Impostazioni!$N$86:$O$105,MATCH($H8,Impostazioni!$N$86:$N$105,0),2)),"")} -> #NAME? | O8: {=_xludf.ifna(IF(J8=Impostazioni!$C$6,K8*1,K8/INDEX(Impostazioni!$N$86:$O$105,MATCH($H8,Impostazioni!$N$86:$N$105,0),2)),"")} -> #NAME?
A9: =IF(B9="","",YEAR(B9)) -> 2023 | B9: =IF(C9="","",EOMONTH(C9,0)) -> 45077 | C9: 45056 | D9: #N/A | E9: Expense 5 | F9: Postage and Dellivery | G9: 5 | H9: USD | I9: {=_xludf.ifna(G9*INDEX(Impostazioni!$C$86:$L$105,MATCH($E9,Impostazioni!$J$86:$J$105,0),5),"")} -> #NAME? | J9: =IF(I9*$C$3=0,"",I9*$C$3) -> #NAME? | K9: =IF(I9="","", I9-J9) -> #NAME? | M9: {=_xludf.ifna(IF(H9=Impostazioni!$C$6,I9*1,I9/INDEX(Impostazioni!$N$86:$O$105,MATCH($H9,Impostazioni!$N$86:$N$105,0),2)),"")} -> #NAME? | N9: {=_xludf.ifna(IF(I9=Impostazioni!$C$6,J9*1,J9/INDEX(Impostazioni!$N$86:$O$105,MATCH($H9,Impostazioni!$N$86:$N$105,0),2)),"")} -> #NAME? | O9: {=_xludf.ifna(IF(J9=Impostazioni!$C$6,K9*1,K9/INDEX(Impostazioni!$N$86:$O$105,MATCH($H9,Impostazioni!$N$86:$N$105,0),2)),"")} -> #NAME?
A10: =IF(B10="","",YEAR(B10)) -> 2023 | B10: =IF(C10="","",EOMONTH(C10,0)) -> 45077 | C10: 45061 | D10: #N/A | E10: Expense 4 | F10: Material Cost | G10: 3 | H10: USD | I10: {=_xludf.ifna(G10*INDEX(Impostazioni!$C$86:$L$105,MATCH($E10,Impostazioni!$J$86:$J$105,0),5),"")} -> #NAME? | J10: =IF(I10*$C$3=0,"",I10*$C$3) -> #NAME? | K10: =IF(I10="","", I10-J10) -> #NAME? | M10: {=_xludf.ifna(IF(H10=Impostazioni!$C$6,I10*1,I10/INDEX(Impostazioni!$N$86:$O$105,MATCH($H10,Impostazioni!$N$86:$N$105,0),2)),"")} -> #NAME? | N10: {=_xludf.ifna(IF(I10=Impostazioni!$C$6,J10*1,J10/INDEX(Impostazioni!$N$86:$O$105,MATCH($H10,Impostazioni!$N$86:$N$105,0),2)),"")} -> #NAME? | O10: {=_xludf.ifna(IF(J10=Impostazioni!$C$6,K10*1,K10/INDEX(Impostazioni!$N$86:$O$105,MATCH($H10,Impostazioni!$N$86:$N$105,0),2)),"")} -> #NAME?
A11: =IF(B11="","",YEAR(B11)) -> 2023 | B11: =IF(C11="","",EOMONTH(C11,0)) -> 45138 | C11: 45131 | D11: #N/A | E11: Expense 2 | F11: Labor Cost | G11: 4 | H11: USD | I11: {=_xludf.ifna(G11*INDEX(Impostazioni!$C$86:$L$105,MATCH($E11,Impostazioni!$J$86:$J$105,0),5),"")} -> #NAME? | J11: =IF(I11*$C$3=0,"",I11*$C$3) -> #NAME? | K11: =IF(I11="","", I11-J11) -> #NAME? | M11: {=_xludf.ifna(IF(H11=Impostazioni!$C$6,I11*1,I11/INDEX(Impostazioni!$N$86:$O$105,MATCH($H11,Impostazioni!$N$86:$N$105,0),2)),"")} -> #NAME? | N11: {=_xludf.ifna(IF(I11=Impostazioni!$C$6,J11*1,J11/INDEX(Impostazioni!$N$86:$O$105,MATCH($H11,Impostazioni!$N$86:$N$105,0),2)),"")} -> #NAME? | O11: {=_xludf.ifna(IF(J11=Impostazioni!$C$6,K11*1,K11/INDEX(Impostazioni!$N$86:$O$105,MATCH($H11,Impostazioni!$N$86:$N$105,0),2)),"")} -> #NAME?
A12: =IF(B12="","",YEAR(B12)) -> 2023 | B12: =IF(C12="","",EOMONTH(C12,0)) -> 45169 | C12: 45155 | D12: #N/A | E12: Expense 3 | F12: Packaging Cost | G12: 5 | H12: USD | I12: {=_xludf.ifna(G12*INDEX(Impostazioni!$C$86:$L$105,MATCH($E12,Impostazioni!$J$86:$J$105,0),5),"")} -> #NAME? | J12: =IF(I12*$C$3=0,"",I12*$C$3) -> #NAME? | K12: =IF(I12="","", I12-J12) -> #NAME? | M12: {=_xludf.ifna(IF(H12=Impostazioni!$C$6,I12*1,I12/INDEX(Impostazioni!$N$86:$O$105,MATCH($H12,Impostazioni!$N$86:$N$105,0),2)),"")} -> #NAME? | N12: {=_xludf.ifna(IF(I12=Impostazioni!$C$6,J12*1,J12/INDEX(Impostazioni!$N$86:$O$105,MATCH($H12,Impostazioni!$N$86:$N$105,0),2)),"")} -> #NAME? | O12: {=_xludf.ifna(IF(J12=Impostazioni!$C$6,K12*1,K12/INDEX(Impostazioni!$N$86:$O$105,MATCH($H12,Impostazioni!$N$86:$N$105,0),2)),"")} -> #NAME?
A13: =IF(B13="","",YEAR(B13)) -> 2023 | B13: =IF(C13="","",EOMONTH(C13,0)) -> 45199 | C13: 45188 | D13: #N/A | E13: Expense 2 | F13: Subscriptions | G13: 2 | H13: USD | I13: {=_xludf.ifna(G13*INDEX(Impostazioni!$C$86:$L$105,MATCH($E13,Impostazioni!$J$86:$J$105,0),5),"")} -> #NAME? | J13: =IF(I13*$C$3=0,"",I13*$C$3) -> #NAME? | K13: =IF(I13="","", I13-J13) -> #NAME? | M13: {=_xludf.ifna(IF(H13=Impostazioni!$C$6,I13*1,I13/INDEX(Impostazioni!$N$86:$O$105,MATCH($H13,Impostazioni!$N$86:$N$105,0),2)),"")} -> #NAME? | N13: {=_xludf.ifna(IF(I13=Impostazioni!$C$6,J13*1,J13/INDEX(Impostazioni!$N$86:$O$105,MATCH($H13,Impostazioni!$N$86:$N$105,0),2)),"")} -> #NAME? | O13: {=_xludf.ifna(IF(J13=Impostazioni!$C$6,K13*1,K13/INDEX(Impostazioni!$N$86:$O$105,MATCH($H13,Impostazioni!$N$86:$N$105,0),2)),"")} -> #NAME?
A14: =IF(B14="","",YEAR(B14)) -> 2023 | B14: =IF(C14="","",EOMONTH(C14,0)) -> 45230 | C14: 45210 | D14: #N/A | E14: Expense 3 | F14: Postage and Dellivery | G14: 10 | H14: USD | I14: {=_xludf.ifna(G14*INDEX(Impostazioni!$C$86:$L$105,MATCH($E14,Impostazioni!$J$86:$J$105,0),5),"")} -> #NAME? | J14: =IF(I14*$C$3=0,"",I14*$C$3) -> #NAME? | K14: =IF(I14="","", I14-J14) -> #NAME? | M14: {=_xludf.ifna(IF(H14=Impostazioni!$C$6,I14*1,I14/INDEX(Impostazioni!$N$86:$O$105,MATCH($H14,Impostazioni!$N$86:$N$105,0),2)),"")} -> #NAME? | N14: {=_xludf.ifna(IF(I14=Impostazioni!$C$6,J14*1,J14/INDEX(Impostazioni!$N$86:$O$105,MATCH($H14,Impostazioni!$N$86:$N$105,0),2)),"")} -> #NAME? | O14: {=_xludf.ifna(IF(J14=Impostazioni!$C$6,K14*1,K14/INDEX(Impostazioni!$N$86:$O$105,MATCH($H14,Impostazioni!$N$86:$N$105,0),2)),"")} -> #NAME?
A15: =IF(B15="","",YEAR(B15)) -> 2023 | B15: =IF(C15="","",EOMONTH(C15,0)) -> 45260 | C15: 45259 | D15: #N/A | E15: Expense 1 | F15: Packaging Cost | G15: 1 | H15: USD | I15: {=_xludf.ifna(G15*INDEX(Impostazioni!$C$86:$L$105,MATCH($E15,Impostazioni!$J$86:$J$105,0),5),"")} -> #NAME? | J15: =IF(I15*$C$3=0,"",I15*$C$3) -> #NAME? | K15: =IF(I15="","", I15-J15) -> #NAME? | M15: {=_xludf.ifna(IF(H15=Impostazioni!$C$6,I15*1,I15/INDEX(Impostazioni!$N$86:$O$105,MATCH($H15,Impostazioni!$N$86:$N$105,0),2)),"")} -> #NAME? | N15: {=_xludf.ifna(IF(I15=Impostazioni!$C$6,J15*1,J15/INDEX(Impostazioni!$N$86:$O$105,MATCH($H15,Impostazioni!$N$86:$N$105,0),2)),"")} -> #NAME? | O15: {=_xludf.ifna(IF(J15=Impostazioni!$C$6,K15*1,K15/INDEX(Impostazioni!$N$86:$O$105,MATCH($H15,Impostazioni!$N$86:$N$105,0),2)),"")} -> #NAME?
A16: =IF(B16="","",YEAR(B16)) -> 2023 | B16: =IF(C16="","",EOMONTH(C16,0)) -> 45291 | C16: 45272 | D16: #N/A | E16: Expense 6 | F16: Subscriptions | G16: 3 | H16: USD | I16: {=_xludf.ifna(G16*INDEX(Impostazioni!$C$86:$L$105,MATCH($E16,Impostazioni!$J$86:$J$105,0),5),"")} -> #NAME? | J16: =IF(I16*$C$3=0,"",I16*$C$3) -> #NAME? | K16: =IF(I16="","", I16-J16) -> #NAME? | M16: {=_xludf.ifna(IF(H16=Impostazioni!$C$6,I16*1,I16/INDEX(Impostazioni!$N$86:$O$105,MATCH($H16,Impostazioni!$N$86:$N$105,0),2)),"")} -> #NAME? | N16: {=_xludf.ifna(IF(I16=Impostazioni!$C$6,J16*1,J16/INDEX(Impostazioni!$N$86:$O$105,MATCH($H16,Impostazioni!$N$86:$N$105,0),2)),"")} -> #NAME? | O16: {=_xludf.ifna(IF(J16=Impostazioni!$C$6,K16*1,K16/INDEX(Impostazioni!$N$86:$O$105,MATCH($H16,Impostazioni!$N$86:$N$105,0),2)),"")} -> #NAME?
... A59: =IF(B59="","",YEAR(B59)) -> 2027 | B59: =IF(C59="","",EOMONTH(C59,0)) -> 46752 | C59: 46733 | D59: #N/A | E59: Expense 3 | F59: Material Cost | G59: 3 | H59: USD | I59: {=_xludf.ifna(G59*INDEX(Impostazioni!$C$86:$L$105,MATCH($E59,Impostazioni!$J$86:$J$105,0),5),"")} -> #NAME? | J59: =IF(I59*$C$3=0,"",I59*$C$3) -> #NAME? | K59: =IF(I59="","", I59-J59) -> #NAME? | M59: {=_xludf.ifna(IF(H59=Impostazioni!$C$6,I59*1,I59/INDEX(Impostazioni!$N$86:$O$105,MATCH($H59,Impostazioni!$N$86:$N$105,0),2)),"")} -> #NAME? | N59: {=_xludf.ifna(IF(I59=Impostazioni!$C$6,J59*1,J59/INDEX(Impostazioni!$N$86:$O$105,MATCH($H59,Impostazioni!$N$86:$N$105,0),2)),"")} -> #NAME? | O59: {=_xludf.ifna(IF(J59=Impostazioni!$C$6,K59*1,K59/INDEX(Impostazioni!$N$86:$O$105,MATCH($H59,Impostazioni!$N$86:$N$105,0),2)),"")} -> #NAME?
A60: =IF(B60="","",YEAR(B60)) | B60: =IF(C60="","",EOMONTH(C60,0)) | D60: #N/A | E60: Expense 3 | F60: Marketing Cost | G60: 5 | H60: USD | I60: {=_xludf.ifna(G60*INDEX(Impostazioni!$C$86:$L$105,MATCH($E60,Impostazioni!$J$86:$J$105,0),5),"")} -> #NAME? | J60: =IF(I60*$C$3=0,"",I60*$C$3) -> #NAME? | K60: =IF(I60="","", I60-J60) -> #NAME? | M60: {=_xludf.ifna(IF(H60=Impostazioni!$C$6,I60*1,I60/INDEX(Impostazioni!$N$86:$O$105,MATCH($H60,Impostazioni!$N$86:$N$105,0),2)),"")} -> #NAME? | N60: {=_xludf.ifna(IF(I60=Impostazioni!$C$6,J60*1,J60/INDEX(Impostazioni!$N$86:$O$105,MATCH($H60,Impostazioni!$N$86:$N$105,0),2)),"")} -> #NAME? | O60: {=_xludf.ifna(IF(J60=Impostazioni!$C$6,K60*1,K60/INDEX(Impostazioni!$N$86:$O$105,MATCH($H60,Impostazioni!$N$86:$N$105,0),2)),"")} -> #NAME?
A61: =IF(B61="","",YEAR(B61)) | B61: =IF(C61="","",EOMONTH(C61,0)) | D61: #N/A | E61: Expense 1 | F61: Postage and Dellivery | I61: {=_xludf.ifna(G61*INDEX(Impostazioni!$C$86:$L$105,MATCH($E61,Impostazioni!$J$86:$J$105,0),5),"")} -> #NAME? | J61: =IF(I61*$C$3=0,"",I61*$C$3) -> #NAME? | K61: =IF(I61="","", I61-J61) -> #NAME? | M61: {=_xludf.ifna(IF(H61=Impostazioni!$C$6,I61*1,I61/INDEX(Impostazioni!$N$86:$O$105,MATCH($H61,Impostazioni!$N$86:$N$105,0),2)),"")} -> #NAME? | N61: {=_xludf.ifna(IF(I61=Impostazioni!$C$6,J61*1,J61/INDEX(Impostazioni!$N$86:$O$105,MATCH($H61,Impostazioni!$N$86:$N$105,0),2)),"")} -> #NAME? | O61: {=_xludf.ifna(IF(J61=Impostazioni!$C$6,K61*1,K61/INDEX(Impostazioni!$N$86:$O$105,MATCH($H61,Impostazioni!$N$86:$N$105,0),2)),"")} -> #NAME?
A62: =IF(B62="","",YEAR(B62)) | B62: =IF(C62="","",EOMONTH(C62,0)) | I62: {=_xludf.ifna(G62*INDEX(Impostazioni!$C$86:$L$105,MATCH($E62,Impostazioni!$J$86:$J$105,0),5),"")} -> #NAME? | J62: =IF(I62*$C$3=0,"",I62*$C$3) -> #NAME? | K62: =IF(I62="","", I62-J62) -> #NAME? | M62: {=_xludf.ifna(IF(H62=Impostazioni!$C$6,I62*1,I62/INDEX(Impostazioni!$N$86:$O$105,MATCH($H62,Impostazioni!$N$86:$N$105,0),2)),"")} -> #NAME? | N62: {=_xludf.ifna(IF(I62=Impostazioni!$C$6,J62*1,J62/INDEX(Impostazioni!$N$86:$O$105,MATCH($H62,Impostazioni!$N$86:$N$105,0),2)),"")} -> #NAME? | O62: {=_xludf.ifna(IF(J62=Impostazioni!$C$6,K62*1,K62/INDEX(Impostazioni!$N$86:$O$105,MATCH($H62,Impostazioni!$N$86:$N$105,0),2)),"")} -> #NAME?
A63: =IF(B63="","",YEAR(B63)) | B63: =IF(C63="","",EOMONTH(C63,0)) | I63: {=_xludf.ifna(G63*INDEX(Impostazioni!$C$86:$L$105,MATCH($E63,Impostazioni!$J$86:$J$105,0),5),"")} -> #NAME? | J63: =IF(I63*$C$3=0,"",I63*$C$3) -> #NAME? | K63: =IF(I63="","", I63-J63) -> #NAME? | M63: {=_xludf.ifna(IF(H63=Impostazioni!$C$6,I63*1,I63/INDEX(Impostazioni!$N$86:$O$105,MATCH($H63,Impostazioni!$N$86:$N$105,0),2)),"")} -> #NAME? | N63: {=_xludf.ifna(IF(I63=Impostazioni!$C$6,J63*1,J63/INDEX(Impostazioni!$N$86:$O$105,MATCH($H63,Impostazioni!$N$86:$N$105,0),2)),"")} -> #NAME? | O63: {=_xludf.ifna(IF(J63=Impostazioni!$C$6,K63*1,K63/INDEX(Impostazioni!$N$86:$O$105,MATCH($H63,Impostazioni!$N$86:$N$105,0),2)),"")} -> #NAME?
A64: =IF(B64="","",YEAR(B64)) | B64: =IF(C64="","",EOMONTH(C64,0)) | I64: {=_xludf.ifna(G64*INDEX(Impostazioni!$C$86:$L$105,MATCH($E64,Impostazioni!$J$86:$J$105,0),5),"")} -> #NAME? | J64: =IF(I64*$C$3=0,"",I64*$C$3) -> #NAME? | K64: =IF(I64="","", I64-J64) -> #NAME? | M64: {=_xludf.ifna(IF(H64=Impostazioni!$C$6,I64*1,I64/INDEX(Impostazioni!$N$86:$O$105,MATCH($H64,Impostazioni!$N$86:$N$105,0),2)),"")} -> #NAME? | N64: {=_xludf.ifna(IF(I64=Impostazioni!$C$6,J64*1,J64/INDEX(Impostazioni!$N$86:$O$105,MATCH($H64,Impostazioni!$N$86:$N$105,0),2)),"")} -> #NAME? | O64: {=_xludf.ifna(IF(J64=Impostazioni!$C$6,K64*1,K64/INDEX(Impostazioni!$N$86:$O$105,MATCH($H64,Impostazioni!$N$86:$N$105,0),2)),"")} -> #NAME?
A65: =IF(B65="","",YEAR(B65)) | B65: =IF(C65="","",EOMONTH(C65,0)) | I65: {=_xludf.ifna(G65*INDEX(Impostazioni!$C$86:$L$105,MATCH($E65,Impostazioni!$J$86:$J$105,0),5),"")} -> #NAME? | J65: =IF(I65*$C$3=0,"",I65*$C$3) -> #NAME? | K65: =IF(I65="","", I65-J65) -> #NAME? | M65: {=_xludf.ifna(IF(H65=Impostazioni!$C$6,I65*1,I65/INDEX(Impostazioni!$N$86:$O$105,MATCH($H65,Impostazioni!$N$86:$N$105,0),2)),"")} -> #NAME? | N65: {=_xludf.ifna(IF(I65=Impostazioni!$C$6,J65*1,J65/INDEX(Impostazioni!$N$86:$O$105,MATCH($H65,Impostazioni!$N$86:$N$105,0),2)),"")} -> #NAME? | O65: {=_xludf.ifna(IF(J65=Impostazioni!$C$6,K65*1,K65/INDEX(Impostazioni!$N$86:$O$105,MATCH($H65,Impostazioni!$N$86:$N$105,0),2)),"")} -> #NAME?
A66: =IF(B66="","",YEAR(B66)) | B66: =IF(C66="","",EOMONTH(C66,0)) | I66: {=_xludf.ifna(G66*INDEX(Impostazioni!$C$86:$L$105,MATCH($E66,Impostazioni!$J$86:$J$105,0),5),"")} -> #NAME? | J66: =IF(I66*$C$3=0,"",I66*$C$3) -> #NAME? | K66: =IF(I66="","", I66-J66) -> #NAME? | M66: {=_xludf.ifna(IF(H66=Impostazioni!$C$6,I66*1,I66/INDEX(Impostazioni!$N$86:$O$105,MATCH($H66,Impostazioni!$N$86:$N$105,0),2)),"")} -> #NAME? | N66: {=_xludf.ifna(IF(I66=Impostazioni!$C$6,J66*1,J66/INDEX(Impostazioni!$N$86:$O$105,MATCH($H66,Impostazioni!$N$86:$N$105,0),2)),"")} -> #NAME? | O66: {=_xludf.ifna(IF(J66=Impostazioni!$C$6,K66*1,K66/INDEX(Impostazioni!$N$86:$O$105,MATCH($H66,Impostazioni!$N$86:$N$105,0),2)),"")} -> #NAME?
A67: =IF(B67="","",YEAR(B67)) | B67: =IF(C67="","",EOMONTH(C67,0)) | I67: {=_xludf.ifna(G67*INDEX(Impostazioni!$C$86:$L$105,MATCH($E67,Impostazioni!$J$86:$J$105,0),5),"")} -> #NAME? | J67: =IF(I67*$C$3=0,"",I67*$C$3) -> #NAME? | K67: =IF(I67="","", I67-J67) -> #NAME? | M67: {=_xludf.ifna(IF(H67=Impostazioni!$C$6,I67*1,I67/INDEX(Impostazioni!$N$86:$O$105,MATCH($H67,Impostazioni!$N$86:$N$105,0),2)),"")} -> #NAME? | N67: {=_xludf.ifna(IF(I67=Impostazioni!$C$6,J67*1,J67/INDEX(Impostazioni!$N$86:$O$105,MATCH($H67,Impostazioni!$N$86:$N$105,0),2)),"")} -> #NAME? | O67: {=_xludf.ifna(IF(J67=Impostazioni!$C$6,K67*1,K67/INDEX(Impostazioni!$N$86:$O$105,MATCH($H67,Impostazioni!$N$86:$N$105,0),2)),"")} -> #NAME?
A68: =IF(B68="","",YEAR(B68)) | B68: =IF(C68="","",EOMONTH(C68,0)) | I68: {=_xludf.ifna(G68*INDEX(Impostazioni!$C$86:$L$105,MATCH($E68,Impostazioni!$J$86:$J$105,0),5),"")} -> #NAME? | J68: =IF(I68*$C$3=0,"",I68*$C$3) -> #NAME? | K68: =IF(I68="","", I68-J68) -> #NAME? | M68: {=_xludf.ifna(IF(H68=Impostazioni!$C$6,I68*1,I68/INDEX(Impostazioni!$N$86:$O$105,MATCH($H68,Impostazioni!$N$86:$N$105,0),2)),"")} -> #NAME? | N68: {=_xludf.ifna(IF(I68=Impostazioni!$C$6,J68*1,J68/INDEX(Impostazioni!$N$86:$O$105,MATCH($H68,Impostazioni!$N$86:$N$105,0),2)),"")} -> #NAME? | O68: {=_xludf.ifna(IF(J68=Impostazioni!$C$6,K68*1,K68/INDEX(Impostazioni!$N$86:$O$105,MATCH($H68,Impostazioni!$N$86:$N$105,0),2)),"")} -> #NAME?
A69: =IF(B69="","",YEAR(B69)) | B69: =IF(C69="","",EOMONTH(C69,0)) | I69: {=_xludf.ifna(G69*INDEX(Impostazioni!$C$86:$L$105,MATCH($E69,Impostazioni!$J$86:$J$105,0),5),"")} -> #NAME? | J69: =IF(I69*$C$3=0,"",I69*$C$3) -> #NAME? | K69: =IF(I69="","", I69-J69) -> #NAME? | M69: {=_xludf.ifna(IF(H69=Impostazioni!$C$6,I69*1,I69/INDEX(Impostazioni!$N$86:$O$105,MATCH($H69,Impostazioni!$N$86:$N$105,0),2)),"")} -> #NAME? | N69: {=_xludf.ifna(IF(I69=Impostazioni!$C$6,J69*1,J69/INDEX(Impostazioni!$N$86:$O$105,MATCH($H69,Impostazioni!$N$86:$N$105,0),2)),"")} -> #NAME? | O69: {=_xludf.ifna(IF(J69=Impostazioni!$C$6,K69*1,K69/INDEX(Impostazioni!$N$86:$O$105,MATCH($H69,Impostazioni!$N$86:$N$105,0),2)),"")} -> #NAME?
A70: =IF(B70="","",YEAR(B70)) | B70: =IF(C70="","",EOMONTH(C70,0)) | I70: {=_xludf.ifna(G70*INDEX(Impostazioni!$C$86:$L$105,MATCH($E70,Impostazioni!$J$86:$J$105,0),5),"")} -> #NAME? | J70: =IF(I70*$C$3=0,"",I70*$C$3) -> #NAME? | K70: =IF(I70="","", I70-J70) -> #NAME? | M70: {=_xludf.ifna(IF(H70=Impostazioni!$C$6,I70*1,I70/INDEX(Impostazioni!$N$86:$O$105,MATCH($H70,Impostazioni!$N$86:$N$105,0),2)),"")} -> #NAME? | N70: {=_xludf.ifna(IF(I70=Impostazioni!$C$6,J70*1,J70/INDEX(Impostazioni!$N$86:$O$105,MATCH($H70,Impostazioni!$N$86:$N$105,0),2)),"")} -> #NAME? | O70: {=_xludf.ifna(IF(J70=Impostazioni!$C$6,K70*1,K70/INDEX(Impostazioni!$N$86:$O$105,MATCH($H70,Impostazioni!$N$86:$N$105,0),2)),"")} -> #NAME?
A71: =IF(B71="","",YEAR(B71)) | B71: =IF(C71="","",EOMONTH(C71,0)) | I71: {=_xludf.ifna(G71*INDEX(Impostazioni!$C$86:$L$105,MATCH($E71,Impostazioni!$J$86:$J$105,0),5),"")} -> #NAME? | J71: =IF(I71*$C$3=0,"",I71*$C$3) -> #NAME? | K71: =IF(I71="","", I71-J71) -> #NAME? | M71: {=_xludf.ifna(IF(H71=Impostazioni!$C$6,I71*1,I71/INDEX(Impostazioni!$N$86:$O$105,MATCH($H71,Impostazioni!$N$86:$N$105,0),2)),"")} -> #NAME? | N71: {=_xludf.ifna(IF(I71=Impostazioni!$C$6,J71*1,J71/INDEX(Impostazioni!$N$86:$O$105,MATCH($H71,Impostazioni!$N$86:$N$105,0),2)),"")} -> #NAME? | O71: {=_xludf.ifna(IF(J71=Impostazioni!$C$6,K71*1,K71/INDEX(Impostazioni!$N$86:$O$105,MATCH($H71,Impostazioni!$N$86:$N$105,0),2)),"")} -> #NAME?
A72: =IF(B72="","",YEAR(B72)) | B72: =IF(C72="","",EOMONTH(C72,0)) | I72: {=_xludf.ifna(G72*INDEX(Impostazioni!$C$86:$L$105,MATCH($E72,Impostazioni!$J$86:$J$105,0),5),"")} -> #NAME? | J72: =IF(I72*$C$3=0,"",I72*$C$3) -> #NAME? | K72: =IF(I72="","", I72-J72) -> #NAME? | M72: {=_xludf.ifna(IF(H72=Impostazioni!$C$6,I72*1,I72/INDEX(Impostazioni!$N$86:$O$105,MATCH($H72,Impostazioni!$N$86:$N$105,0),2)),"")} -> #NAME? | N72: {=_xludf.ifna(IF(I72=Impostazioni!$C$6,J72*1,J72/INDEX(Impostazioni!$N$86:$O$105,MATCH($H72,Impostazioni!$N$86:$N$105,0),2)),"")} -> #NAME? | O72: {=_xludf.ifna(IF(J72=Impostazioni!$C$6,K72*1,K72/INDEX(Impostazioni!$N$86:$O$105,MATCH($H72,Impostazioni!$N$86:$N$105,0),2)),"")} -> #NAME?
A73: =IF(B73="","",YEAR(B73)) | B73: =IF(C73="","",EOMONTH(C73,0)) | I73: {=_xludf.ifna(G73*INDEX(Impostazioni!$C$86:$L$105,MATCH($E73,Impostazioni!$J$86:$J$105,0),5),"")} -> #NAME? | J73: =IF(I73*$C$3=0,"",I73*$C$3) -> #NAME? | K73: =IF(I73="","", I73-J73) -> #NAME? | M73: {=_xludf.ifna(IF(H73=Impostazioni!$C$6,I73*1,I73/INDEX(Impostazioni!$N$86:$O$105,MATCH($H73,Impostazioni!$N$86:$N$105,0),2)),"")} -> #NAME? | N73: {=_xludf.ifna(IF(I73=Impostazioni!$C$6,J73*1,J73/INDEX(Impostazioni!$N$86:$O$105,MATCH($H73,Impostazioni!$N$86:$N$105,0),2)),"")} -> #NAME? | O73: {=_xludf.ifna(IF(J73=Impostazioni!$C$6,K73*1,K73/INDEX(Impostazioni!$N$86:$O$105,MATCH($H73,Impostazioni!$N$86:$N$105,0),2)),"")} -> #NAME?
... A1708: =IF(B1708="","",YEAR(B1708)) | B1708: =IF(C1708="","",EOMONTH(C1708,0)) | I1708: {=_xludf.ifna(G1708*INDEX(Impostazioni!$C$86:$L$105,MATCH($E1708,Impostazioni!$J$86:$J$105,0),5),"")} -> #NAME? | J1708: =IF(I1708*$C$3=0,"",I1708*$C$3) -> #NAME? | K1708: =IF(I1708="","", I1708-J1708) -> #NAME? | M1708: {=_xludf.ifna(IF(H1708=Impostazioni!$C$6,I1708*1,I1708/INDEX(Impostazioni!$N$86:$O$105,MATCH($H1708,Impostazioni!$N$86:$N$105,0),2)),"")} -> #NAME? | N1708: {=_xludf.ifna(IF(I1708=Impostazioni!$C$6,J1708*1,J1708/INDEX(Impostazioni!$N$86:$O$105,MATCH($H1708,Impostazioni!$N$86:$N$105,0),2)),"")} -> #NAME? | O1708: {=_xludf.ifna(IF(J1708=Impostazioni!$C$6,K1708*1,K1708/INDEX(Impostazioni!$N$86:$O$105,MATCH($H1708,Impostazioni!$N$86:$N$105,0),2)),"")} -> #NAME?
A1709: =IF(B1709="","",YEAR(B1709)) | B1709: =IF(C1709="","",EOMONTH(C1709,0)) | I1709: {=_xludf.ifna(G1709*INDEX(Impostazioni!$C$86:$L$105,MATCH($E1709,Impostazioni!$J$86:$J$105,0),5),"")} -> #NAME? | J1709: =IF(I1709*C1707=0,"",I1709*C1707) -> #NAME? | K1709: =IF(I1709="","", I1709-J1709) -> #NAME? | M1709: {=_xludf.ifna(IF(H1709=Impostazioni!$C$6,I1709*1,I1709/INDEX(Impostazioni!$N$86:$O$105,MATCH($H1709,Impostazioni!$N$86:$N$105,0),2)),"")} -> #NAME? | N1709: {=_xludf.ifna(IF(I1709=Impostazioni!$C$6,J1709*1,J1709/INDEX(Impostazioni!$N$86:$O$105,MATCH($H1709,Impostazioni!$N$86:$N$105,0),2)),"")} -> #NAME? | O1709: {=_xludf.ifna(IF(J1709=Impostazioni!$C$6,K1709*1,K1709/INDEX(Impostazioni!$N$86:$O$105,MATCH($H1709,Impostazioni!$N$86:$N$105,0),2)),"")} -> #NAME?
A1710: =IF(B1710="","",YEAR(B1710)) | B1710: =IF(C1710="","",EOMONTH(C1710,0)) | I1710: {=_xludf.ifna(G1710*INDEX(Impostazioni!$C$86:$L$105,MATCH($E1710,Impostazioni!$J$86:$J$105,0),5),"")} -> #NAME? | J1710: =IF(I1710*C1708=0,"",I1710*C1708) -> #NAME? | K1710: =IF(I1710="","", I1710-J1710) -> #NAME? | M1710: {=_xludf.ifna(IF(H1710=Impostazioni!$C$6,I1710*1,I1710/INDEX(Impostazioni!$N$86:$O$105,MATCH($H1710,Impostazioni!$N$86:$N$105,0),2)),"")} -> #NAME? | N1710: {=_xludf.ifna(IF(I1710=Impostazioni!$C$6,J1710*1,J1710/INDEX(Impostazioni!$N$86:$O$105,MATCH($H1710,Impostazioni!$N$86:$N$105,0),2)),"")} -> #NAME? | O1710: {=_xludf.ifna(IF(J1710=Impostazioni!$C$6,K1710*1,K1710/INDEX(Impostazioni!$N$86:$O$105,MATCH($H1710,Impostazioni!$N$86:$N$105,0),2)),"")} -> #NAME?
A1711: =IF(B1711="","",YEAR(B1711)) | B1711: =IF(C1711="","",EOMONTH(C1711,0)) | I1711: {=_xludf.ifna(G1711*INDEX(Impostazioni!$C$86:$L$105,MATCH($E1711,Impostazioni!$J$86:$J$105,0),5),"")} -> #NAME? | J1711: =IF(I1711*C1709=0,"",I1711*C1709) -> #NAME? | K1711: =IF(I1711="","", I1711-J1711) -> #NAME? | M1711: {=_xludf.ifna(IF(H1711=Impostazioni!$C$6,I1711*1,I1711/INDEX(Impostazioni!$N$86:$O$105,MATCH($H1711,Impostazioni!$N$86:$N$105,0),2)),"")} -> #NAME? | N1711: {=_xludf.ifna(IF(I1711=Impostazioni!$C$6,J1711*1,J1711/INDEX(Impostazioni!$N$86:$O$105,MATCH($H1711,Impostazioni!$N$86:$N$105,0),2)),"")} -> #NAME? | O1711: {=_xludf.ifna(IF(J1711=Impostazioni!$C$6,K1711*1,K1711/INDEX(Impostazioni!$N$86:$O$105,MATCH($H1711,Impostazioni!$N$86:$N$105,0),2)),"")} -> #NAME?
A1712: =IF(B1712="","",YEAR(B1712)) | B1712: =IF(C1712="","",EOMONTH(C1712,0)) | I1712: {=_xludf.ifna(G1712*INDEX(Impostazioni!$C$86:$L$105,MATCH($E1712,Impostazioni!$J$86:$J$105,0),5),"")} -> #NAME? | J1712: =IF(I1712*C1710=0,"",I1712*C1710) -> #NAME? | K1712: =IF(I1712="","", I1712-J1712) -> #NAME? | M1712: {=_xludf.ifna(IF(H1712=Impostazioni!$C$6,I1712*1,I1712/INDEX(Impostazioni!$N$86:$O$105,MATCH($H1712,Impostazioni!$N$86:$N$105,0),2)),"")} -> #NAME? | N1712: {=_xludf.ifna(IF(I1712=Impostazioni!$C$6,J1712*1,J1712/INDEX(Impostazioni!$N$86:$O$105,MATCH($H1712,Impostazioni!$N$86:$N$105,0),2)),"")} -> #NAME? | O1712: {=_xludf.ifna(IF(J1712=Impostazioni!$C$6,K1712*1,K1712/INDEX(Impostazioni!$N$86:$O$105,MATCH($H1712,Impostazioni!$N$86:$N$105,0),2)),"")} -> #NAME?
A1713: =IF(B1713="","",YEAR(B1713)) | B1713: =IF(C1713="","",EOMONTH(C1713,0)) | I1713: {=_xludf.ifna(G1713*INDEX(Impostazioni!$C$86:$L$105,MATCH($E1713,Impostazioni!$J$86:$J$105,0),5),"")} -> #NAME? | J1713: =IF(I1713*C1711=0,"",I1713*C1711) -> #NAME? | K1713: =IF(I1713="","", I1713-J1713) -> #NAME? | M1713: {=_xludf.ifna(IF(H1713=Impostazioni!$C$6,I1713*1,I1713/INDEX(Impostazioni!$N$86:$O$105,MATCH($H1713,Impostazioni!$N$86:$N$105,0),2)),"")} -> #NAME? | N1713: {=_xludf.ifna(IF(I1713=Impostazioni!$C$6,J1713*1,J1713/INDEX(Impostazioni!$N$86:$O$105,MATCH($H1713,Impostazioni!$N$86:$N$105,0),2)),"")} -> #NAME? | O1713: {=_xludf.ifna(IF(J1713=Impostazioni!$C$6,K1713*1,K1713/INDEX(Impostazioni!$N$86:$O$105,MATCH($H1713,Impostazioni!$N$86:$N$105,0),2)),"")} -> #NAME?
A1714: =IF(B1714="","",YEAR(B1714)) | B1714: =IF(C1714="","",EOMONTH(C1714,0)) | I1714: {=_xludf.ifna(G1714*INDEX(Impostazioni!$C$86:$L$105,MATCH($E1714,Impostazioni!$J$86:$J$105,0),5),"")} -> #NAME? | J1714: =IF(I1714*C1712=0,"",I1714*C1712) -> #NAME? | K1714: =IF(I1714="","", I1714-J1714) -> #NAME? | M1714: {=_xludf.ifna(IF(H1714=Impostazioni!$C$6,I1714*1,I1714/INDEX(Impostazioni!$N$86:$O$105,MATCH($H1714,Impostazioni!$N$86:$N$105,0),2)),"")} -> #NAME? | N1714: {=_xludf.ifna(IF(I1714=Impostazioni!$C$6,J1714*1,J1714/INDEX(Impostazioni!$N$86:$O$105,MATCH($H1714,Impostazioni!$N$86:$N$105,0),2)),"")} -> #NAME? | O1714: {=_xludf.ifna(IF(J1714=Impostazioni!$C$6,K1714*1,K1714/INDEX(Impostazioni!$N$86:$O$105,MATCH($H1714,Impostazioni!$N$86:$N$105,0),2)),"")} -> #NAME?
A1715: =IF(B1715="","",YEAR(B1715)) | B1715: =IF(C1715="","",EOMONTH(C1715,0)) | I1715: {=_xludf.ifna(G1715*INDEX(Impostazioni!$C$86:$L$105,MATCH($E1715,Impostazioni!$J$86:$J$105,0),5),"")} -> #NAME? | J1715: =IF(I1715*C1713=0,"",I1715*C1713) -> #NAME? | K1715: =IF(I1715="","", I1715-J1715) -> #NAME? | M1715: {=_xludf.ifna(IF(H1715=Impostazioni!$C$6,I1715*1,I1715/INDEX(Impostazioni!$N$86:$O$105,MATCH($H1715,Impostazioni!$N$86:$N$105,0),2)),"")} -> #NAME? | N1715: {=_xludf.ifna(IF(I1715=Impostazioni!$C$6,J1715*1,J1715/INDEX(Impostazioni!$N$86:$O$105,MATCH($H1715,Impostazioni!$N$86:$N$105,0),2)),"")} -> #NAME? | O1715: {=_xludf.ifna(IF(J1715=Impostazioni!$C$6,K1715*1,K1715/INDEX(Impostazioni!$N$86:$O$105,MATCH($H1715,Impostazioni!$N$86:$N$105,0),2)),"")} -> #NAME?
A1716: =IF(B1716="","",YEAR(B1716)) | B1716: =IF(C1716="","",EOMONTH(C1716,0)) | I1716: {=_xludf.ifna(G1716*INDEX(Impostazioni!$C$86:$L$105,MATCH($E1716,Impostazioni!$J$86:$J$105,0),5),"")} -> #NAME? | J1716: =IF(I1716*C1714=0,"",I1716*C1714) -> #NAME? | K1716: =IF(I1716="","", I1716-J1716) -> #NAME? | M1716: {=_xludf.ifna(IF(H1716=Impostazioni!$C$6,I1716*1,I1716/INDEX(Impostazioni!$N$86:$O$105,MATCH($H1716,Impostazioni!$N$86:$N$105,0),2)),"")} -> #NAME? | N1716: {=_xludf.ifna(IF(I1716=Impostazioni!$C$6,J1716*1,J1716/INDEX(Impostazioni!$N$86:$O$105,MATCH($H1716,Impostazioni!$N$86:$N$105,0),2)),"")} -> #NAME? | O1716: {=_xludf.ifna(IF(J1716=Impostazioni!$C$6,K1716*1,K1716/INDEX(Impostazioni!$N$86:$O$105,MATCH($H1716,Impostazioni!$N$86:$N$105,0),2)),"")} -> #NAME?
A1717: =IF(B1717="","",YEAR(B1717)) | B1717: =IF(C1717="","",EOMONTH(C1717,0)) | I1717: {=_xludf.ifna(G1717*INDEX(Impostazioni!$C$86:$L$105,MATCH($E1717,Impostazioni!$J$86:$J$105,0),5),"")} -> #NAME? | J1717: =IF(I1717*C1715=0,"",I1717*C1715) -> #NAME? | K1717: =IF(I1717="","", I1717-J1717) -> #NAME? | M1717: {=_xludf.ifna(IF(H1717=Impostazioni!$C$6,I1717*1,I1717/INDEX(Impostazioni!$N$86:$O$105,MATCH($H1717,Impostazioni!$N$86:$N$105,0),2)),"")} -> #NAME? | N1717: {=_xludf.ifna(IF(I1717=Impostazioni!$C$6,J1717*1,J1717/INDEX(Impostazioni!$N$86:$O$105,MATCH($H1717,Impostazioni!$N$86:$N$105,0),2)),"")} -> #NAME? | O1717: {=_xludf.ifna(IF(J1717=Impostazioni!$C$6,K1717*1,K1717/INDEX(Impostazioni!$N$86:$O$105,MATCH($H1717,Impostazioni!$N$86:$N$105,0),2)),"")} -> #NAME?
A1718: =IF(B1718="","",YEAR(B1718)) | B1718: =IF(C1718="","",EOMONTH(C1718,0)) | I1718: {=_xludf.ifna(G1718*INDEX(Impostazioni!$C$86:$L$105,MATCH($E1718,Impostazioni!$J$86:$J$105,0),5),"")} -> #NAME? | J1718: =IF(I1718*C1716=0,"",I1718*C1716) -> #NAME? | K1718: =IF(I1718="","", I1718-J1718) -> #NAME? | M1718: {=_xludf.ifna(IF(H1718=Impostazioni!$C$6,I1718*1,I1718/INDEX(Impostazioni!$N$86:$O$105,MATCH($H1718,Impostazioni!$N$86:$N$105,0),2)),"")} -> #NAME? | N1718: {=_xludf.ifna(IF(I1718=Impostazioni!$C$6,J1718*1,J1718/INDEX(Impostazioni!$N$86:$O$105,MATCH($H1718,Impostazioni!$N$86:$N$105,0),2)),"")} -> #NAME? | O1718: {=_xludf.ifna(IF(J1718=Impostazioni!$C$6,K1718*1,K1718/INDEX(Impostazioni!$N$86:$O$105,MATCH($H1718,Impostazioni!$N$86:$N$105,0),2)),"")} -> #NAME?
A1719: =IF(B1719="","",YEAR(B1719)) | B1719: =IF(C1719="","",EOMONTH(C1719,0)) | I1719: {=_xludf.ifna(G1719*INDEX(Impostazioni!$C$86:$L$105,MATCH($E1719,Impostazioni!$J$86:$J$105,0),5),"")} -> #NAME? | J1719: =IF(I1719*C1717=0,"",I1719*C1717) -> #NAME? | K1719: =IF(I1719="","", I1719-J1719) -> #NAME? | M1719: {=_xludf.ifna(IF(H1719=Impostazioni!$C$6,I1719*1,I1719/INDEX(Impostazioni!$N$86:$O$105,MATCH($H1719,Impostazioni!$N$86:$N$105,0),2)),"")} -> #NAME? | N1719: {=_xludf.ifna(IF(I1719=Impostazioni!$C$6,J1719*1,J1719/INDEX(Impostazioni!$N$86:$O$105,MATCH($H1719,Impostazioni!$N$86:$N$105,0),2)),"")} -> #NAME? | O1719: {=_xludf.ifna(IF(J1719=Impostazioni!$C$6,K1719*1,K1719/INDEX(Impostazioni!$N$86:$O$105,MATCH($H1719,Impostazioni!$N$86:$N$105,0),2)),"")} -> #NAME?
A1720: =IF(B1720="","",YEAR(B1720)) | B1720: =IF(C1720="","",EOMONTH(C1720,0)) | I1720: {=_xludf.ifna(G1720*INDEX(Impostazioni!$C$86:$L$105,MATCH($E1720,Impostazioni!$J$86:$J$105,0),5),"")} -> #NAME? | J1720: =IF(I1720*C1718=0,"",I1720*C1718) -> #NAME? | K1720: =IF(I1720="","", I1720-J1720) -> #NAME? | M1720: {=_xludf.ifna(IF(H1720=Impostazioni!$C$6,I1720*1,I1720/INDEX(Impostazioni!$N$86:$O$105,MATCH($H1720,Impostazioni!$N$86:$N$105,0),2)),"")} -> #NAME? | N1720: {=_xludf.ifna(IF(I1720=Impostazioni!$C$6,J1720*1,J1720/INDEX(Impostazioni!$N$86:$O$105,MATCH($H1720,Impostazioni!$N$86:$N$105,0),2)),"")} -> #NAME? | O1720: {=_xludf.ifna(IF(J1720=Impostazioni!$C$6,K1720*1,K1720/INDEX(Impostazioni!$N$86:$O$105,MATCH($H1720,Impostazioni!$N$86:$N$105,0),2)),"")} -> #NAME?
... A1790: =IF(B1790="","",YEAR(B1790)) | B1790: =IF(C1790="","",EOMONTH(C1790,0)) | I1790: {=_xludf.ifna(G1790*INDEX(Impostazioni!$C$86:$L$105,MATCH($E1790,Impostazioni!$J$86:$J$105,0),5),"")} -> #NAME? | J1790: =IF(I1790*C1788=0,"",I1790*C1788) -> #NAME? | K1790: =IF(I1790="","", I1790-J1790) -> #NAME? | M1790: {=_xludf.ifna(IF(H1790=Impostazioni!$C$6,I1790*1,I1790/INDEX(Impostazioni!$N$86:$O$105,MATCH($H1790,Impostazioni!$N$86:$N$105,0),2)),"")} -> #NAME? | N1790: {=_xludf.ifna(IF(I1790=Impostazioni!$C$6,J1790*1,J1790/INDEX(Impostazioni!$N$86:$O$105,MATCH($H1790,Impostazioni!$N$86:$N$105,0),2)),"")} -> #NAME? | O1790: {=_xludf.ifna(IF(J1790=Impostazioni!$C$6,K1790*1,K1790/INDEX(Impostazioni!$N$86:$O$105,MATCH($H1790,Impostazioni!$N$86:$N$105,0),2)),"")} -> #NAME?
A1791: =IF(B1791="","",YEAR(B1791)) | B1791: =IF(C1791="","",EOMONTH(C1791,0)) | M1791: {=_xludf.ifna(IF(H1791=Impostazioni!$C$6,I1791*1,I1791/INDEX(Impostazioni!$N$86:$O$105,MATCH($H1791,Impostazioni!$N$86:$N$105,0),2)),"")} -> #NAME? | N1791: {=_xludf.ifna(IF(I1791=Impostazioni!$C$6,J1791*1,J1791/INDEX(Impostazioni!$N$86:$O$105,MATCH($H1791,Impostazioni!$N$86:$N$105,0),2)),"")} -> #NAME? | O1791: {=_xludf.ifna(IF(J1791=Impostazioni!$C$6,K1791*1,K1791/INDEX(Impostazioni!$N$86:$O$105,MATCH($H1791,Impostazioni!$N$86:$N$105,0),2)),"")} -> #NAME?
A1792: =IF(B1792="","",YEAR(B1792)) | B1792: =IF(C1792="","",EOMONTH(C1792,0)) | M1792: {=_xludf.ifna(IF(H1792=Impostazioni!$C$6,I1792*1,I1792/INDEX(Impostazioni!$N$86:$O$105,MATCH($H1792,Impostazioni!$N$86:$N$105,0),2)),"")} -> #NAME? | N1792: {=_xludf.ifna(IF(I1792=Impostazioni!$C$6,J1792*1,J1792/INDEX(Impostazioni!$N$86:$O$105,MATCH($H1792,Impostazioni!$N$86:$N$105,0),2)),"")} -> #NAME? | O1792: {=_xludf.ifna(IF(J1792=Impostazioni!$C$6,K1792*1,K1792/INDEX(Impostazioni!$N$86:$O$105,MATCH($H1792,Impostazioni!$N$86:$N$105,0),2)),"")} -> #NAME?
A1793: =IF(B1793="","",YEAR(B1793)) | B1793: =IF(C1793="","",EOMONTH(C1793,0)) | M1793: {=_xludf.ifna(IF(H1793=Impostazioni!$C$6,I1793*1,I1793/INDEX(Impostazioni!$N$86:$O$105,MATCH($H1793,Impostazioni!$N$86:$N$105,0),2)),"")} -> #NAME? | N1793: {=_xludf.ifna(IF(I1793=Impostazioni!$C$6,J1793*1,J1793/INDEX(Impostazioni!$N$86:$O$105,MATCH($H1793,Impostazioni!$N$86:$N$105,0),2)),"")} -> #NAME? | O1793: {=_xludf.ifna(IF(J1793=Impostazioni!$C$6,K1793*1,K1793/INDEX(Impostazioni!$N$86:$O$105,MATCH($H1793,Impostazioni!$N$86:$N$105,0),2)),"")} -> #NAME?
A1794: =IF(B1794="","",YEAR(B1794)) | B1794: =IF(C1794="","",EOMONTH(C1794,0)) | M1794: {=_xludf.ifna(IF(H1794=Impostazioni!$C$6,I1794*1,I1794/INDEX(Impostazioni!$N$86:$O$105,MATCH($H1794,Impostazioni!$N$86:$N$105,0),2)),"")} -> #NAME? | N1794: {=_xludf.ifna(IF(I1794=Impostazioni!$C$6,J1794*1,J1794/INDEX(Impostazioni!$N$86:$O$105,MATCH($H1794,Impostazioni!$N$86:$N$105,0),2)),"")} -> #NAME? | O1794: {=_xludf.ifna(IF(J1794=Impostazioni!$C$6,K1794*1,K1794/INDEX(Impostazioni!$N$86:$O$105,MATCH($H1794,Impostazioni!$N$86:$N$105,0),2)),"")} -> #NAME?
A1795: =IF(B1795="","",YEAR(B1795)) | B1795: =IF(C1795="","",EOMONTH(C1795,0)) | M1795: {=_xludf.ifna(IF(H1795=Impostazioni!$C$6,I1795*1,I1795/INDEX(Impostazioni!$N$86:$O$105,MATCH($H1795,Impostazioni!$N$86:$N$105,0),2)),"")} -> #NAME? | N1795: {=_xludf.ifna(IF(I1795=Impostazioni!$C$6,J1795*1,J1795/INDEX(Impostazioni!$N$86:$O$105,MATCH($H1795,Impostazioni!$N$86:$N$105,0),2)),"")} -> #NAME? | O1795: {=_xludf.ifna(IF(J1795=Impostazioni!$C$6,K1795*1,K1795/INDEX(Impostazioni!$N$86:$O$105,MATCH($H1795,Impostazioni!$N$86:$N$105,0),2)),"")} -> #NAME?
A1796: =IF(B1796="","",YEAR(B1796)) | B1796: =IF(C1796="","",EOMONTH(C1796,0)) | M1796: {=_xludf.ifna(IF(H1796=Impostazioni!$C$6,I1796*1,I1796/INDEX(Impostazioni!$N$86:$O$105,MATCH($H1796,Impostazioni!$N$86:$N$105,0),2)),"")} -> #NAME? | N1796: {=_xludf.ifna(IF(I1796=Impostazioni!$C$6,J1796*1,J1796/INDEX(Impostazioni!$N$86:$O$105,MATCH($H1796,Impostazioni!$N$86:$N$105,0),2)),"")} -> #NAME? | O1796: {=_xludf.ifna(IF(J1796=Impostazioni!$C$6,K1796*1,K1796/INDEX(Impostazioni!$N$86:$O$105,MATCH($H1796,Impostazioni!$N$86:$N$105,0),2)),"")} -> #NAME?
A1797: =IF(B1797="","",YEAR(B1797)) | B1797: =IF(C1797="","",EOMONTH(C1797,0)) | M1797: {=_xludf.ifna(IF(H1797=Impostazioni!$C$6,I1797*1,I1797/INDEX(Impostazioni!$N$86:$O$105,MATCH($H1797,Impostazioni!$N$86:$N$105,0),2)),"")} -> #NAME? | N1797: {=_xludf.ifna(IF(I1797=Impostazioni!$C$6,J1797*1,J1797/INDEX(Impostazioni!$N$86:$O$105,MATCH($H1797,Impostazioni!$N$86:$N$105,0),2)),"")} -> #NAME? | O1797: {=_xludf.ifna(IF(J1797=Impostazioni!$C$6,K1797*1,K1797/INDEX(Impostazioni!$N$86:$O$105,MATCH($H1797,Impostazioni!$N$86:$N$105,0),2)),"")} -> #NAME?
A1798: =IF(B1798="","",YEAR(B1798)) | B1798: =IF(C1798="","",EOMONTH(C1798,0)) | M1798: {=_xludf.ifna(IF(H1798=Impostazioni!$C$6,I1798*1,I1798/INDEX(Impostazioni!$N$86:$O$105,MATCH($H1798,Impostazioni!$N$86:$N$105,0),2)),"")} -> #NAME? | N1798: {=_xludf.ifna(IF(I1798=Impostazioni!$C$6,J1798*1,J1798/INDEX(Impostazioni!$N$86:$O$105,MATCH($H1798,Impostazioni!$N$86:$N$105,0),2)),"")} -> #NAME? | O1798: {=_xludf.ifna(IF(J1798=Impostazioni!$C$6,K1798*1,K1798/INDEX(Impostazioni!$N$86:$O$105,MATCH($H1798,Impostazioni!$N$86:$N$105,0),2)),"")} -> #NAME?
A1799: =IF(B1799="","",YEAR(B1799)) | B1799: =IF(C1799="","",EOMONTH(C1799,0)) | M1799: {=_xludf.ifna(IF(H1799=Impostazioni!$C$6,I1799*1,I1799/INDEX(Impostazioni!$N$86:$O$105,MATCH($H1799,Impostazioni!$N$86:$N$105,0),2)),"")} -> #NAME? | N1799: {=_xludf.ifna(IF(I1799=Impostazioni!$C$6,J1799*1,J1799/INDEX(Impostazioni!$N$86:$O$105,MATCH($H1799,Impostazioni!$N$86:$N$105,0),2)),"")} -> #NAME? | O1799: {=_xludf.ifna(IF(J1799=Impostazioni!$C$6,K1799*1,K1799/INDEX(Impostazioni!$N$86:$O$105,MATCH($H1799,Impostazioni!$N$86:$N$105,0),2)),"")} -> #NAME?
A1800: =IF(B1800="","",YEAR(B1800)) | B1800: =IF(C1800="","",EOMONTH(C1800,0)) | M1800: {=_xludf.ifna(IF(H1800=Impostazioni!$C$6,I1800*1,I1800/INDEX(Impostazioni!$N$86:$O$105,MATCH($H1800,Impostazioni!$N$86:$N$105,0),2)),"")} -> #NAME? | N1800: {=_xludf.ifna(IF(I1800=Impostazioni!$C$6,J1800*1,J1800/INDEX(Impostazioni!$N$86:$O$105,MATCH($H1800,Impostazioni!$N$86:$N$105,0),2)),"")} -> #NAME? | O1800: {=_xludf.ifna(IF(J1800=Impostazioni!$C$6,K1800*1,K1800/INDEX(Impostazioni!$N$86:$O$105,MATCH($H1800,Impostazioni!$N$86:$N$105,0),2)),"")} -> #NAME?
A1801: =IF(B1801="","",YEAR(B1801)) | B1801: =IF(C1801="","",EOMONTH(C1801,0)) | M1801: {=_xludf.ifna(IF(H1801=Impostazioni!$C$6,I1801*1,I1801/INDEX(Impostazioni!$N$86:$O$105,MATCH($H1801,Impostazioni!$N$86:$N$105,0),2)),"")} -> #NAME? | N1801: {=_xludf.ifna(IF(I1801=Impostazioni!$C$6,J1801*1,J1801/INDEX(Impostazioni!$N$86:$O$105,MATCH($H1801,Impostazioni!$N$86:$N$105,0),2)),"")} -> #NAME? | O1801: {=_xludf.ifna(IF(J1801=Impostazioni!$C$6,K1801*1,K1801/INDEX(Impostazioni!$N$86:$O$105,MATCH($H1801,Impostazioni!$N$86:$N$105,0),2)),"")} -> #NAME?
A1802: =IF(B1802="","",YEAR(B1802)) | B1802: =IF(C1802="","",EOMONTH(C1802,0)) | M1802: {=_xludf.ifna(IF(H1802=Impostazioni!$C$6,I1802*1,I1802/INDEX(Impostazioni!$N$86:$O$105,MATCH($H1802,Impostazioni!$N$86:$N$105,0),2)),"")} -> #NAME? | N1802: {=_xludf.ifna(IF(I1802=Impostazioni!$C$6,J1802*1,J1802/INDEX(Impostazioni!$N$86:$O$105,MATCH($H1802,Impostazioni!$N$86:$N$105,0),2)),"")} -> #NAME? | O1802: {=_xludf.ifna(IF(J1802=Impostazioni!$C$6,K1802*1,K1802/INDEX(Impostazioni!$N$86:$O$105,MATCH($H1802,Impostazioni!$N$86:$N$105,0),2)),"")} -> #NAME?
... A2000: =IF(B2000="","",YEAR(B2000)) | B2000: =IF(C2000="","",EOMONTH(C2000,0)) | M2000: {=_xludf.ifna(IF(H2000=Impostazioni!$C$6,I2000*1,I2000/INDEX(Impostazioni!$N$86:$O$105,MATCH($H2000,Impostazioni!$N$86:$N$105,0),2)),"")} -> #NAME? | N2000: {=_xludf.ifna(IF(I2000=Impostazioni!$C$6,J2000*1,J2000/INDEX(Impostazioni!$N$86:$O$105,MATCH($H2000,Impostazioni!$N$86:$N$105,0),2)),"")} -> #NAME? | O2000: {=_xludf.ifna(IF(J2000=Impostazioni!$C$6,K2000*1,K2000/INDEX(Impostazioni!$N$86:$O$105,MATCH($H2000,Impostazioni!$N$86:$N$105,0),2)),"")} -> #NAME?

Sheet Tracciatore delle operazioni
B2: Operations Tracker
B4: Dattero | C4: Entrate/Spese | D4: Categoria | E4: Valuta | F4: Importo totale | G4: Tassa | H4: Navigazione | I4: Tasse | J4: Importo netto | K4: Account | L4: Note
B5: 45454 | C5: INCOMES | D5: FINO A | E5: =IF(B5="","",Impostazioni!$C$6) -> EUR | F5: 131.76 | G5: 0 | H5: 0 | I5: 0 | J5: {='IncomeTracker Backend'!$K$5:$K2500} -> 131.76 | K5: Ristorcaffè
B6: 45454 | C6: INCOMES | D6: FINO A | E6: =IF(B6="","",Impostazioni!$C$6) -> EUR | F6: 287.31 | G6: 0 | H6: 0 | I6: 0 | J6: 287.31 | K6: Guidi
B7: 45454 | C7: INCOMES | D7: FINO A | E7: =IF(B7="","",Impostazioni!$C$6) -> EUR | F7: 287.31 | G7: 0 | H7: 0 | I7: 0 | J7: 287.31 | K7: Guidi
B8: 45455 | C8: INCOMES | D8: FINO A | E8: =IF(B8="","",Impostazioni!$C$6) -> EUR | F8: 1882.5 | G8: 0 | H8: 0 | I8: 0 | J8: 1882.5 | K8: Beat Eventi
B9: 45450 | C9: EXPENSES | D9: Borgo Stajnbech | E9: =IF(B9="","",Impostazioni!$C$6) -> EUR | F9: 1070.26 | G9: 0 | H9: 0 | I9: 0 | J9: 1070.26 | K9: Guido
B10: 45457 | C10: EXPENSES | D10: Assicurazione | E10: =IF(B10="","",Impostazioni!$C$6) -> EUR | F10: 90.06 | G10: 0 | H10: 0 | I10: 0 | J10: 90.06 | K10: Roberta
B11: 45457 | C11: EXPENSES | D11: Tasse | E11: =IF(B11="","",Impostazioni!$C$6) -> EUR | F11: 632.61 | G11: 0 | H11: 0 | I11: 0 | J11: 632.61 | K11: Dhyan Choan
B12: 45457 | C12: EXPENSES | D12: Tasse | E12: =IF(B12="","",Impostazioni!$C$6) -> EUR | F12: 1234.73 | G12: 0 | H12: 0 | I12: 0 | J12: 1234.73 | K12: Dhyan Choan
B13: 45460 | C13: EXPENSES | D13: Imprevisti | E13: =IF(B13="","",Impostazioni!$C$6) -> EUR | F13: 395.28 | G13: 0 | H13: 0 | I13: 0 | J13: 395.28 | K13: Mad Bit
B14: 45461 | C14: INCOMES | D14: POS | E14: =IF(B14="","",Impostazioni!$C$6) -> EUR | F14: 210.82 | G14: 0 | H14: 0 | I14: 0 | J14: 210.82
C15: EXPENSES | D15: Affitto | E15: =IF(B15="","",Impostazioni!$C$6) | G15: 0 | H15: 0 | I15: 0 | J15: #VALUE!
C16: EXPENSES | D16: Paolo | E16: =IF(B16="","",Impostazioni!$C$6) | G16: 0 | H16: 0 | I16: 0 | J16: #VALUE!
C17: EXPENSES | D17: Tasse | E17: =IF(B17="","",Impostazioni!$C$6) | G17: 0 | H17: 0 | I17: 0 | J17: #VALUE!
E18: =IF(B18="","",Impostazioni!$C$6)
E19: =IF(B19="","",Impostazioni!$C$6)
E20: =IF(B20="","",Impostazioni!$C$6)
E21: =IF(B21="","",Impostazioni!$C$6)
E22: =IF(B22="","",Impostazioni!$C$6)
E23: =IF(B23="","",Impostazioni!$C$6)
E24: =IF(B24="","",Impostazioni!$C$6)
E25: =IF(B25="","",Impostazioni!$C$6)
E26: =IF(B26="","",Impostazioni!$C$6)
E27: =IF(B27="","",Impostazioni!$C$6)
E28: =IF(B28="","",Impostazioni!$C$6)
E29: =IF(B29="","",Impostazioni!$C$6)
... E2000: =IF(B2000="","",Impostazioni!$C$6)
E2001: =IF(B2001="","",Impostazioni!$C$6) | J2001: 0
E2002: =IF(B2002="","",Impostazioni!$C$6) | J2002: 0
E2003: =IF(B2003="","",Impostazioni!$C$6) | J2003: 0
E2004: =IF(B2004="","",Impostazioni!$C$6) | J2004: 0
E2005: =IF(B2005="","",Impostazioni!$C$6) | J2005: 0
E2006: =IF(B2006="","",Impostazioni!$C$6) | J2006: 0
E2007: =IF(B2007="","",Impostazioni!$C$6) | J2007: 0
E2008: =IF(B2008="","",Impostazioni!$C$6) | J2008: 0
E2009: =IF(B2009="","",Impostazioni!$C$6) | J2009: 0
E2010: =IF(B2010="","",Impostazioni!$C$6) | J2010: 0
E2011: =IF(B2011="","",Impostazioni!$C$6) | J2011: 0
E2012: =IF(B2012="","",Impostazioni!$C$6) | J2012: 0
... E2500: =IF(B2500="","",Impostazioni!$C$6) | J2500: 0
J2501: #N/A
J2502: #N/A
J2503: #N/A
J2504: #N/A
J2505: #N/A
J2506: #N/A
J2507: #N/A
J2508: #N/A
J2509: #N/A
J2510: #N/A
J2511: #N/A
J2512: #N/A
... J3000: #N/A

Sheet Panoramica mensile
B2: MONTHLY DASHBOARD
K4: OBIETTIVO DI PROFITTO MENSILE | N4: MESE SELEZIONATO
K5: ='Monthly Overview Backend'!$AS$5 -> 0 | N5: 45351
B6: TOTAL INCOME | C6: SPESE TOTALI | F6: UTILE NETTO | H6: MARGINE DI PROFITTO
N7: OBIETTIVO DI PROFITTO
B8: ='Monthly Overview Backend'!AK4 -> 0 | C8: ='Monthly Overview Backend'!AL4 -> 0 | F8: ='Monthly Overview Backend'!AM4 -> 0 | H8: =IFERROR('Monthly Overview Backend'!AN4,0) -> 0 | N8: Sotto la porta! | O8: ='Monthly Overview Backend'!$AT$5 -> 1200
N10: OBIETTIVO DI COSTO
N11: Sotto il bilancio | O11: ='Monthly Overview Backend'!AW4 -> 1000
B13: RICAVO | C13: IMPORTO | D13: PERCENTUALE | F13: DISTRIBUZIONE DELLE VENDITE | K13: PANORAMICA DELLE VENDITE
B14: =IF('Monthly Overview Backend'!AI10="","",'Monthly Overview Backend'!AI10) | C14: =IF('Monthly Overview Backend'!AJ10="","",'Monthly Overview Backend'!AJ10) | D14: =IF('Monthly Overview Backend'!AK10="","",'Monthly Overview Backend'!AK10)
B15: =IF('Monthly Overview Backend'!AI11="","",'Monthly Overview Backend'!AI11) | C15: =IF('Monthly Overview Backend'!AJ11="","",'Monthly Overview Backend'!AJ11) | D15: =IF('Monthly Overview Backend'!AK11="","",'Monthly Overview Backend'!AK11)
B16: =IF('Monthly Overview Backend'!AI12="","",'Monthly Overview Backend'!AI12) | C16: =IF('Monthly Overview Backend'!AJ12="","",'Monthly Overview Backend'!AJ12) | D16: =IF('Monthly Overview Backend'!AK12="","",'Monthly Overview Backend'!AK12)
B17: =IF('Monthly Overview Backend'!AI13="","",'Monthly Overview Backend'!AI13) | C17: =IF('Monthly Overview Backend'!AJ13="","",'Monthly Overview Backend'!AJ13) | D17: =IF('Monthly Overview Backend'!AK13="","",'Monthly Overview Backend'!AK13)
B18: =IF('Monthly Overview Backend'!AI14="","",'Monthly Overview Backend'!AI14) | C18: =IF('Monthly Overview Backend'!AJ14="","",'Monthly Overview Backend'!AJ14) | D18: =IF('Monthly Overview Backend'!AK14="","",'Monthly Overview Backend'!AK14)
B19: =IF('Monthly Overview Backend'!AI15="","",'Monthly Overview Backend'!AI15) | C19: =IF('Monthly Overview Backend'!AJ15="","",'Monthly Overview Backend'!AJ15) | D19: =IF('Monthly Overview Backend'!AK15="","",'Monthly Overview Backend'!AK15)
B20: =IF('Monthly Overview Backend'!AI16="","",'Monthly Overview Backend'!AI16) | C20: =IF('Monthly Overview Backend'!AJ16="","",'Monthly Overview Backend'!AJ16) | D20: =IF('Monthly Overview Backend'!AK16="","",'Monthly Overview Backend'!AK16)
B21: =IF('Monthly Overview Backend'!AI17="","",'Monthly Overview Backend'!AI17) | C21: =IF('Monthly Overview Backend'!AJ17="","",'Monthly Overview Backend'!AJ17) | D21: =IF('Monthly Overview Backend'!AK17="","",'Monthly Overview Backend'!AK17)
B22: =IF('Monthly Overview Backend'!AI18="","",'Monthly Overview Backend'!AI18) | C22: =IF('Monthly Overview Backend'!AJ18="","",'Monthly Overview Backend'!AJ18) | D22: =IF('Monthly Overview Backend'!AK18="","",'Monthly Overview Backend'!AK18)
B23: =IF('Monthly Overview Backend'!AI19="","",'Monthly Overview Backend'!AI19) | C23: =IF('Monthly Overview Backend'!AJ19="","",'Monthly Overview Backend'!AJ19) | D23: =IF('Monthly Overview Backend'!AK19="","",'Monthly Overview Backend'!AK19)
B24: =IF('Monthly Overview Backend'!AI20="","",'Monthly Overview Backend'!AI20) | C24: =IF('Monthly Overview Backend'!AJ20="","",'Monthly Overview Backend'!AJ20) | D24: =IF('Monthly Overview Backend'!AK20="","",'Monthly Overview Backend'!AK20) | F24: VENDUTI
B25: =IF('Monthly Overview Backend'!AI21="","",'Monthly Overview Backend'!AI21) | C25: =IF('Monthly Overview Backend'!AJ21="","",'Monthly Overview Backend'!AJ21) | D25: =IF('Monthly Overview Backend'!AK21="","",'Monthly Overview Backend'!AK21)
B26: =IF('Monthly Overview Backend'!AI22="","",'Monthly Overview Backend'!AI22) | C26: =IF('Monthly Overview Backend'!AJ22="","",'Monthly Overview Backend'!AJ22) | D26: =IF('Monthly Overview Backend'!AK22="","",'Monthly Overview Backend'!AK22)
B27: =IF('Monthly Overview Backend'!AI23="","",'Monthly Overview Backend'!AI23) | C27: =IF('Monthly Overview Backend'!AJ23="","",'Monthly Overview Backend'!AJ23) | D27: =IF('Monthly Overview Backend'!AK23="","",'Monthly Overview Backend'!AK23)
B28: =IF('Monthly Overview Backend'!AI24="","",'Monthly Overview Backend'!AI24) | C28: =IF('Monthly Overview Backend'!AJ24="","",'Monthly Overview Backend'!AJ24) | D28: =IF('Monthly Overview Backend'!AK24="","",'Monthly Overview Backend'!AK24)
B29: =IF('Monthly Overview Backend'!AI25="","",'Monthly Overview Backend'!AI25) | C29: =IF('Monthly Overview Backend'!AJ25="","",'Monthly Overview Backend'!AJ25) | D29: =IF('Monthly Overview Backend'!AK25="","",'Monthly Overview Backend'!AK25)
B30: =IF('Monthly Overview Backend'!AI26="","",'Monthly Overview Backend'!AI26) | C30: =IF('Monthly Overview Backend'!AJ26="","",'Monthly Overview Backend'!AJ26) | D30: =IF('Monthly Overview Backend'!AK26="","",'Monthly Overview Backend'!AK26)
B31: =IF('Monthly Overview Backend'!AI27="","",'Monthly Overview Backend'!AI27) | C31: =IF('Monthly Overview Backend'!AJ27="","",'Monthly Overview Backend'!AJ27) | D31: =IF('Monthly Overview Backend'!AK27="","",'Monthly Overview Backend'!AK27)
B32: =IF('Monthly Overview Backend'!AI28="","",'Monthly Overview Backend'!AI28) | C32: =IF('Monthly Overview Backend'!AJ28="","",'Monthly Overview Backend'!AJ28) | D32: =IF('Monthly Overview Backend'!AK28="","",'Monthly Overview Backend'!AK28)
B33: =IF('Monthly Overview Backend'!AI29="","",'Monthly Overview Backend'!AI29) | C33: =IF('Monthly Overview Backend'!AJ29="","",'Monthly Overview Backend'!AJ29) | D33: =IF('Monthly Overview Backend'!AK29="","",'Monthly Overview Backend'!AK29)
B35: COSTO | C35: IMPORTO | D35: PERCENTUALE | F35: DISTRIBUZIONE DELLE SPESE | K35: PANORAMICA DEI COSTI
B36: =IF('Monthly Overview Backend'!AO10="","",'Monthly Overview Backend'!AO10) | C36: =IF('Monthly Overview Backend'!AP10="","",'Monthly Overview Backend'!AP10) | D36: =IF('Monthly Overview Backend'!AQ10="","",'Monthly Overview Backend'!AQ10)
B37: =IF('Monthly Overview Backend'!AO11="","",'Monthly Overview Backend'!AO11) | C37: =IF('Monthly Overview Backend'!AP11="","",'Monthly Overview Backend'!AP11) | D37: =IF('Monthly Overview Backend'!AQ11="","",'Monthly Overview Backend'!AQ11)
B38: =IF('Monthly Overview Backend'!AO12="","",'Monthly Overview Backend'!AO12) | C38: =IF('Monthly Overview Backend'!AP12="","",'Monthly Overview Backend'!AP12) | D38: =IF('Monthly Overview Backend'!AQ12="","",'Monthly Overview Backend'!AQ12)
B39: =IF('Monthly Overview Backend'!AO13="","",'Monthly Overview Backend'!AO13) | C39: =IF('Monthly Overview Backend'!AP13="","",'Monthly Overview Backend'!AP13) | D39: =IF('Monthly Overview Backend'!AQ13="","",'Monthly Overview Backend'!AQ13)
B40: =IF('Monthly Overview Backend'!AO14="","",'Monthly Overview Backend'!AO14) | C40: =IF('Monthly Overview Backend'!AP14="","",'Monthly Overview Backend'!AP14) | D40: =IF('Monthly Overview Backend'!AQ14="","",'Monthly Overview Backend'!AQ14)
B41: =IF('Monthly Overview Backend'!AO15="","",'Monthly Overview Backend'!AO15) | C41: =IF('Monthly Overview Backend'!AP15="","",'Monthly Overview Backend'!AP15) | D41: =IF('Monthly Overview Backend'!AQ15="","",'Monthly Overview Backend'!AQ15)
B42: =IF('Monthly Overview Backend'!AO16="","",'Monthly Overview Backend'!AO16) | C42: =IF('Monthly Overview Backend'!AP16="","",'Monthly Overview Backend'!AP16) | D42: =IF('Monthly Overview Backend'!AQ16="","",'Monthly Overview Backend'!AQ16)
B43: =IF('Monthly Overview Backend'!AO17="","",'Monthly Overview Backend'!AO17) | C43: =IF('Monthly Overview Backend'!AP17="","",'Monthly Overview Backend'!AP17) | D43: =IF('Monthly Overview Backend'!AQ17="","",'Monthly Overview Backend'!AQ17)
B44: =IF('Monthly Overview Backend'!AO18="","",'Monthly Overview Backend'!AO18) | C44: =IF('Monthly Overview Backend'!AP18="","",'Monthly Overview Backend'!AP18) | D44: =IF('Monthly Overview Backend'!AQ18="","",'Monthly Overview Backend'!AQ18)
B45: =IF('Monthly Overview Backend'!AO19="","",'Monthly Overview Backend'!AO19) | C45: =IF('Monthly Overview Backend'!AP19="","",'Monthly Overview Backend'!AP19) | D45: =IF('Monthly Overview Backend'!AQ19="","",'Monthly Overview Backend'!AQ19)
B46: =IF('Monthly Overview Backend'!AO20="","",'Monthly Overview Backend'!AO20) | C46: =IF('Monthly Overview Backend'!AP20="","",'Monthly Overview Backend'!AP20) | D46: =IF('Monthly Overview Backend'!AQ20="","",'Monthly Overview Backend'!AQ20) | F46: VENDUTI
B47: =IF('Monthly Overview Backend'!AO21="","",'Monthly Overview Backend'!AO21) | C47: =IF('Monthly Overview Backend'!AP21="","",'Monthly Overview Backend'!AP21) | D47: =IF('Monthly Overview Backend'!AQ21="","",'Monthly Overview Backend'!AQ21)
B48: =IF('Monthly Overview Backend'!AO22="","",'Monthly Overview Backend'!AO22) | C48: =IF('Monthly Overview Backend'!AP22="","",'Monthly Overview Backend'!AP22) | D48: =IF('Monthly Overview Backend'!AQ22="","",'Monthly Overview Backend'!AQ22)
B49: =IF('Monthly Overview Backend'!AO23="","",'Monthly Overview Backend'!AO23) | C49: =IF('Monthly Overview Backend'!AP23="","",'Monthly Overview Backend'!AP23) | D49: =IF('Monthly Overview Backend'!AQ23="","",'Monthly Overview Backend'!AQ23)
B50: =IF('Monthly Overview Backend'!AO24="","",'Monthly Overview Backend'!AO24) | C50: =IF('Monthly Overview Backend'!AP24="","",'Monthly Overview Backend'!AP24) | D50: =IF('Monthly Overview Backend'!AQ24="","",'Monthly Overview Backend'!AQ24)
B51: =IF('Monthly Overview Backend'!AO25="","",'Monthly Overview Backend'!AO25) | C51: =IF('Monthly Overview Backend'!AP25="","",'Monthly Overview Backend'!AP25) | D51: =IF('Monthly Overview Backend'!AQ25="","",'Monthly Overview Backend'!AQ25)
B52: =IF('Monthly Overview Backend'!AO26="","",'Monthly Overview Backend'!AO26) | C52: =IF('Monthly Overview Backend'!AP26="","",'Monthly Overview Backend'!AP26) | D52: =IF('Monthly Overview Backend'!AQ26="","",'Monthly Overview Backend'!AQ26)
B53: =IF('Monthly Overview Backend'!AO27="","",'Monthly Overview Backend'!AO27) | C53: =IF('Monthly Overview Backend'!AP27="","",'Monthly Overview Backend'!AP27) | D53: =IF('Monthly Overview Backend'!AQ27="","",'Monthly Overview Backend'!AQ27)
B54: =IF('Monthly Overview Backend'!AO28="","",'Monthly Overview Backend'!AO28) | C54: =IF('Monthly Overview Backend'!AP28="","",'Monthly Overview Backend'!AP28) | D54: =IF('Monthly Overview Backend'!AQ28="","",'Monthly Overview Backend'!AQ28)
B55: =IF('Monthly Overview Backend'!AO29="","",'Monthly Overview Backend'!AO29) | C55: =IF('Monthly Overview Backend'!AP29="","",'Monthly Overview Backend'!AP29) | D55: =IF('Monthly Overview Backend'!AQ29="","",'Monthly Overview Backend'!AQ29)

Sheet Expense Tracker
B2: Expense Tracker
B4: Date | C4: ID | D4: Product/Service | E4: Category | F4: Quantity | G4: Currency | H4: Total Expense | I4: Sale Tax | J4: Net Expense | K4: Notes
B5: 44931 | C5: {=IF(D5="","", INDEX(Impostazioni!$C$86:$L$105,MATCH($D5,Impostazioni!$J$86:$J$105,0),2))} -> #N/A | D5: Expense 2 | E5: Material Cost | F5: 10 | G5: EUR | I5: #REF!
B6: 45037 | C6: {=IF(D6="","", INDEX(Impostazioni!$C$86:$L$105,MATCH($D6,Impostazioni!$J$86:$J$105,0),2))} -> #N/A | D6: Expense 2 | E6: Labor Cost | F6: 10 | G6: USD | I6: #REF!
B7: 45047 | C7: {=IF(D7="","", INDEX(Impostazioni!$C$86:$L$105,MATCH($D7,Impostazioni!$J$86:$J$105,0),2))} -> #N/A | D7: Expense 1 | E7: Packaging Cost | F7: 10 | G7: USD | I7: #REF!
B8: 45056 | C8: {=IF(D8="","", INDEX(Impostazioni!$C$86:$L$105,MATCH($D8,Impostazioni!$J$86:$J$105,0),2))} -> #N/A | D8: Expense 3 | E8: Material Cost | F8: 10 | G8: USD | I8: #REF!
B9: 45056 | C9: {=IF(D9="","", INDEX(Impostazioni!$C$86:$L$105,MATCH($D9,Impostazioni!$J$86:$J$105,0),2))} -> #N/A | D9: Expense 5 | E9: Postage and Dellivery | F9: 5 | G9: USD | I9: #REF!
B10: 45061 | C10: {=IF(D10="","", INDEX(Impostazioni!$C$86:$L$105,MATCH($D10,Impostazioni!$J$86:$J$105,0),2))} -> #N/A | D10: Expense 4 | E10: Material Cost | F10: 3 | G10: USD | I10: #REF!
B11: 45131 | C11: {=IF(D11="","", INDEX(Impostazioni!$C$86:$L$105,MATCH($D11,Impostazioni!$J$86:$J$105,0),2))} -> #N/A | D11: Expense 2 | E11: Labor Cost | F11: 4 | G11: USD | I11: #REF!
B12: 45155 | C12: {=IF(D12="","", INDEX(Impostazioni!$C$86:$L$105,MATCH($D12,Impostazioni!$J$86:$J$105,0),2))} -> #N/A | D12: Expense 3 | E12: Packaging Cost | F12: 5 | G12: USD | I12: #REF!
B13: 45188 | C13: {=IF(D13="","", INDEX(Impostazioni!$C$86:$L$105,MATCH($D13,Impostazioni!$J$86:$J$105,0),2))} -> #N/A | D13: Expense 2 | E13: Subscriptions | F13: 2 | G13: USD | I13: #REF!
B14: 45210 | C14: {=IF(D14="","", INDEX(Impostazioni!$C$86:$L$105,MATCH($D14,Impostazioni!$J$86:$J$105,0),2))} -> #N/A | D14: Expense 3 | E14: Postage and Dellivery | F14: 10 | G14: USD | I14: #REF!
B15: 45259 | C15: {=IF(D15="","", INDEX(Impostazioni!$C$86:$L$105,MATCH($D15,Impostazioni!$J$86:$J$105,0),2))} -> #N/A | D15: Expense 1 | E15: Packaging Cost | F15: 1 | G15: USD | I15: #REF!
B16: 45272 | C16: {=IF(D16="","", INDEX(Impostazioni!$C$86:$L$105,MATCH($D16,Impostazioni!$J$86:$J$105,0),2))} -> #N/A | D16: Expense 6 | E16: Subscriptions | F16: 3 | G16: USD | I16: #REF!
... B59: 46733 | C59: {=IF(D59="","", INDEX(Impostazioni!$C$86:$L$105,MATCH($D59,Impostazioni!$J$86:$J$105,0),2))} -> #N/A | D59: Expense 3 | E59: Material Cost | F59: 3 | G59: USD | I59: #REF!
C60: {=IF(D60="","", INDEX(Impostazioni!$C$86:$L$105,MATCH($D60,Impostazioni!$J$86:$J$105,0),2))} -> #N/A | D60: Expense 3 | E60: Marketing Cost | F60: 5 | G60: USD | I60: #REF!
C61: {=IF(D61="","", INDEX(Impostazioni!$C$86:$L$105,MATCH($D61,Impostazioni!$J$86:$J$105,0),2))} -> #N/A | D61: Expense 1 | E61: Postage and Dellivery | I61: #REF!
C62: {=IF(D62="","", INDEX(Impostazioni!$C$86:$L$105,MATCH($D62,Impostazioni!$J$86:$J$105,0),2))} | I62: #REF!
C63: {=IF(D63="","", INDEX(Impostazioni!$C$86:$L$105,MATCH($D63,Impostazioni!$J$86:$J$105,0),2))} | I63: #REF!
C64: {=IF(D64="","", INDEX(Impostazioni!$C$86:$L$105,MATCH($D64,Impostazioni!$J$86:$J$105,0),2))} | I64: #REF!
C65: {=IF(D65="","", INDEX(Impostazioni!$C$86:$L$105,MATCH($D65,Impostazioni!$J$86:$J$105,0),2))} | I65: #REF!
C66: {=IF(D66="","", INDEX(Impostazioni!$C$86:$L$105,MATCH($D66,Impostazioni!$J$86:$J$105,0),2))} | I66: #REF!
C67: {=IF(D67="","", INDEX(Impostazioni!$C$86:$L$105,MATCH($D67,Impostazioni!$J$86:$J$105,0),2))} | I67: #REF!
C68: {=IF(D68="","", INDEX(Impostazioni!$C$86:$L$105,MATCH($D68,Impostazioni!$J$86:$J$105,0),2))} | I68: #REF!
C69: {=IF(D69="","", INDEX(Impostazioni!$C$86:$L$105,MATCH($D69,Impostazioni!$J$86:$J$105,0),2))} | I69: #REF!
C70: {=IF(D70="","", INDEX(Impostazioni!$C$86:$L$105,MATCH($D70,Impostazioni!$J$86:$J$105,0),2))} | I70: #REF!
C71: {=IF(D71="","", INDEX(Impostazioni!$C$86:$L$105,MATCH($D71,Impostazioni!$J$86:$J$105,0),2))} | I71: #REF!
C72: {=IF(D72="","", INDEX(Impostazioni!$C$86:$L$105,MATCH($D72,Impostazioni!$J$86:$J$105,0),2))} | I72: #REF!
C73: {=IF(D73="","", INDEX(Impostazioni!$C$86:$L$105,MATCH($D73,Impostazioni!$J$86:$J$105,0),2))} | I73: #REF!
... C1084: {=IF(D1084="","", INDEX(Impostazioni!$C$86:$L$105,MATCH($D1084,Impostazioni!$J$86:$J$105,0),2))} | I1084: #REF!
C1085: {=IF(D1085="","", INDEX(Impostazioni!$B$86:$F$105,MATCH($D1085,#REF!,0),2))} | I1085: #REF!
C1086: {=IF(D1086="","", INDEX(Impostazioni!$B$86:$F$105,MATCH($D1086,#REF!,0),2))} | I1086: #REF!
C1087: {=IF(D1087="","", INDEX(Impostazioni!$B$86:$F$105,MATCH($D1087,#REF!,0),2))} | I1087: #REF!
C1088: {=IF(D1088="","", INDEX(Impostazioni!$B$86:$F$105,MATCH($D1088,#REF!,0),2))} | I1088: #REF!
C1089: {=IF(D1089="","", INDEX(Impostazioni!$B$86:$F$105,MATCH($D1089,#REF!,0),2))} | I1089: #REF!
C1090: {=IF(D1090="","", INDEX(Impostazioni!$B$86:$F$105,MATCH($D1090,#REF!,0),2))} | I1090: #REF!
C1091: {=IF(D1091="","", INDEX(Impostazioni!$B$86:$F$105,MATCH($D1091,#REF!,0),2))} | I1091: #REF!
C1092: {=IF(D1092="","", INDEX(Impostazioni!$B$86:$F$105,MATCH($D1092,#REF!,0),2))} | I1092: #REF!
C1093: {=IF(D1093="","", INDEX(Impostazioni!$B$86:$F$105,MATCH($D1093,#REF!,0),2))} | I1093: #REF!
C1094: {=IF(D1094="","", INDEX(Impostazioni!$B$86:$F$105,MATCH($D1094,#REF!,0),2))} | I1094: #REF!
C1095: {=IF(D1095="","", INDEX(Impostazioni!$B$86:$F$105,MATCH($D1095,#REF!,0),2))} | I1095: #REF!
C1096: {=IF(D1096="","", INDEX(Impostazioni!$B$86:$F$105,MATCH($D1096,#REF!,0),2))} | I1096: #REF!
... C1500: {=IF(D1500="","", INDEX(Impostazioni!$B$86:$F$105,MATCH($D1500,#REF!,0),2))} | I1500: #REF!
I1501: #REF!
I1502: #REF!
I1503: #REF!
I1504: #REF!
I1505: #REF!
I1506: #REF!
I1507: #REF!
I1508: #REF!
I1509: #REF!
I1510: #REF!
I1511: #REF!
I1512: #REF!
... I1708: #REF!

Sheet Panoramica annuale
B2: DASHBOARD ANNUALE
K4: OBIETTIVO ANNUALE DI PROFITTO | N4: ANNO SELEZIONATO
K5: =IFERROR('Annual Overview Backend'!$AT$5,0) -> 0 | N5: 2023
B6: ENTRATE TOTALE | C6: SPESE TOTALI | F6: NETTO | H6: MARGINE DI PROFITTO
N7: OBIETTIVO DI PROFITTO
B8: ='Annual Overview Backend'!AL4 -> 0 | C8: ='Annual Overview Backend'!AM4 -> 0 | F8: ='Annual Overview Backend'!AN4 -> 0 | H8: =IFERROR('Annual Overview Backend'!AO4,0) -> 0 | N8: {=_xlfn.IFS('Annual Overview Backend'!$AN$4<'Annual Overview Backend'!$AT$4,"Under the goal!",'Annual Overview Backend'!$AN$4='Annual Overview Backend'!$AT$4,"On target!",'Annual Overview Backend'!$AN$4>'Annual Overview Backend'!$AT$4,"Above the goal"")")} -> #N/A | O8: ='Annual Overview Backend'!$AU$5 -> #N/A
N10: OBIETTIVO DI COSTO
N11: {=_xlfn.IFS('Annual Overview Backend'!AW4<'Annual Overview Backend'!AW3,"Under the budget",'Annual Overview Backend'!AW4='Annual Overview Backend'!AW3,"On target!",'Annual Overview Backend'!AW4>'Annual Overview Backend'!AW3,"Above the budget!")} -> #N/A | O11: ='Annual Overview Backend'!AX4 -> #N/A
B13: RICAVO | C13: IMPORTO | D13: PERCENTUALE | F13: DISTRIBUZIONE DELLE VENDITE | K13: PANORAMICA DELLE VENDITE
B14: =IF('Annual Overview Backend'!AJ10="","",'Annual Overview Backend'!AJ10) | C14: =IF('Annual Overview Backend'!AK10="","",'Annual Overview Backend'!AK10) | D14: =IF('Annual Overview Backend'!AL10="","",'Annual Overview Backend'!AL10)
B15: =IF('Annual Overview Backend'!AJ11="","",'Annual Overview Backend'!AJ11) | C15: =IF('Annual Overview Backend'!AK11="","",'Annual Overview Backend'!AK11) | D15: =IF('Annual Overview Backend'!AL11="","",'Annual Overview Backend'!AL11)
B16: =IF('Annual Overview Backend'!AJ12="","",'Annual Overview Backend'!AJ12) | C16: =IF('Annual Overview Backend'!AK12="","",'Annual Overview Backend'!AK12) | D16: =IF('Annual Overview Backend'!AL12="","",'Annual Overview Backend'!AL12)
B17: =IF('Annual Overview Backend'!AJ13="","",'Annual Overview Backend'!AJ13) | C17: =IF('Annual Overview Backend'!AK13="","",'Annual Overview Backend'!AK13) | D17: =IF('Annual Overview Backend'!AL13="","",'Annual Overview Backend'!AL13)
B18: =IF('Annual Overview Backend'!AJ14="","",'Annual Overview Backend'!AJ14) | C18: =IF('Annual Overview Backend'!AK14="","",'Annual Overview Backend'!AK14) | D18: =IF('Annual Overview Backend'!AL14="","",'Annual Overview Backend'!AL14)
B19: =IF('Annual Overview Backend'!AJ15="","",'Annual Overview Backend'!AJ15) | C19: =IF('Annual Overview Backend'!AK15="","",'Annual Overview Backend'!AK15) | D19: =IF('Annual Overview Backend'!AL15="","",'Annual Overview Backend'!AL15)
B20: =IF('Annual Overview Backend'!AJ16="","",'Annual Overview Backend'!AJ16) | C20: =IF('Annual Overview Backend'!AK16="","",'Annual Overview Backend'!AK16) | D20: =IF('Annual Overview Backend'!AL16="","",'Annual Overview Backend'!AL16)
B21: =IF('Annual Overview Backend'!AJ17="","",'Annual Overview Backend'!AJ17) | C21: =IF('Annual Overview Backend'!AK17="","",'Annual Overview Backend'!AK17) | D21: =IF('Annual Overview Backend'!AL17="","",'Annual Overview Backend'!AL17)
B22: =IF('Annual Overview Backend'!AJ18="","",'Annual Overview Backend'!AJ18) | C22: =IF('Annual Overview Backend'!AK18="","",'Annual Overview Backend'!AK18) | D22: =IF('Annual Overview Backend'!AL18="","",'Annual Overview Backend'!AL18)
B23: =IF('Annual Overview Backend'!AJ19="","",'Annual Overview Backend'!AJ19) | C23: =IF('Annual Overview Backend'!AK19="","",'Annual Overview Backend'!AK19) | D23: =IF('Annual Overview Backend'!AL19="","",'Annual Overview Backend'!AL19)
B24: =IF('Annual Overview Backend'!AJ20="","",'Annual Overview Backend'!AJ20) | C24: =IF('Annual Overview Backend'!AK20="","",'Annual Overview Backend'!AK20) | D24: =IF('Annual Overview Backend'!AL20="","",'Annual Overview Backend'!AL20) | F24: VENDUTI
B25: =IF('Annual Overview Backend'!AJ21="","",'Annual Overview Backend'!AJ21) | C25: =IF('Annual Overview Backend'!AK21="","",'Annual Overview Backend'!AK21) | D25: =IF('Annual Overview Backend'!AL21="","",'Annual Overview Backend'!AL21)
B26: =IF('Annual Overview Backend'!AJ22="","",'Annual Overview Backend'!AJ22) | C26: =IF('Annual Overview Backend'!AK22="","",'Annual Overview Backend'!AK22) | D26: =IF('Annual Overview Backend'!AL22="","",'Annual Overview Backend'!AL22)
B27: =IF('Annual Overview Backend'!AJ23="","",'Annual Overview Backend'!AJ23) | C27: =IF('Annual Overview Backend'!AK23="","",'Annual Overview Backend'!AK23) | D27: =IF('Annual Overview Backend'!AL23="","",'Annual Overview Backend'!AL23)
B28: =IF('Annual Overview Backend'!AJ24="","",'Annual Overview Backend'!AJ24) | C28: =IF('Annual Overview Backend'!AK24="","",'Annual Overview Backend'!AK24) | D28: =IF('Annual Overview Backend'!AL24="","",'Annual Overview Backend'!AL24)
B29: =IF('Annual Overview Backend'!AJ25="","",'Annual Overview Backend'!AJ25) | C29: =IF('Annual Overview Backend'!AK25="","",'Annual Overview Backend'!AK25) | D29: =IF('Annual Overview Backend'!AL25="","",'Annual Overview Backend'!AL25)
B30: =IF('Annual Overview Backend'!AJ26="","",'Annual Overview Backend'!AJ26) | C30: =IF('Annual Overview Backend'!AK26="","",'Annual Overview Backend'!AK26) | D30: =IF('Annual Overview Backend'!AL26="","",'Annual Overview Backend'!AL26)
B31: =IF('Annual Overview Backend'!AJ27="","",'Annual Overview Backend'!AJ27) | C31: =IF('Annual Overview Backend'!AK27="","",'Annual Overview Backend'!AK27) | D31: =IF('Annual Overview Backend'!AL27="","",'Annual Overview Backend'!AL27)
B32: =IF('Annual Overview Backend'!AJ28="","",'Annual Overview Backend'!AJ28) | C32: =IF('Annual Overview Backend'!AK28="","",'Annual Overview Backend'!AK28) | D32: =IF('Annual Overview Backend'!AL28="","",'Annual Overview Backend'!AL28)
B33: =IF('Annual Overview Backend'!AJ29="","",'Annual Overview Backend'!AJ29) | C33: =IF('Annual Overview Backend'!AK29="","",'Annual Overview Backend'!AK29) | D33: =IF('Annual Overview Backend'!AL29="","",'Annual Overview Backend'!AL29)
B35: COSTO | C35: IMPORTO | D35: PERCENTUALE | F35: DISTRIBUZIONE DELLE SPESE | K35: OBIETTIVO DI BUDGET SPESE
B36: =IF('Annual Overview Backend'!AP10="","",'Annual Overview Backend'!AP10) | C36: =IF('Annual Overview Backend'!AQ10="","",'Annual Overview Backend'!AQ10) | D36: =IF('Annual Overview Backend'!AR10="","",'Annual Overview Backend'!AR10)
B37: =IF('Annual Overview Backend'!AP11="","",'Annual Overview Backend'!AP11) | C37: =IF('Annual Overview Backend'!AQ11="","",'Annual Overview Backend'!AQ11) | D37: =IF('Annual Overview Backend'!AR11="","",'Annual Overview Backend'!AR11)
B38: =IF('Annual Overview Backend'!AP12="","",'Annual Overview Backend'!AP12) | C38: =IF('Annual Overview Backend'!AQ12="","",'Annual Overview Backend'!AQ12) | D38: =IF('Annual Overview Backend'!AR12="","",'Annual Overview Backend'!AR12)
B39: =IF('Annual Overview Backend'!AP13="","",'Annual Overview Backend'!AP13) | C39: =IF('Annual Overview Backend'!AQ13="","",'Annual Overview Backend'!AQ13) | D39: =IF('Annual Overview Backend'!AR13="","",'Annual Overview Backend'!AR13)
B40: =IF('Annual Overview Backend'!AP14="","",'Annual Overview Backend'!AP14) | C40: =IF('Annual Overview Backend'!AQ14="","",'Annual Overview Backend'!AQ14) | D40: =IF('Annual Overview Backend'!AR14="","",'Annual Overview Backend'!AR14)
B41: =IF('Annual Overview Backend'!AP15="","",'Annual Overview Backend'!AP15) | C41: =IF('Annual Overview Backend'!AQ15="","",'Annual Overview Backend'!AQ15) | D41: =IF('Annual Overview Backend'!AR15="","",'Annual Overview Backend'!AR15)
B42: =IF('Annual Overview Backend'!AP16="","",'Annual Overview Backend'!AP16) | C42: =IF('Annual Overview Backend'!AQ16="","",'Annual Overview Backend'!AQ16) | D42: =IF('Annual Overview Backend'!AR16="","",'Annual Overview Backend'!AR16)
B43: =IF('Annual Overview Backend'!AP17="","",'Annual Overview Backend'!AP17) | C43: =IF('Annual Overview Backend'!AQ17="","",'Annual Overview Backend'!AQ17) | D43: =IF('Annual Overview Backend'!AR17="","",'Annual Overview Backend'!AR17)
B44: =IF('Annual Overview Backend'!AP18="","",'Annual Overview Backend'!AP18) | C44: =IF('Annual Overview Backend'!AQ18="","",'Annual Overview Backend'!AQ18) | D44: =IF('Annual Overview Backend'!AR18="","",'Annual Overview Backend'!AR18)
B45: =IF('Annual Overview Backend'!AP19="","",'Annual Overview Backend'!AP19) | C45: =IF('Annual Overview Backend'!AQ19="","",'Annual Overview Backend'!AQ19) | D45: =IF('Annual Overview Backend'!AR19="","",'Annual Overview Backend'!AR19)
B46: =IF('Annual Overview Backend'!AP20="","",'Annual Overview Backend'!AP20) | C46: =IF('Annual Overview Backend'!AQ20="","",'Annual Overview Backend'!AQ20) | D46: =IF('Annual Overview Backend'!AR20="","",'Annual Overview Backend'!AR20) | F46: PRINCIPALI SPESE
B47: =IF('Annual Overview Backend'!AP21="","",'Annual Overview Backend'!AP21) | C47: =IF('Annual Overview Backend'!AQ21="","",'Annual Overview Backend'!AQ21) | D47: =IF('Annual Overview Backend'!AR21="","",'Annual Overview Backend'!AR21)
B48: =IF('Annual Overview Backend'!AP22="","",'Annual Overview Backend'!AP22) | C48: =IF('Annual Overview Backend'!AQ22="","",'Annual Overview Backend'!AQ22) | D48: =IF('Annual Overview Backend'!AR22="","",'Annual Overview Backend'!AR22)
B49: =IF('Annual Overview Backend'!AP23="","",'Annual Overview Backend'!AP23) | C49: =IF('Annual Overview Backend'!AQ23="","",'Annual Overview Backend'!AQ23) | D49: =IF('Annual Overview Backend'!AR23="","",'Annual Overview Backend'!AR23)
B50: =IF('Annual Overview Backend'!AP24="","",'Annual Overview Backend'!AP24) | C50: =IF('Annual Overview Backend'!AQ24="","",'Annual Overview Backend'!AQ24) | D50: =IF('Annual Overview Backend'!AR24="","",'Annual Overview Backend'!AR24)
B51: =IF('Annual Overview Backend'!AP25="","",'Annual Overview Backend'!AP25) | C51: =IF('Annual Overview Backend'!AQ25="","",'Annual Overview Backend'!AQ25) | D51: =IF('Annual Overview Backend'!AR25="","",'Annual Overview Backend'!AR25)
B52: =IF('Annual Overview Backend'!AP26="","",'Annual Overview Backend'!AP26) | C52: =IF('Annual Overview Backend'!AQ26="","",'Annual Overview Backend'!AQ26) | D52: =IF('Annual Overview Backend'!AR26="","",'Annual Overview Backend'!AR26)
B53: =IF('Annual Overview Backend'!AP27="","",'Annual Overview Backend'!AP27) | C53: =IF('Annual Overview Backend'!AQ27="","",'Annual Overview Backend'!AQ27) | D53: =IF('Annual Overview Backend'!AR27="","",'Annual Overview Backend'!AR27)
B54: =IF('Annual Overview Backend'!AP28="","",'Annual Overview Backend'!AP28) | C54: =IF('Annual Overview Backend'!AQ28="","",'Annual Overview Backend'!AQ28) | D54: =IF('Annual Overview Backend'!AR28="","",'Annual Overview Backend'!AR28)
B55: =IF('Annual Overview Backend'!AP29="","",'Annual Overview Backend'!AP29) | C55: =IF('Annual Overview Backend'!AQ29="","",'Annual Overview Backend'!AQ29) | D55: =IF('Annual Overview Backend'!AR29="","",'Annual Overview Backend'!AR29)

Sheet Previsioni quinquennali
B2: Previsioni a 5 anni
K4: OBIETTIVO DI CRESCITA DEL PROFITTO | N4: TRACCIATORE DELLE OPERAZIONI
K5: =IFERROR('Forecast Backend'!AR65,0) -> 0.45156452 | N5: PANORAMICA MESTRALE
B6: ENTRATE TOTALE | C6: SPESE TOTALI | F6: NETTO | H6: MARGINE DI PROFITTO
B7: ='Forecast Backend'!AB4 -> 2799.7 | C7: ='Forecast Backend'!AC4 -> 3422.94 | F7: ='Forecast Backend'!AD4 -> -623.24 | H7: =IFERROR('Forecast Backend'!AE4,0) -> -0.22260957 | N7: OBIETTIVO DI PROFITTO
N8: Sotto la porta! | O8: ='Forecast Backend'!AT65 -> 3400.3
N10: OBIETTIVO DI COSTO
N11: Sotto il budget! | O11: ='Forecast Backend'!AO66 -> 2777.06
B13: SOMMARIO DELL'UTILE NETTO | F13: SOMMARIO FINANZIARIO | K13: OBIETTIVO DI PROFITTO A 5 ANNI
B27: RICAVO | C27: IMPORTO | D27: PERCENTUALE | F27: DISTRIBUZIONE DELLE VENDITE | K27: PANORAMICA DELLE VENDITE
B28: =IF('Forecast Backend'!Z10="","",'Forecast Backend'!Z10) -> FINO A | C28: =IF('Forecast Backend'!AA10="","",'Forecast Backend'!AA10) -> 2588.88 | D28: =IF('Forecast Backend'!AB10="","",'Forecast Backend'!AB10) -> 0.92469907
B29: =IF('Forecast Backend'!Z11="","",'Forecast Backend'!Z11) -> POS | C29: =IF('Forecast Backend'!AA11="","",'Forecast Backend'!AA11) -> 210.82 | D29: =IF('Forecast Backend'!AB11="","",'Forecast Backend'!AB11) -> 0.075300925
B30: =IF('Forecast Backend'!Z12="","",'Forecast Backend'!Z12) | C30: =IF('Forecast Backend'!AA12="","",'Forecast Backend'!AA12) | D30: =IF('Forecast Backend'!AB12="","",'Forecast Backend'!AB12)
B31: =IF('Forecast Backend'!Z13="","",'Forecast Backend'!Z13) | C31: =IF('Forecast Backend'!AA13="","",'Forecast Backend'!AA13) | D31: =IF('Forecast Backend'!AB13="","",'Forecast Backend'!AB13)
B32: =IF('Forecast Backend'!Z14="","",'Forecast Backend'!Z14) | C32: =IF('Forecast Backend'!AA14="","",'Forecast Backend'!AA14) | D32: =IF('Forecast Backend'!AB14="","",'Forecast Backend'!AB14)
B33: =IF('Forecast Backend'!Z15="","",'Forecast Backend'!Z15) | C33: =IF('Forecast Backend'!AA15="","",'Forecast Backend'!AA15) | D33: =IF('Forecast Backend'!AB15="","",'Forecast Backend'!AB15)
B34: =IF('Forecast Backend'!Z16="","",'Forecast Backend'!Z16) | C34: =IF('Forecast Backend'!AA16="","",'Forecast Backend'!AA16) | D34: =IF('Forecast Backend'!AB16="","",'Forecast Backend'!AB16)
B35: =IF('Forecast Backend'!Z17="","",'Forecast Backend'!Z17) | C35: =IF('Forecast Backend'!AA17="","",'Forecast Backend'!AA17) | D35: =IF('Forecast Backend'!AB17="","",'Forecast Backend'!AB17)
B36: =IF('Forecast Backend'!Z18="","",'Forecast Backend'!Z18) | C36: =IF('Forecast Backend'!AA18="","",'Forecast Backend'!AA18) | D36: =IF('Forecast Backend'!AB18="","",'Forecast Backend'!AB18)
B37: =IF('Forecast Backend'!Z19="","",'Forecast Backend'!Z19) | C37: =IF('Forecast Backend'!AA19="","",'Forecast Backend'!AA19) | D37: =IF('Forecast Backend'!AB19="","",'Forecast Backend'!AB19)
B38: =IF('Forecast Backend'!Z20="","",'Forecast Backend'!Z20) | C38: =IF('Forecast Backend'!AA20="","",'Forecast Backend'!AA20) | D38: =IF('Forecast Backend'!AB20="","",'Forecast Backend'!AB20)
B39: =IF('Forecast Backend'!Z21="","",'Forecast Backend'!Z21) | C39: =IF('Forecast Backend'!AA21="","",'Forecast Backend'!AA21) | D39: =IF('Forecast Backend'!AB21="","",'Forecast Backend'!AB21)
... B47: =IF('Forecast Backend'!Z29="","",'Forecast Backend'!Z29) | C47: =IF('Forecast Backend'!AA29="","",'Forecast Backend'!AA29) | D47: =IF('Forecast Backend'!AB29="","",'Forecast Backend'!AB29)
B49: COSTO | C49: IMPORTO | D49: PERCENTUALE | F49: DISTRIBUZIONE DELLE SPESE | K49: PANORAMICA DELLE SPESE
B50: =IF('Forecast Backend'!AF10="","",'Forecast Backend'!AF10) -> Borgo Stajnbech | C50: =IF('Forecast Backend'!AG10="","",'Forecast Backend'!AG10) -> 1070.26 | D50: =IF('Forecast Backend'!AH10="","",'Forecast Backend'!AH10) -> 0.31267273
B51: =IF('Forecast Backend'!AF11="","",'Forecast Backend'!AF11) -> Assicurazione | C51: =IF('Forecast Backend'!AG11="","",'Forecast Backend'!AG11) -> 90.06 | D51: =IF('Forecast Backend'!AH11="","",'Forecast Backend'!AH11) -> 0.026310715
B52: =IF('Forecast Backend'!AF12="","",'Forecast Backend'!AF12) -> Tasse | C52: =IF('Forecast Backend'!AG12="","",'Forecast Backend'!AG12) -> 1867.34 | D52: =IF('Forecast Backend'!AH12="","",'Forecast Backend'!AH12) -> 0.54553688
B53: =IF('Forecast Backend'!AF13="","",'Forecast Backend'!AF13) -> Imprevisti | C53: =IF('Forecast Backend'!AG13="","",'Forecast Backend'!AG13) -> 395.28 | D53: =IF('Forecast Backend'!AH13="","",'Forecast Backend'!AH13) -> 0.11547968
B54: =IF('Forecast Backend'!AF14="","",'Forecast Backend'!AF14) | C54: =IF('Forecast Backend'!AG14="","",'Forecast Backend'!AG14) | D54: =IF('Forecast Backend'!AH14="","",'Forecast Backend'!AH14)
B55: =IF('Forecast Backend'!AF15="","",'Forecast Backend'!AF15) | C55: =IF('Forecast Backend'!AG15="","",'Forecast Backend'!AG15) | D55: =IF('Forecast Backend'!AH15="","",'Forecast Backend'!AH15)
B56: =IF('Forecast Backend'!AF16="","",'Forecast Backend'!AF16) | C56: =IF('Forecast Backend'!AG16="","",'Forecast Backend'!AG16) | D56: =IF('Forecast Backend'!AH16="","",'Forecast Backend'!AH16)
B57: =IF('Forecast Backend'!AF17="","",'Forecast Backend'!AF17) | C57: =IF('Forecast Backend'!AG17="","",'Forecast Backend'!AG17) | D57: =IF('Forecast Backend'!AH17="","",'Forecast Backend'!AH17)
B58: =IF('Forecast Backend'!AF18="","",'Forecast Backend'!AF18) | C58: =IF('Forecast Backend'!AG18="","",'Forecast Backend'!AG18) | D58: =IF('Forecast Backend'!AH18="","",'Forecast Backend'!AH18)
B59: =IF('Forecast Backend'!AF19="","",'Forecast Backend'!AF19) | C59: =IF('Forecast Backend'!AG19="","",'Forecast Backend'!AG19) | D59: =IF('Forecast Backend'!AH19="","",'Forecast Backend'!AH19)
B60: =IF('Forecast Backend'!AF20="","",'Forecast Backend'!AF20) | C60: =IF('Forecast Backend'!AG20="","",'Forecast Backend'!AG20) | D60: =IF('Forecast Backend'!AH20="","",'Forecast Backend'!AH20) | F60: PRINCIPALI SPESE
B61: =IF('Forecast Backend'!AF21="","",'Forecast Backend'!AF21) | C61: =IF('Forecast Backend'!AG21="","",'Forecast Backend'!AG21) | D61: =IF('Forecast Backend'!AH21="","",'Forecast Backend'!AH21)
B62: =IF('Forecast Backend'!AF22="","",'Forecast Backend'!AF22) | C62: =IF('Forecast Backend'!AG22="","",'Forecast Backend'!AG22) | D62: =IF('Forecast Backend'!AH22="","",'Forecast Backend'!AH22)
B63: =IF('Forecast Backend'!AF23="","",'Forecast Backend'!AF23) | C63: =IF('Forecast Backend'!AG23="","",'Forecast Backend'!AG23) | D63: =IF('Forecast Backend'!AH23="","",'Forecast Backend'!AH23)
B64: =IF('Forecast Backend'!AF24="","",'Forecast Backend'!AF24) | C64: =IF('Forecast Backend'!AG24="","",'Forecast Backend'!AG24) | D64: =IF('Forecast Backend'!AH24="","",'Forecast Backend'!AH24)
B65: =IF('Forecast Backend'!AF25="","",'Forecast Backend'!AF25) | C65: =IF('Forecast Backend'!AG25="","",'Forecast Backend'!AG25) | D65: =IF('Forecast Backend'!AH25="","",'Forecast Backend'!AH25)
B66: =IF('Forecast Backend'!AF26="","",'Forecast Backend'!AF26) | C66: =IF('Forecast Backend'!AG26="","",'Forecast Backend'!AG26) | D66: =IF('Forecast Backend'!AH26="","",'Forecast Backend'!AH26)
B67: =IF('Forecast Backend'!AF27="","",'Forecast Backend'!AF27) | C67: =IF('Forecast Backend'!AG27="","",'Forecast Backend'!AG27) | D67: =IF('Forecast Backend'!AH27="","",'Forecast Backend'!AH27)
B68: =IF('Forecast Backend'!AF28="","",'Forecast Backend'!AF28) | C68: =IF('Forecast Backend'!AG28="","",'Forecast Backend'!AG28) | D68: =IF('Forecast Backend'!AH28="","",'Forecast Backend'!AH28)
B69: =IF('Forecast Backend'!AF29="","",'Forecast Backend'!AF29) | C69: =IF('Forecast Backend'!AG29="","",'Forecast Backend'!AG29) | D69: =IF('Forecast Backend'!AH29="","",'Forecast Backend'!AH29)

Sheet Rapporto annuale
B2: Rendicontazione Fiscale Annuale
B5: =BackendSetting!$C$6 -> 45292 | E5: =Impostazioni!D28 -> 45658 | H5: =Impostazioni!H28 -> 46023 | K5: =Impostazioni!J28 -> 46388 | N5: =Impostazioni!M28 -> 46753
B7: Iva | C7: {=O15:O17} -> 0 | E7: Iva | F7: {=O22:O24} -> 0 | H7: Iva | I7: {=O29:O31} -> 0 | K7: Iva | L7: {=O36:O38} -> 0 | N7: Iva | O7: {=O43:O45} -> 0
B8: Tassa sulle spese | C8: 0 | E8: Tassa sulle spese | F8: 0 | H8: Tassa sulle spese | I8: 0 | K8: Tassa sulle spese | L8: 0 | N8: Tassa sulle spese | O8: 0
B9: Differenza | C9: 0 | E9: Differenza | F9: 0 | H9: Differenza | I9: 0 | K9: Differenza | L9: 0 | N9: Differenza | O9: 0
B12: =Impostazioni!B28 -> 45292
B14: Rendicontazione fiscale | C14: =IF('Annual Reporting Backend'!C20="","",'Annual Reporting Backend'!C20) -> 45292 | D14: =IF('Annual Reporting Backend'!D20="","",'Annual Reporting Backend'!D20) -> 45323 | E14: =IF('Annual Reporting Backend'!E20="","",'Annual Reporting Backend'!E20) -> 45352 | F14: =IF('Annual Reporting Backend'!F20="","",'Annual Reporting Backend'!F20) -> 45383 | G14: =IF('Annual Reporting Backend'!G20="","",'Annual Reporting Backend'!G20) -> 45413 | H14: =IF('Annual Reporting Backend'!H20="","",'Annual Reporting Backend'!H20) -> 45444 | I14: =IF('Annual Reporting Backend'!I20="","",'Annual Reporting Backend'!I20) -> 45474 | J14: =IF('Annual Reporting Backend'!J20="","",'Annual Reporting Backend'!J20) -> 45505 | ... N14: =IF('Annual Reporting Backend'!N20="","",'Annual Reporting Backend'!N20) -> 45627 | O14: Totale
B15: Iva | C15: =IF('Annual Reporting Backend'!C21="","",'Annual Reporting Backend'!C21) -> 0 | D15: =IF('Annual Reporting Backend'!D21="","",'Annual Reporting Backend'!D21) -> 0 | E15: =IF('Annual Reporting Backend'!E21="","",'Annual Reporting Backend'!E21) -> 0 | F15: =IF('Annual Reporting Backend'!F21="","",'Annual Reporting Backend'!F21) -> 0 | G15: =IF('Annual Reporting Backend'!G21="","",'Annual Reporting Backend'!G21) -> 0 | H15: =IF('Annual Reporting Backend'!H21="","",'Annual Reporting Backend'!H21) -> 0 | I15: =IF('Annual Reporting Backend'!I21="","",'Annual Reporting Backend'!I21) -> 0 | J15: =IF('Annual Reporting Backend'!J21="","",'Annual Reporting Backend'!J21) -> 0 | ... O15: =IF('Annual Reporting Backend'!O21="","",'Annual Reporting Backend'!O21) -> 0
B16: Tassa sulle spese | C16: =IF('Annual Reporting Backend'!C22="","",'Annual Reporting Backend'!C22) -> 0 | D16: =IF('Annual Reporting Backend'!D22="","",'Annual Reporting Backend'!D22) -> 0 | E16: =IF('Annual Reporting Backend'!E22="","",'Annual Reporting Backend'!E22) -> 0 | F16: =IF('Annual Reporting Backend'!F22="","",'Annual Reporting Backend'!F22) -> 0 | G16: =IF('Annual Reporting Backend'!G22="","",'Annual Reporting Backend'!G22) -> 0 | H16: =IF('Annual Reporting Backend'!H22="","",'Annual Reporting Backend'!H22) -> 0 | I16: =IF('Annual Reporting Backend'!I22="","",'Annual Reporting Backend'!I22) -> 0 | J16: =IF('Annual Reporting Backend'!J22="","",'Annual Reporting Backend'!J22) -> 0 | ... O16: =IF('Annual Reporting Backend'!O22="","",'Annual Reporting Backend'!O22) -> 0
B17: Differenza | C17: =IF('Annual Reporting Backend'!C23="","",'Annual Reporting Backend'!C23) -> 0 | D17: =IF('Annual Reporting Backend'!D23="","",'Annual Reporting Backend'!D23) -> 0 | E17: =IF('Annual Reporting Backend'!E23="","",'Annual Reporting Backend'!E23) -> 0 | F17: =IF('Annual Reporting Backend'!F23="","",'Annual Reporting Backend'!F23) -> 0 | G17: =IF('Annual Reporting Backend'!G23="","",'Annual Reporting Backend'!G23) -> 0 | H17: =IF('Annual Reporting Backend'!H23="","",'Annual Reporting Backend'!H23) -> 0 | I17: =IF('Annual Reporting Backend'!I23="","",'Annual Reporting Backend'!I23) -> 0 | J17: =IF('Annual Reporting Backend'!J23="","",'Annual Reporting Backend'!J23) -> 0 | ... O17: =IF('Annual Reporting Backend'!O23="","",'Annual Reporting Backend'!O23) -> 0
B19: =Impostazioni!D28 -> 45658
B21: Rendicontazione fiscale | C21: =IF('Annual Reporting Backend'!C26="","",'Annual Reporting Backend'!C26) -> 45658 | D21: =IF('Annual Reporting Backend'!D26="","",'Annual Reporting Backend'!D26) -> 45689 | E21: =IF('Annual Reporting Backend'!E26="","",'Annual Reporting Backend'!E26) -> 45717 | F21: =IF('Annual Reporting Backend'!F26="","",'Annual Reporting Backend'!F26) -> 45870 | G21: =IF('Annual Reporting Backend'!G26="","",'Annual Reporting Backend'!G26) -> 45778 | H21: =IF('Annual Reporting Backend'!H26="","",'Annual Reporting Backend'!H26) -> 45809 | I21: =IF('Annual Reporting Backend'!I26="","",'Annual Reporting Backend'!I26) -> 45839 | J21: =IF('Annual Reporting Backend'!J26="","",'Annual Reporting Backend'!J26) -> 45870 | ... N21: =IF('Annual Reporting Backend'!N26="","",'Annual Reporting Backend'!N26) -> 45992 | O21: Totale
B22: Iva | C22: =IF('Annual Reporting Backend'!C27="","",'Annual Reporting Backend'!C27) -> 0 | D22: =IF('Annual Reporting Backend'!D27="","",'Annual Reporting Backend'!D27) -> 0 | E22: =IF('Annual Reporting Backend'!E27="","",'Annual Reporting Backend'!E27) -> 0 | F22: =IF('Annual Reporting Backend'!F27="","",'Annual Reporting Backend'!F27) -> 0 | G22: =IF('Annual Reporting Backend'!G27="","",'Annual Reporting Backend'!G27) -> 0 | H22: =IF('Annual Reporting Backend'!H27="","",'Annual Reporting Backend'!H27) -> 0 | I22: =IF('Annual Reporting Backend'!I27="","",'Annual Reporting Backend'!I27) -> 0 | J22: =IF('Annual Reporting Backend'!J27="","",'Annual Reporting Backend'!J27) -> 0 | ... O22: =IF('Annual Reporting Backend'!O27="","",'Annual Reporting Backend'!O27) -> 0
B23: Tassa sulle spese | C23: =IF('Annual Reporting Backend'!C28="","",'Annual Reporting Backend'!C28) -> 0 | D23: =IF('Annual Reporting Backend'!D28="","",'Annual Reporting Backend'!D28) -> 0 | E23: =IF('Annual Reporting Backend'!E28="","",'Annual Reporting Backend'!E28) -> 0 | F23: =IF('Annual Reporting Backend'!F28="","",'Annual Reporting Backend'!F28) -> 0 | G23: =IF('Annual Reporting Backend'!G28="","",'Annual Reporting Backend'!G28) -> 0 | H23: =IF('Annual Reporting Backend'!H28="","",'Annual Reporting Backend'!H28) -> 0 | I23: =IF('Annual Reporting Backend'!I28="","",'Annual Reporting Backend'!I28) -> 0 | J23: =IF('Annual Reporting Backend'!J28="","",'Annual Reporting Backend'!J28) -> 0 | ... O23: =IF('Annual Reporting Backend'!O28="","",'Annual Reporting Backend'!O28) -> 0
B24: Differenza | C24: =IF('Annual Reporting Backend'!C29="","",'Annual Reporting Backend'!C29) -> 0 | D24: =IF('Annual Reporting Backend'!D29="","",'Annual Reporting Backend'!D29) -> 0 | E24: =IF('Annual Reporting Backend'!E29="","",'Annual Reporting Backend'!E29) -> 0 | F24: =IF('Annual Reporting Backend'!F29="","",'Annual Reporting Backend'!F29) -> 0 | G24: =IF('Annual Reporting Backend'!G29="","",'Annual Reporting Backend'!G29) -> 0 | H24: =IF('Annual Reporting Backend'!H29="","",'Annual Reporting Backend'!H29) -> 0 | I24: =IF('Annual Reporting Backend'!I29="","",'Annual Reporting Backend'!I29) -> 0 | J24: =IF('Annual Reporting Backend'!J29="","",'Annual Reporting Backend'!J29) -> 0 | ... O24: =IF('Annual Reporting Backend'!O29="","",'Annual Reporting Backend'!O29) -> 0
B26: =Impostazioni!H28 -> 46023
B28: Rendicontazione fiscale | C28: =IF('Annual Reporting Backend'!C32="","",'Annual Reporting Backend'!C32) -> 46023 | D28: =IF('Annual Reporting Backend'!D32="","",'Annual Reporting Backend'!D32) -> 46054 | E28: =IF('Annual Reporting Backend'!E32="","",'Annual Reporting Backend'!E32) -> 46082 | F28: =IF('Annual Reporting Backend'!F32="","",'Annual Reporting Backend'!F32) -> 46266 | G28: =IF('Annual Reporting Backend'!G32="","",'Annual Reporting Backend'!G32) -> 46143 | H28: =IF('Annual Reporting Backend'!H32="","",'Annual Reporting Backend'!H32) -> 46174 | I28: =IF('Annual Reporting Backend'!I32="","",'Annual Reporting Backend'!I32) -> 46204 | J28: =IF('Annual Reporting Backend'!J32="","",'Annual Reporting Backend'!J32) -> 46266 | ... N28: =IF('Annual Reporting Backend'!N32="","",'Annual Reporting Backend'!N32) -> 46357 | O28: Totale
B29: Iva | C29: =IF('Annual Reporting Backend'!C33="","",'Annual Reporting Backend'!C33) -> 0 | D29: =IF('Annual Reporting Backend'!D33="","",'Annual Reporting Backend'!D33) -> 0 | E29: =IF('Annual Reporting Backend'!E33="","",'Annual Reporting Backend'!E33) -> 0 | F29: =IF('Annual Reporting Backend'!F33="","",'Annual Reporting Backend'!F33) -> 0 | G29: =IF('Annual Reporting Backend'!G33="","",'Annual Reporting Backend'!G33) -> 0 | H29: =IF('Annual Reporting Backend'!H33="","",'Annual Reporting Backend'!H33) -> 0 | I29: =IF('Annual Reporting Backend'!I33="","",'Annual Reporting Backend'!I33) -> 0 | J29: =IF('Annual Reporting Backend'!J33="","",'Annual Reporting Backend'!J33) -> 0 | ... O29: =IF('Annual Reporting Backend'!O33="","",'Annual Reporting Backend'!O33) -> 0
B30: Tassa sulle spese | C30: =IF('Annual Reporting Backend'!C34="","",'Annual Reporting Backend'!C34) -> 0 | D30: =IF('Annual Reporting Backend'!D34="","",'Annual Reporting Backend'!D34) -> 0 | E30: =IF('Annual Reporting Backend'!E34="","",'Annual Reporting Backend'!E34) -> 0 | F30: =IF('Annual Reporting Backend'!F34="","",'Annual Reporting Backend'!F34) -> 0 | G30: =IF('Annual Reporting Backend'!G34="","",'Annual Reporting Backend'!G34) -> 0 | H30: =IF('Annual Reporting Backend'!H34="","",'Annual Reporting Backend'!H34) -> 0 | I30: =IF('Annual Reporting Backend'!I34="","",'Annual Reporting Backend'!I34) -> 0 | J30: =IF('Annual Reporting Backend'!J34="","",'Annual Reporting Backend'!J34) -> 0 | ... O30: =IF('Annual Reporting Backend'!O34="","",'Annual Reporting Backend'!O34) -> 0
B31: Differenza | C31: =IF('Annual Reporting Backend'!C35="","",'Annual Reporting Backend'!C35) -> 0 | D31: =IF('Annual Reporting Backend'!D35="","",'Annual Reporting Backend'!D35) -> 0 | E31: =IF('Annual Reporting Backend'!E35="","",'Annual Reporting Backend'!E35) -> 0 | F31: =IF('Annual Reporting Backend'!F35="","",'Annual Reporting Backend'!F35) -> 0 | G31: =IF('Annual Reporting Backend'!G35="","",'Annual Reporting Backend'!G35) -> 0 | H31: =IF('Annual Reporting Backend'!H35="","",'Annual Reporting Backend'!H35) -> 0 | I31: =IF('Annual Reporting Backend'!I35="","",'Annual Reporting Backend'!I35) -> 0 | J31: =IF('Annual Reporting Backend'!J35="","",'Annual Reporting Backend'!J35) -> 0 | ... O31: =IF('Annual Reporting Backend'!O35="","",'Annual Reporting Backend'!O35) -> 0
B33: =Impostazioni!J28 -> 46388
B35: Rendicontazione fiscale | C35: =IF('Annual Reporting Backend'!C38="","",'Annual Reporting Backend'!C38) -> 46388 | D35: =IF('Annual Reporting Backend'!D38="","",'Annual Reporting Backend'!D38) -> 46419 | E35: =IF('Annual Reporting Backend'!E38="","",'Annual Reporting Backend'!E38) -> 46447 | F35: =IF('Annual Reporting Backend'!F38="","",'Annual Reporting Backend'!F38) -> 46661 | G35: =IF('Annual Reporting Backend'!G38="","",'Annual Reporting Backend'!G38) -> 46508 | H35: =IF('Annual Reporting Backend'!H38="","",'Annual Reporting Backend'!H38) -> 46539 | I35: =IF('Annual Reporting Backend'!I38="","",'Annual Reporting Backend'!I38) -> 46569 | J35: =IF('Annual Reporting Backend'!J38="","",'Annual Reporting Backend'!J38) -> 46661 | ... N35: =IF('Annual Reporting Backend'!N38="","",'Annual Reporting Backend'!N38) -> 46722 | O35: Totale
B36: Iva | C36: =IF('Annual Reporting Backend'!C39="","",'Annual Reporting Backend'!C39) -> 0 | D36: =IF('Annual Reporting Backend'!D39="","",'Annual Reporting Backend'!D39) -> 0 | E36: =IF('Annual Reporting Backend'!E39="","",'Annual Reporting Backend'!E39) -> 0 | F36: =IF('Annual Reporting Backend'!F39="","",'Annual Reporting Backend'!F39) -> 0 | G36: =IF('Annual Reporting Backend'!G39="","",'Annual Reporting Backend'!G39) -> 0 | H36: =IF('Annual Reporting Backend'!H39="","",'Annual Reporting Backend'!H39) -> 0 | I36: =IF('Annual Reporting Backend'!I39="","",'Annual Reporting Backend'!I39) -> 0 | J36: =IF('Annual Reporting Backend'!J39="","",'Annual Reporting Backend'!J39) -> 0 | ... O36: =IF('Annual Reporting Backend'!O39="","",'Annual Reporting Backend'!O39) -> 0
B37: Tassa sulle spese | C37: =IF('Annual Reporting Backend'!C40="","",'Annual Reporting Backend'!C40) -> 0 | D37: =IF('Annual Reporting Backend'!D40="","",'Annual Reporting Backend'!D40) -> 0 | E37: =IF('Annual Reporting Backend'!E40="","",'Annual Reporting Backend'!E40) -> 0 | F37: =IF('Annual Reporting Backend'!F40="","",'Annual Reporting Backend'!F40) -> 0 | G37: =IF('Annual Reporting Backend'!G40="","",'Annual Reporting Backend'!G40) -> 0 | H37: =IF('Annual Reporting Backend'!H40="","",'Annual Reporting Backend'!H40) -> 0 | I37: =IF('Annual Reporting Backend'!I40="","",'Annual Reporting Backend'!I40) -> 0 | J37: =IF('Annual Reporting Backend'!J40="","",'Annual Reporting Backend'!J40) -> 0 | ... O37: =IF('Annual Reporting Backend'!O40="","",'Annual Reporting Backend'!O40) -> 0
B38: Differenza | C38: =IF('Annual Reporting Backend'!C41="","",'Annual Reporting Backend'!C41) -> 0 | D38: =IF('Annual Reporting Backend'!D41="","",'Annual Reporting Backend'!D41) -> 0 | E38: =IF('Annual Reporting Backend'!E41="","",'Annual Reporting Backend'!E41) -> 0 | F38: =IF('Annual Reporting Backend'!F41="","",'Annual Reporting Backend'!F41) -> 0 | G38: =IF('Annual Reporting Backend'!G41="","",'Annual Reporting Backend'!G41) -> 0 | H38: =IF('Annual Reporting Backend'!H41="","",'Annual Reporting Backend'!H41) -> 0 | I38: =IF('Annual Reporting Backend'!I41="","",'Annual Reporting Backend'!I41) -> 0 | J38: =IF('Annual Reporting Backend'!J41="","",'Annual Reporting Backend'!J41) -> 0 | ... O38: =IF('Annual Reporting Backend'!O41="","",'Annual Reporting Backend'!O41) -> 0
B40: =Impostazioni!M28 -> 46753
B42: Rendicontazione fiscale | C42: =IF('Annual Reporting Backend'!C44="","",'Annual Reporting Backend'!C44) -> 46753 | D42: =IF('Annual Reporting Backend'!D44="","",'Annual Reporting Backend'!D44) -> 46784 | E42: =IF('Annual Reporting Backend'!E44="","",'Annual Reporting Backend'!E44) -> 46813 | F42: =IF('Annual Reporting Backend'!F44="","",'Annual Reporting Backend'!F44) -> 47058 | G42: =IF('Annual Reporting Backend'!G44="","",'Annual Reporting Backend'!G44) -> 46874 | H42: =IF('Annual Reporting Backend'!H44="","",'Annual Reporting Backend'!H44) -> 46905 | I42: =IF('Annual Reporting Backend'!I44="","",'Annual Reporting Backend'!I44) -> 46935 | J42: =IF('Annual Reporting Backend'!J44="","",'Annual Reporting Backend'!J44) -> 47058 | ... N42: =IF('Annual Reporting Backend'!N44="","",'Annual Reporting Backend'!N44) -> 47088 | O42: Totale
B43: Iva | C43: =IF('Annual Reporting Backend'!C45="","",'Annual Reporting Backend'!C45) -> 0 | D43: =IF('Annual Reporting Backend'!D45="","",'Annual Reporting Backend'!D45) -> 0 | E43: =IF('Annual Reporting Backend'!E45="","",'Annual Reporting Backend'!E45) -> 0 | F43: =IF('Annual Reporting Backend'!F45="","",'Annual Reporting Backend'!F45) -> 0 | G43: =IF('Annual Reporting Backend'!G45="","",'Annual Reporting Backend'!G45) -> 0 | H43: =IF('Annual Reporting Backend'!H45="","",'Annual Reporting Backend'!H45) -> 0 | I43: =IF('Annual Reporting Backend'!I45="","",'Annual Reporting Backend'!I45) -> 0 | J43: =IF('Annual Reporting Backend'!J45="","",'Annual Reporting Backend'!J45) -> 0 | ... O43: =IF('Annual Reporting Backend'!O45="","",'Annual Reporting Backend'!O45) -> 0
B44: Tassa sulle spese | C44: =IF('Annual Reporting Backend'!C46="","",'Annual Reporting Backend'!C46) -> 0 | D44: =IF('Annual Reporting Backend'!D46="","",'Annual Reporting Backend'!D46) -> 0 | E44: =IF('Annual Reporting Backend'!E46="","",'Annual Reporting Backend'!E46) -> 0 | F44: =IF('Annual Reporting Backend'!F46="","",'Annual Reporting Backend'!F46) -> 0 | G44: =IF('Annual Reporting Backend'!G46="","",'Annual Reporting Backend'!G46) -> 0 | H44: =IF('Annual Reporting Backend'!H46="","",'Annual Reporting Backend'!H46) -> 0 | I44: =IF('Annual Reporting Backend'!I46="","",'Annual Reporting Backend'!I46) -> 0 | J44: =IF('Annual Reporting Backend'!J46="","",'Annual Reporting Backend'!J46) -> 0 | ... O44: =IF('Annual Reporting Backend'!O46="","",'Annual Reporting Backend'!O46) -> 0
B45: Differenza | C45: =IF('Annual Reporting Backend'!C47="","",'Annual Reporting Backend'!C47) -> 0 | D45: =IF('Annual Reporting Backend'!D47="","",'Annual Reporting Backend'!D47) -> 0 | E45: =IF('Annual Reporting Backend'!E47="","",'Annual Reporting Backend'!E47) -> 0 | F45: =IF('Annual Reporting Backend'!F47="","",'Annual Reporting Backend'!F47) -> 0 | G45: =IF('Annual Reporting Backend'!G47="","",'Annual Reporting Backend'!G47) -> 0 | H45: =IF('Annual Reporting Backend'!H47="","",'Annual Reporting Backend'!H47) -> 0 | I45: =IF('Annual Reporting Backend'!I47="","",'Annual Reporting Backend'!I47) -> 0 | J45: =IF('Annual Reporting Backend'!J47="","",'Annual Reporting Backend'!J47) -> 0 | ... O45: =IF('Annual Reporting Backend'!O47="","",'Annual Reporting Backend'!O47) -> 0

Sheet Monthly Overview Backend
AI1: ='Panoramica mensile'!N5 -> 45351
AV2: Exp Goal | AW2: Diff
AI3: ='Panoramica mensile'!N8 -> Sotto la porta! | AK3: Revenue | AL3: Total Expenses | AM3: Net Profit | AN3: Profit Margin | AP3: {=TRANSPOSE(AK3:AM4)} -> Revenue | AQ3: 0 | AS3: Goal | AT3: Difference | AV3: {=INDEX($AL$86:$AM$145,MATCH($AI$1,$AL$86:$AL$145,0),2)} -> 1000 | AW3: =AV4-AV3 -> -1000
AK4: =SUM(AJ10:AJ59) -> 0 | AL4: =SUM(AP10:AP59) -> 0 | AM4: =AK4-AL4 -> 0 | AN4: =AM4/AK4 -> #DIV/0! | AP4: Total Expenses | AQ4: 0 | AS4: {=INDEX($AI$86:$AJ$145,MATCH($AI$1,$AI$86:$AI$145,0),2)} -> 1200 | AT4: =AS4-AM4 -> 1200 | AV4: =AL4 -> 0 | AW4: =ABS(AW3) -> 1000
AN5: =IF(AN4>100%,100%,AN4) -> #DIV/0! | AP5: Net Profit | AQ5: 0 | AS5: =AM4/AS4 -> 0 | AT5: =ABS(AT4) -> 1200 | AV5: =AV4/AV3 -> 0
AN6: =100%-AN5 -> #DIV/0! | AS6: =IF(AS5>100%,100%,AS5) -> 0 | AV6: =IF(AV5>100%,100%,AV5) -> 0
AI7: Income | AO7: Product View | AS7: =100%-AS6 -> 1 | AV7: =100%-AV6 -> 1 | BK7: Income
B8: Montly Operations | M8: Revenue Only | X8: Cost Only | BN8: Date | BO8: Actual | BP8: Target | CB8: Date | CC8: Actual | CD8: Target
B9: {=_xlfn._xlws.FILTER('IncomeTracker Backend'!$B$5:$K1028,'IncomeTracker Backend'!B5:B1028=$AI$1)} -> #VALUE! | M9: {=_xlfn._xlws.FILTER($B$9:$K1028,$D$9:$D1028=Impostazioni!R13)} -> #VALUE! | X9: {=_xlfn._xlws.FILTER($B$9:$K1028,$D$9:$D1028=Impostazioni!S13)} -> #VALUE! | AI9: Revenue | AJ9: amount | AK9: percentage | AO9: Expenses | AP9: amount | AQ9: percentage | BA9: =IFERROR(__xludf.DUMMYFUNCTION("QUERY($AU$10:$AY$29,""SELECT O,sum (S) where S is not null group by O order by sum(S) desc"")"),"#VALUE!") -> #VALUE! | BD9: {=_xlfn._xlws.FILTER('IncomeTracker Backend'!$B$5:$I1028,'IncomeTracker Backend'!$B$5:$B1028=$AI$1)} -> #VALUE! | BN9: =IF(BE9="","",BE9) | BO9: =IF(BI9="","",BI9) | BP9: =IF(BO9="","", INDEX($AI$86:$AJ$145,MATCH($AI$1,$AI$86:$AI$145,0),2)) | BR9: {=_xlfn._xlws.FILTER('ExpenseTracker Backend'!$B$5:$K1028,'IncomeTracker Backend'!$B$5:$B1028=$AI$1)} -> #VALUE! | CB9: =IF(Y9="","",Y9) | CC9: =IF(AC9="","",AC9) | CD9: {=IF(CC9="","",INDEX($AL$86:$AM$145,MATCH($AI$1,$AL$86:$AL$145,0),2))}
AH10: 1 | AI10: {=IFERROR(_xlfn.UNIQUE(_xlfn._xlws.FILTER($P$9:$P1028,$P$9:$P1028<>"")),"")} | AJ10: =IF(AI10="","", SUMIFS($R$9:$R1028,$P$9:$P1028,$AI10)) | AK10: =IF( AI10="","",(IFERROR($AJ10/$AK$4,0))) | AO10: {=IFERROR(_xlfn.UNIQUE(_xlfn._xlws.FILTER($AA$9:$AA1028,$AA$9:$AA1028<>"")),"")} | AP10: =IF(AO10="","",SUMIFS($AC$9:$AC1028,$AA$9:$AA1028,$AO10)) | AQ10: =IF( AO10="","",(IFERROR($AP10/$AL$4,0))) | BN10: =IF(BE10="","",BE10) | BO10: =IF(BI10="","",BI10) | BP10: =IF(BO10="","", INDEX($AI$86:$AJ$145,MATCH($AI$1,$AI$86:$AI$145,0),2)) | CB10: =IF(Y10="","",Y10) | CC10: =IF(AC10="","",AC10) | CD10: =IF(CC10="","", INDEX($AL$86:$AM$145,MATCH($AI$1,$AL$86:$AL$145,0),2))
AH11: 2 | AJ11: =IF(AI11="","", SUMIFS($R$9:$R1029,$P$9:$P1029,$AI11)) | AK11: =IF( AI11="","",(IFERROR($AJ11/$AK$4,0))) | AP11: =IF(AO11="","",SUMIFS($AC$9:$AC1029,$AA$9:$AA1029,$AO11)) | AQ11: =IF( AO11="","",(IFERROR($AP11/$AL$4,0))) | BN11: =IF(BE11="","",BE11) | BO11: =IF(BI11="","",BI11) | BP11: =IF(BO11="","", INDEX($AI$86:$AJ$145,MATCH($AI$1,$AI$86:$AI$145,0),2)) | CB11: =IF(Y11="","",Y11) | CC11: =IF(AC11="","",AC11) | CD11: =IF(CC11="","", INDEX($AL$86:$AM$145,MATCH($AI$1,$AL$86:$AL$145,0),2))
AH12: 3 | AJ12: =IF(AI12="","", SUMIFS($R$9:$R1030,$P$9:$P1030,$AI12)) | AK12: =IF( AI12="","",(IFERROR($AJ12/$AK$4,0))) | AP12: =IF(AO12="","",SUMIFS($AC$9:$AC1030,$AA$9:$AA1030,$AO12)) | AQ12: =IF( AO12="","",(IFERROR($AP12/$AL$4,0))) | BN12: =IF(BE12="","",BE12) | BO12: =IF(BI12="","",BI12) | BP12: =IF(BO12="","", INDEX($AI$86:$AJ$145,MATCH($AI$1,$AI$86:$AI$145,0),2)) | CB12: =IF(Y12="","",Y12) | CC12: =IF(AC12="","",AC12) | CD12: =IF(CC12="","", INDEX($AL$86:$AM$145,MATCH($AI$1,$AL$86:$AL$145,0),2))
AH13: 4 | AJ13: =IF(AI13="","", SUMIFS($R$9:$R1031,$P$9:$P1031,$AI13)) | AK13: =IF( AI13="","",(IFERROR($AJ13/$AK$4,0))) | AP13: =IF(AO13="","",SUMIFS($AC$9:$AC1031,$AA$9:$AA1031,$AO13)) | AQ13: =IF( AO13="","",(IFERROR($AP13/$AL$4,0))) | BN13: =IF(BE13="","",BE13) | BO13: =IF(BI13="","",BI13) | BP13: =IF(BO13="","", INDEX($AI$86:$AJ$145,MATCH($AI$1,$AI$86:$AI$145,0),2)) | CB13: =IF(Y13="","",Y13) | CC13: =IF(AC13="","",AC13) | CD13: =IF(CC13="","", INDEX($AL$86:$AM$145,MATCH($AI$1,$AL$86:$AL$145,0),2))
AH14: 5 | AJ14: =IF(AI14="","", SUMIFS($R$9:$R1032,$P$9:$P1032,$AI14)) | AK14: =IF( AI14="","",(IFERROR($AJ14/$AK$4,0))) | AP14: =IF(AO14="","",SUMIFS($AC$9:$AC1032,$AA$9:$AA1032,$AO14)) | AQ14: =IF( AO14="","",(IFERROR($AP14/$AL$4,0))) | BN14: =IF(BE14="","",BE14) | BO14: =IF(BI14="","",BI14) | BP14: =IF(BO14="","", INDEX($AI$86:$AJ$145,MATCH($AI$1,$AI$86:$AI$145,0),2)) | CB14: =IF(Y14="","",Y14) | CC14: =IF(AC14="","",AC14) | CD14: =IF(CC14="","", INDEX($AL$86:$AM$145,MATCH($AI$1,$AL$86:$AL$145,0),2))
AH15: 6 | AJ15: =IF(AI15="","", SUMIFS($R$9:$R1033,$P$9:$P1033,$AI15)) | AK15: =IF( AI15="","",(IFERROR($AJ15/$AK$4,0))) | AP15: =IF(AO15="","",SUMIFS($AC$9:$AC1033,$AA$9:$AA1033,$AO15)) | AQ15: =IF( AO15="","",(IFERROR($AP15/$AL$4,0))) | BN15: =IF(BE15="","",BE15) | BO15: =IF(BI15="","",BI15) | BP15: =IF(BO15="","", INDEX($AI$86:$AJ$145,MATCH($AI$1,$AI$86:$AI$145,0),2)) | CB15: =IF(Y15="","",Y15) | CC15: =IF(AC15="","",AC15) | CD15: =IF(CC15="","", INDEX($AL$86:$AM$145,MATCH($AI$1,$AL$86:$AL$145,0),2))
AH16: 7 | AJ16: =IF(AI16="","", SUMIFS($R$9:$R1034,$P$9:$P1034,$AI16)) | AK16: =IF( AI16="","",(IFERROR($AJ16/$AK$4,0))) | AP16: =IF(AO16="","",SUMIFS($AC$9:$AC1034,$AA$9:$AA1034,$AO16)) | AQ16: =IF( AO16="","",(IFERROR($AP16/$AL$4,0))) | BN16: =IF(BE16="","",BE16) | BO16: =IF(BI16="","",BI16) | BP16: =IF(BO16="","", INDEX($AI$86:$AJ$145,MATCH($AI$1,$AI$86:$AI$145,0),2)) | CB16: =IF(Y16="","",Y16) | CC16: =IF(AC16="","",AC16) | CD16: =IF(CC16="","", INDEX($AL$86:$AM$145,MATCH($AI$1,$AL$86:$AL$145,0),2))
AH17: 8 | AJ17: =IF(AI17="","", SUMIFS($R$9:$R1035,$P$9:$P1035,$AI17)) | AK17: =IF( AI17="","",(IFERROR($AJ17/$AK$4,0))) | AP17: =IF(AO17="","",SUMIFS($AC$9:$AC1035,$AA$9:$AA1035,$AO17)) | AQ17: =IF( AO17="","",(IFERROR($AP17/$AL$4,0))) | BN17: =IF(BE17="","",BE17) | BO17: =IF(BI17="","",BI17) | BP17: =IF(BO17="","", INDEX($AI$86:$AJ$145,MATCH($AI$1,$AI$86:$AI$145,0),2)) | CB17: =IF(Y17="","",Y17) | CC17: =IF(AC17="","",AC17) | CD17: =IF(CC17="","", INDEX($AL$86:$AM$145,MATCH($AI$1,$AL$86:$AL$145,0),2))
AH18: 9 | AJ18: =IF(AI18="","", SUMIFS($R$9:$R1036,$P$9:$P1036,$AI18)) | AK18: =IF( AI18="","",(IFERROR($AJ18/$AK$4,0))) | AP18: =IF(AO18="","",SUMIFS($AC$9:$AC1036,$AA$9:$AA1036,$AO18)) | AQ18: =IF( AO18="","",(IFERROR($AP18/$AL$4,0))) | BN18: =IF(BE18="","",BE18) | BO18: =IF(BI18="","",BI18) | BP18: =IF(BO18="","", INDEX($AI$86:$AJ$145,MATCH($AI$1,$AI$86:$AI$145,0),2)) | CB18: =IF(Y18="","",Y18) | CC18: =IF(AC18="","",AC18) | CD18: =IF(CC18="","", INDEX($AL$86:$AM$145,MATCH($AI$1,$AL$86:$AL$145,0),2))
